Workbook

Sheet RESUM (2)
A1: UNIDAD ADMINISTRATIVA ESPECIAL DE AERONAUTICA CIVIL
A2: OBJETO:REALIZAR LA INTERVENTORIA INTEGRAL A ESTUDIOS, DISEÑOS Y MANTENIMIENTO DE LA PISTA, CALLE DE RODAJE Y PLATAFORMA DEL AEROPUERTO DE MONTELÍBANO, CÓRDOBA.
A3: =#REF! -> #REF!
A4: PROPONENTES | C4: REQUISITOS HABILITANTES | H4: REQUISITOS DE PONDERACION | K4: EVALUACION FINAL | L4: PUNTAJE TOTAL | M4: OBSERVACIONES
C5: EXPERIENCIA GENERAL DEL PROPONENTE MIN XXXXX SMMLV (811015 O 801016) | G5: EXPERIENCIA EQUIPO DE TRABAJO | H5: EXPERIENCIA PONDERABLE DEL PROPONENTE | I5: PERSONAL EN CONDICION DE DISCAPACIDAD | J5: APOYO A LA INDUSTRIA NACIONAL
C6: Contrato No.1 | D6: Contrato No.2 | E6: Contrato No.3 | F6: Contrato No.4 | G6: CARTA DE COMPROMISO DIRECTOR DE INTERVENTORIA Y RESIDENTE DE INTERVENTORIA | H6: PUNTAJE (MAX 89) | I6: PUNTAJE (MAX 1 PTO) | J6: PUNTAJE (MAX 10 PTS)
A7: 1 | B7: =+#REF! -> #REF! | C7: =+#REF! -> #REF! | D7: =+#REF! -> #REF! | E7: =+#REF! -> #REF! | F7: =+#REF! -> #REF! | G7: =+#REF! -> #REF! | H7: =+#REF! -> #REF! | I7: =+#REF! -> #REF! | J7: =+#REF!+#REF! -> #REF! | K7: =+#REF! -> #REF! | L7: =+H7+I7+J7 -> #REF! | M7: =+#REF! -> #REF!

Sheet SALARIOS
A2: 1980 | B2: 4500
A3: 1981 | B3: 5700
A4: 1982 | B4: 7410
A5: 1983 | B5: 9261
A6: 1984 | B6: 11298
A7: 1985 | B7: 13558
A8: 1986 | B8: 16811
A9: 1987 | B9: 20510
A10: 1988 | B10: 25637
A11: 1989 | B11: 32560
A12: 1990 | B12: 41025
A13: 1991 | B13: 51716
... A42: 2020 | B42: 877803

Sheet consideraciones

Sheet RESUMEN
A2: No. | B2: EVALUADOR RESPONSABLE | C2: PROPONENTE | D2: EXPERIENCIA GENERAL | E2: EXPERIENCIA ESPECIFICA | F2: TRATO NACIONAL | G2: DISCAPACIDAD | H2: FACTOR DE CALIDAD | I2: EMPRENDIMIENTO MUJER | J2: MIPYME | K2: CONSIDERACIONES PARA LA VALIDEZ DE LA EXPERIENCIA REQUERIDA | L2: TRATO NACIONAL | M2: DISCAPACIDAD | N2: FACTOR DE CALIDAD | O2: EMPRENDIMIENTO MUJER | P2: MIPYME | Q2: Obra Inconclusa | R2: Puntaje oferta economica | S2: Total
A3: 1 | B3: GUILLERMO LINARES | C3: UT LETICIA 40. | D3: {=INDIRECT("'"&A3&"'!"&"$O$23")} -> CUMPLE | E3: {=INDIRECT("'"&A3&"'!"&"$O$31")} -> CUMPLE | F3: =+'1'!$M$40 -> CUMPLE | G3: =+'1'!$M$49 -> CUMPLE | H3: =+'1'!$M$52 -> CUMPLE | I3: =+'1'!$M$54 -> CUMPLE | J3: =+'1'!$M$56 -> CUMPLE | K3: =+'1'!$O$23 -> CUMPLE | L3: =+'1'!$M$44 -> 20 | M3: =+'1'!$M$50 -> 1 | N3: =+'1'!$O$52 -> 19 | O3: =+'1'!$O$54 -> 0.25 | P3: =+'1'!$O$56 -> 0.25 | Q3: =+'1'!$O$58 -> 0 | R3: =+[1]RESUMEN!J3 -> 0 | S3: =+SUM(L3:R3) -> 40.5 | T3: =_xlfn.RANK.EQ(V3,$V$3:$V$20) -> 15 | V3: =IF(AND(D3="CUMPLE",E3="CUMPLE",F3="CUMPLE",G3="CUMPLE",H3="CUMPLE",I3="CUMPLE",J3="CUMPLE",K3="CUMPLE"),SUM(L3:R3),0) -> 40.5
A4: 2 | B4: SEBASTIAN GOMEZ | C4: CONSORCIO MANTENIMIENTOS LETICIA 1240. | D4: {=INDIRECT("'"&A4&"'!"&"$O$23")} -> CUMPLE | E4: {=INDIRECT("'"&A4&"'!"&"$O$31")} -> CUMPLE | F4: =+'2'!$M$40 -> CUMPLE | G4: =+'2'!$M$49 -> CUMPLE | H4: =+'2'!$M$52 -> CUMPLE | I4: =+'2'!$M$54 -> CUMPLE | J4: =+'2'!$M$56 -> CUMPLE | K4: =+'2'!$O$23 -> CUMPLE | L4: =+'2'!$M$44 -> 20 | M4: =+'2'!$M$50 -> 1 | N4: =+'2'!$O$52 -> 19 | O4: =+'2'!$O$54 -> 0.25 | P4: =+'2'!$O$56 -> 0.25 | Q4: =+'2'!$O$58 -> 0 | R4: =+[1]RESUMEN!J4 -> 58.046104 | S4: =+SUM(L4:R4) -> 98.546104 | T4: =_xlfn.RANK.EQ(V4,$V$3:$V$20) -> 7 | V4: =IF(AND(D4="CUMPLE",E4="CUMPLE",F4="CUMPLE",G4="CUMPLE",H4="CUMPLE",I4="CUMPLE",J4="CUMPLE",K4="CUMPLE"),SUM(L4:R4),0) -> 98.546104
A5: 3 | B5: MICHELL MORENO | C5: CONSORCIO KART | D5: {=INDIRECT("'"&A5&"'!"&"$O$23")} -> CUMPLE | E5: {=INDIRECT("'"&A5&"'!"&"$O$31")} -> CUMPLE | F5: =+'3'!$M$40 -> CUMPLE | G5: =+'3'!$M$49 -> CUMPLE | H5: =+'3'!$M$52 -> CUMPLE | I5: =+'3'!$M$54 -> CUMPLE | J5: =+'3'!$M$56 -> CUMPLE | K5: =+'3'!$O$23 -> CUMPLE | L5: =+'3'!$M$44 -> 20 | M5: =+'3'!$M$50 -> 1 | N5: =+'3'!$O$52 -> 19 | O5: =+'3'!$O$54 -> 0.25 | P5: =+'3'!$O$56 -> 0.25 | Q5: =+'3'!$O$58 -> 0 | R5: =+[1]RESUMEN!J5 -> 58.018297 | S5: =+SUM(L5:R5) -> 98.518297 | T5: =_xlfn.RANK.EQ(V5,$V$3:$V$20) -> 9 | V5: =IF(AND(D5="CUMPLE",E5="CUMPLE",F5="CUMPLE",G5="CUMPLE",H5="CUMPLE",I5="CUMPLE",J5="CUMPLE",K5="CUMPLE"),SUM(L5:R5),0) -> 98.518297
A6: 4 | B6: GUILLERMO LINARES | C6: CONSORCIO DISEÑO PISTA | D6: {=INDIRECT("'"&A6&"'!"&"$O$23")} -> CUMPLE | E6: {=INDIRECT("'"&A6&"'!"&"$O$31")} -> CUMPLE | F6: =+'4'!$M$40 -> CUMPLE | G6: =+'4'!$M$49 -> CUMPLE | H6: =+'4'!$M$52 -> CUMPLE | I6: =+'4'!$M$54 -> CUMPLE | J6: =+'4'!$M$56 -> CUMPLE | K6: =+'4'!$O$23 -> CUMPLE | L6: =+'4'!$M$44 -> 20 | M6: =+'4'!$M$50 -> 1 | N6: =+'4'!$O$52 -> 19 | O6: =+'4'!$O$54 -> 0.25 | P6: =+'4'!$O$56 -> 0.25 | Q6: =+'4'!$O$58 -> 0 | R6: =+[1]RESUMEN!J6 -> 58.410615 | S6: =+SUM(L6:R6) -> 98.910615 | T6: =_xlfn.RANK.EQ(V6,$V$3:$V$20) -> 5 | V6: =IF(AND(D6="CUMPLE",E6="CUMPLE",F6="CUMPLE",G6="CUMPLE",H6="CUMPLE",I6="CUMPLE",J6="CUMPLE",K6="CUMPLE"),SUM(L6:R6),0) -> 98.910615
A7: 5 | B7: SEBASTIAN GOMEZ | C7: Consorcio AERO MANTENIMIENTO | D7: {=INDIRECT("'"&A7&"'!"&"$O$23")} -> CUMPLE | E7: {=INDIRECT("'"&A7&"'!"&"$O$32")} -> CUMPLE | F7: =+'5'!$M$41 -> CUMPLE | G7: =+'5'!$M$50 -> CUMPLE | H7: =+'5'!$M$53 -> CUMPLE | I7: =+'5'!$M$55 -> CUMPLE | J7: =+'5'!$M$57 -> CUMPLE | K7: =+'5'!$O$24 -> CUMPLE | L7: =+'5'!$M$45 -> 20 | M7: =+'5'!$M$51 -> 1 | N7: =+'5'!$O$53 -> 19 | O7: =+'5'!$O$55 -> 0.25 | P7: =+'5'!$O$57 -> 0.25 | Q7: =+'5'!$O$59 -> 0 | R7: =+[1]RESUMEN!J7 -> 57.206043 | S7: =+SUM(L7:R7) -> 97.706043 | T7: =_xlfn.RANK.EQ(V7,$V$3:$V$20) -> 13 | V7: =IF(AND(D7="CUMPLE",E7="CUMPLE",F7="CUMPLE",G7="CUMPLE",H7="CUMPLE",I7="CUMPLE",J7="CUMPLE",K7="CUMPLE"),SUM(L7:R7),0) -> 97.706043
A8: 6 | B8: MICHELL MORENO | C8: CONSORCIO INFRAESTRUCTURA MEJORADA 2025 | D8: {=INDIRECT("'"&A8&"'!"&"$O$23")} -> CUMPLE | E8: {=INDIRECT("'"&A8&"'!"&"$O$31")} -> CUMPLE | F8: =+'6'!$M$40 -> CUMPLE | G8: =+'6'!$M$49 -> CUMPLE | H8: =+'6'!$M$52 -> CUMPLE | I8: =+'6'!$M$54 -> CUMPLE | J8: =+'6'!$M$56 -> CUMPLE | K8: =+'6'!$O$23 -> CUMPLE | L8: =+'6'!$M$44 -> 20 | M8: =+'6'!M50 -> 1 | N8: =+'6'!O52 -> 19 | O8: =+'6'!O54 -> 0.25 | P8: =+'6'!O56 -> 0.25 | Q8: =+'6'!O58 -> 0 | R8: =+[1]RESUMEN!J8 -> 56.91556 | S8: =+SUM(L8:R8) -> 97.41556 | T8: =_xlfn.RANK.EQ(V8,$V$3:$V$20) -> 14 | V8: =IF(AND(D8="CUMPLE",E8="CUMPLE",F8="CUMPLE",G8="CUMPLE",H8="CUMPLE",I8="CUMPLE",J8="CUMPLE",K8="CUMPLE"),SUM(L8:R8),0) -> 97.41556
A9: 7 | B9: GUILLERMO LINARES | C9: CONSORCIO AEROCERIAS | D9: {=INDIRECT("'"&A9&"'!"&"$O$23")} -> CUMPLE | E9: {=INDIRECT("'"&A9&"'!"&"$O$31")} -> CUMPLE | F9: =+'7'!$M$40 -> CUMPLE | G9: =+'7'!$M$49 -> NO CUMPLE | H9: =+'7'!$M$52 -> CUMPLE | I9: =+'7'!$M$54 -> CUMPLE | J9: =+'7'!$M$56 -> CUMPLE | K9: =+'5'!$O$24 -> CUMPLE | L9: =+'7'!$M$44 -> 20 | M9: =+'7'!$M$50 -> 0 | N9: =+'7'!$O$52 -> 19 | O9: =+'7'!$O$54 -> 0.25 | P9: =+'7'!$O$56 -> 0.25 | Q9: =+'7'!$O$58 -> 0 | R9: =+[1]RESUMEN!J9 -> 58.609725 | S9: =+SUM(L9:R9) -> 98.109725 | T9: =_xlfn.RANK.EQ(V9,$V$3:$V$20) -> 17 | V9: =IF(AND(D9="CUMPLE",E9="CUMPLE",F9="CUMPLE",G9="CUMPLE",H9="CUMPLE",I9="CUMPLE",J9="CUMPLE",K9="CUMPLE"),SUM(L9:R9),0) -> 0
A10: 8 | B10: SEBASTIAN GOMEZ | C10: CONSORCIO OBRAS RJ | D10: {=INDIRECT("'"&A10&"'!"&"$O$23")} -> CUMPLE | E10: {=INDIRECT("'"&A10&"'!"&"$O$31")} -> CUMPLE | F10: =+'8'!$M$40 -> CUMPLE | G10: =+'8'!$M$49 -> CUMPLE | H10: =+'8'!$M$52 -> CUMPLE | I10: =+'8'!$M$54 -> CUMPLE | J10: =+'8'!$M$56 -> CUMPLE | K10: =+'8'!$O$23 -> CUMPLE | L10: =+'8'!$M$44 -> 20 | M10: =+'8'!$M$50 -> 1 | N10: =+'8'!$O$52 -> 19 | O10: =+'8'!$O$54 -> 0.25 | P10: =+'7'!$O$56 -> 0.25 | Q10: =+'8'!$O$58 -> 0 | R10: =+[1]RESUMEN!J10 -> 0 | S10: =+SUM(L10:R10) -> 40.5 | T10: =_xlfn.RANK.EQ(V10,$V$3:$V$20) -> 15 | V10: =IF(AND(D10="CUMPLE",E10="CUMPLE",F10="CUMPLE",G10="CUMPLE",H10="CUMPLE",I10="CUMPLE",J10="CUMPLE",K10="CUMPLE"),SUM(L10:R10),0) -> 40.5
A11: 9 | B11: MICHELL MORENO | C11: CONSORCIO PLOMERANS | D11: {=INDIRECT("'"&A11&"'!"&"$O$23")} -> CUMPLE | E11: {=INDIRECT("'"&A11&"'!"&"$O$31")} -> CUMPLE | F11: =+'9'!$M$40 -> CUMPLE | G11: =+'9'!$M$49 -> CUMPLE | H11: =+'9'!$M$52 -> CUMPLE | I11: =+'9'!$M$54 -> CUMPLE | J11: =+'9'!$M$56 -> CUMPLE | K11: =+'9'!$O$23 -> CUMPLE | L11: =+'9'!$M$44 -> 20 | M11: =+'9'!$M$50 -> 1 | N11: =+'9'!$O$52 -> 19 | O11: =+'9'!$O$54 -> 0.25 | P11: =+'7'!$O$56 -> 0.25 | Q11: =+'9'!$O$58 -> 0 | R11: =+[1]RESUMEN!J11 -> 57.591572 | S11: =+SUM(L11:R11) -> 98.091572 | T11: =_xlfn.RANK.EQ(V11,$V$3:$V$20) -> 12 | V11: =IF(AND(D11="CUMPLE",E11="CUMPLE",F11="CUMPLE",G11="CUMPLE",H11="CUMPLE",I11="CUMPLE",J11="CUMPLE",K11="CUMPLE"),SUM(L11:R11),0) -> 98.091572
A12: 10 | B12: GUILLERMO LINARES | C12: CONSORCIO TIERRA LETICIA 1240 | D12: {=INDIRECT("'"&A12&"'!"&"$O$23")} -> CUMPLE | E12: {=INDIRECT("'"&A12&"'!"&"$O$31")} -> CUMPLE | F12: =+'10'!$M$40 -> CUMPLE | G12: =+'10'!$M$49 -> CUMPLE | H12: =+'10'!$M$52 -> CUMPLE | I12: =+'10'!$M$54 -> CUMPLE | J12: =+'10'!$M$56 -> CUMPLE | K12: =+'10'!$O$23 -> CUMPLE | L12: =+'10'!$M$44 -> 20 | M12: =+'10'!$M$50 -> 1 | N12: =+'10'!$O$52 -> 19 | O12: =+'10'!$O$54 -> 0.25 | P12: =+'7'!$O$56 -> 0.25 | Q12: =+'10'!$O$58 -> 0 | R12: =+[1]RESUMEN!J12 -> 58.018694 | S12: =+SUM(L12:R12) -> 98.518694 | T12: =_xlfn.RANK.EQ(V12,$V$3:$V$20) -> 8 | V12: =IF(AND(D12="CUMPLE",E12="CUMPLE",F12="CUMPLE",G12="CUMPLE",H12="CUMPLE",I12="CUMPLE",J12="CUMPLE",K12="CUMPLE"),SUM(L12:R12),0) -> 98.518694
A13: 11 | B13: SEBASTIAN GOMEZ | C13: CONSORCIO SC AMAZON | D13: {=INDIRECT("'"&A13&"'!"&"$O$23")} -> CUMPLE | E13: {=INDIRECT("'"&A13&"'!"&"$O$31")} -> CUMPLE | F13: =+'11'!$M$40 -> CUMPLE | G13: =+'11'!$M$49 -> CUMPLE | H13: =+'11'!$M$52 -> CUMPLE | I13: =+'11'!$M$54 -> CUMPLE | J13: =+'11'!$M$56 -> CUMPLE | K13: =+'11'!$O$23 -> CUMPLE | L13: =+'11'!$M$44 -> 20 | M13: =+'11'!$M$50 -> 1 | N13: =+'11'!$O$52 -> 19 | O13: =+'11'!$O$54 -> 0.25 | P13: =+'11'!$O$56 -> 0.25 | Q13: =+'11'!$O$58 -> 0 | R13: =+[1]RESUMEN!J13 -> 58.399495 | S13: =+SUM(L13:R13) -> 98.899495 | T13: =_xlfn.RANK.EQ(V13,$V$3:$V$20) -> 6 | V13: =IF(AND(D13="CUMPLE",E13="CUMPLE",F13="CUMPLE",G13="CUMPLE",H13="CUMPLE",I13="CUMPLE",J13="CUMPLE",K13="CUMPLE"),SUM(L13:R13),0) -> 98.899495
A14: 12 | B14: MICHELL MORENO | C14: H.A.H CONSTRUCCIONES S.A.S | D14: {=INDIRECT("'"&A14&"'!"&"$O$23")} -> CUMPLE | E14: {=INDIRECT("'"&A14&"'!"&"$O$31")} -> CUMPLE | F14: =+'12'!$M$40 -> CUMPLE | G14: =+'12'!$M$49 -> CUMPLE | H14: =+'12'!$M$52 -> CUMPLE | I14: =+'12'!$M$54 -> CUMPLE | J14: =+'12'!$M$56 -> CUMPLE | K14: =+'12'!$O$23 -> CUMPLE | L14: =+'12'!$M$44 -> 20 | M14: =+'12'!$M$50 -> 1 | N14: =+'12'!$O$52 -> 19 | O14: =+'12'!$O$54 -> 0.25 | P14: =+'12'!$O$56 -> 0.25 | Q14: =+'12'!$O$58 -> 0 | R14: =+[1]RESUMEN!J14 -> 57.909914 | S14: =+SUM(L14:R14) -> 98.409914 | T14: =_xlfn.RANK.EQ(V14,$V$3:$V$20) -> 11 | V14: =IF(AND(D14="CUMPLE",E14="CUMPLE",F14="CUMPLE",G14="CUMPLE",H14="CUMPLE",I14="CUMPLE",J14="CUMPLE",K14="CUMPLE"),SUM(L14:R14),0) -> 98.409914
A15: 13 | B15: GUILLERMO LINARES | C15: CONSORCIO ALFA | D15: {=INDIRECT("'"&A15&"'!"&"$O$23")} -> CUMPLE | E15: {=INDIRECT("'"&A15&"'!"&"$O$31")} -> CUMPLE | F15: =+'13'!$M$40 -> CUMPLE | G15: =+'13'!$M$49 -> CUMPLE | H15: =+'13'!$M$52 -> CUMPLE | I15: =+'13'!$M$54 -> CUMPLE | J15: =+'13'!$M$56 -> CUMPLE | K15: =+'13'!$O$23 -> CUMPLE | L15: =+'13'!$M$44 -> 20 | M15: =+'13'!$M$50 -> 1 | N15: =+'13'!$O$52 -> 19 | O15: =+'13'!$O$54 -> 0.25 | P15: =+'13'!$O$56 -> 0.25 | Q15: =+'13'!$O$58 -> 0 | R15: =+[1]RESUMEN!J15 -> 58.431159 | S15: =+SUM(L15:R15) -> 98.931159 | T15: =_xlfn.RANK.EQ(V15,$V$3:$V$20) -> 4 | V15: =IF(AND(D15="CUMPLE",E15="CUMPLE",F15="CUMPLE",G15="CUMPLE",H15="CUMPLE",I15="CUMPLE",J15="CUMPLE",K15="CUMPLE"),SUM(L15:R15),0) -> 98.931159
A16: 14 | B16: SEBASTIAN GOMEZ | C16: GRU S.A.S | D16: {=INDIRECT("'"&A16&"'!"&"$O$23")} -> CUMPLE | E16: {=INDIRECT("'"&A16&"'!"&"$O$31")} -> CUMPLE | F16: =+'14'!$M$40 -> CUMPLE | G16: =+'14'!$M$49 -> CUMPLE | H16: =+'14'!$M$52 -> CUMPLE | I16: =+'14'!$M$54 -> CUMPLE | J16: =+'14'!$M$56 -> CUMPLE | K16: =+'14'!$O$23 -> CUMPLE | L16: =+'14'!$M$44 -> 20 | M16: =+'14'!$M$50 -> 1 | N16: =+'14'!$O$52 -> 19 | O16: =+'14'!$O$54 -> 0.25 | P16: =+'14'!$O$56 -> 0.25 | Q16: =+'14'!$O$58 -> 0 | R16: =+[1]RESUMEN!J16 -> 57.950369 | S16: =+SUM(L16:R16) -> 98.450369 | T16: =_xlfn.RANK.EQ(V16,$V$3:$V$20) -> 10 | V16: =IF(AND(D16="CUMPLE",E16="CUMPLE",F16="CUMPLE",G16="CUMPLE",H16="CUMPLE",I16="CUMPLE",J16="CUMPLE",K16="CUMPLE"),SUM(L16:R16),0) -> 98.450369
A17: 15 | B17: MICHELL MORENO | C17: CONSORCIO CRC 20-24 | D17: {=INDIRECT("'"&A17&"'!"&"$O$23")} -> CUMPLE | E17: {=INDIRECT("'"&A17&"'!"&"$O$31")} -> NO CUMPLE | F17: =+'15'!$M$40 -> CUMPLE | G17: =+'15'!$M$49 -> CUMPLE | H17: =+'15'!$M$52 -> CUMPLE | I17: =+'15'!$M$54 -> CUMPLE | J17: =+'15'!$M$56 -> CUMPLE | K17: =+'15'!$O$23 -> CUMPLE | L17: =+'15'!$M$44 -> 20 | M17: =+'15'!$M$50 -> 1 | N17: =+'15'!$O$52 -> 19 | O17: =+'15'!$O$54 -> 0.25 | P17: =+'15'!$O$56 -> 0.25 | Q17: =+'14'!$O$58 -> 0 | R17: =+[1]RESUMEN!J17 -> 0 | S17: =+SUM(L17:R17) -> 40.5 | T17: =_xlfn.RANK.EQ(V17,$V$3:$V$20) -> 17 | V17: =IF(AND(D17="CUMPLE",E17="CUMPLE",F17="CUMPLE",G17="CUMPLE",H17="CUMPLE",I17="CUMPLE",J17="CUMPLE",K17="CUMPLE"),SUM(L17:R17),0) -> 0
A18: 16 | B18: GUILLERMO LINARES | C18: CONSORCIO INFRAESTRUCTURA DBC | D18: {=INDIRECT("'"&A18&"'!"&"$O$23")} -> CUMPLE | E18: {=INDIRECT("'"&A18&"'!"&"$O$31")} -> CUMPLE | F18: =+'16'!$M$40 -> CUMPLE | G18: =+'16'!$M$49 -> CUMPLE | H18: =+'16'!$M$52 -> CUMPLE | I18: =+'16'!$M$54 -> CUMPLE | J18: =+'16'!$M$56 -> CUMPLE | K18: =+'16'!$O$23 -> CUMPLE | L18: =+'16'!$M$44 -> 20 | M18: =+'16'!$M$50 -> 1 | N18: =+'16'!$O$52 -> 19 | O18: =+'16'!$O$54 -> 0.25 | P18: =+'16'!$O$56 -> 0.25 | Q18: =+'16'!$O$58 -> 0 | R18: =+[1]RESUMEN!J18 -> 58.471683 | S18: =+SUM(L18:R18) -> 98.971683 | T18: =_xlfn.RANK.EQ(V18,$V$3:$V$20) -> 3 | V18: =IF(AND(D18="CUMPLE",E18="CUMPLE",F18="CUMPLE",G18="CUMPLE",H18="CUMPLE",I18="CUMPLE",J18="CUMPLE",K18="CUMPLE"),SUM(L18:R18),0) -> 98.971683
A19: 17 | B19: SEBASTIAN GOMEZ | C19: CONSORCIO ECO OBRAS COINCO | D19: {=INDIRECT("'"&A19&"'!"&"$O$23")} -> CUMPLE | E19: {=INDIRECT("'"&A19&"'!"&"$O$31")} -> CUMPLE | F19: =+'17'!$M$40 -> CUMPLE | G19: =+'17'!$M$49 -> CUMPLE | H19: =+'17'!$M$52 -> CUMPLE | I19: =+'17'!$M$54 -> CUMPLE | J19: =+'17'!$M$56 -> CUMPLE | K19: =+'17'!$O$23 -> CUMPLE | L19: =+'17'!$M$44 -> 20 | M19: =+'17'!$M$50 -> 1 | N19: =+'17'!$O$52 -> 19 | O19: =+'17'!$O$54 -> 0.25 | P19: =+'17'!$O$56 -> 0.25 | Q19: =+'17'!$O$58 -> 0 | R19: =+[1]RESUMEN!J19 -> 58.897689 | S19: =+SUM(L19:R19) -> 99.397689 | T19: =_xlfn.RANK.EQ(V19,$V$3:$V$20) -> 2 | V19: =IF(AND(D19="CUMPLE",E19="CUMPLE",F19="CUMPLE",G19="CUMPLE",H19="CUMPLE",I19="CUMPLE",J19="CUMPLE",K19="CUMPLE"),SUM(L19:R19),0) -> 99.397689
A20: 18 | B20: MICHELL MORENO | C20: CONSORCIO OBRAS LA SABANA | D20: {=INDIRECT("'"&A20&"'!"&"$O$23")} -> CUMPLE | E20: {=INDIRECT("'"&A20&"'!"&"$O$31")} -> CUMPLE | F20: =+'18'!$M$40 -> CUMPLE | G20: =+'18'!$M$49 -> CUMPLE | H20: =+'18'!$M$52 -> CUMPLE | I20: =+'18'!$M$54 -> CUMPLE | J20: =+'18'!$M$56 -> CUMPLE | K20: =+'18'!$O$23 -> CUMPLE | L20: =+'18'!$M$44 -> 20 | M20: =+'18'!$M$50 -> 1 | N20: =+'18'!$O$52 -> 19 | O20: =+'18'!$O$54 -> 0.25 | P20: =+'18'!$O$56 -> 0.25 | Q20: =+'18'!$O$58 -> 0 | R20: =+[1]RESUMEN!J20 -> 59.5 | S20: =+SUM(L20:R20) -> 100 | T20: =_xlfn.RANK.EQ(V20,$V$3:$V$20) -> 1 | V20: =IF(AND(D20="CUMPLE",E20="CUMPLE",F20="CUMPLE",G20="CUMPLE",H20="CUMPLE",I20="CUMPLE",J20="CUMPLE",K20="CUMPLE"),SUM(L20:R20),0) -> 100
C22: PROPONENTE CON EL MAYOR PUNTAJE
C23: Maximo Putaje | D23: Consorcio con el mayor puntaje | F23: No. De proponente
C24: {=MAX(IF(ISERROR(V3:V20),0,V3:V20))} -> 100 | D24: =_xlfn.XLOOKUP(C24,V3:V20,C3:C20) -> CONSORCIO OBRAS LA SABANA | F24: =+_xlfn.XLOOKUP(D24,C3:C20,A3:A20) -> 18
C27: ORDEN | D27: NOMBRE DEL CONSORCIO O UT O EMPRESA | F27: No. De proponente | G27: PUNTAJE
C28: 1 | D28: =_xlfn.XLOOKUP(C28,$T$3:$T$20,$C$3:$C$20) -> CONSORCIO OBRAS LA SABANA | F28: =+_xlfn.XLOOKUP(C28,$T$3:$T$20,$A$3:$A$20) -> 18 | G28: =+_xlfn.XLOOKUP(C28,$T$3:$T$20,$V$3:$V$20) -> 100
C29: 2 | D29: =_xlfn.XLOOKUP(C29,$T$3:$T$20,$C$3:$C$20) -> CONSORCIO ECO OBRAS COINCO | F29: =+_xlfn.XLOOKUP(C29,$T$3:$T$20,$A$3:$A$20) -> 17 | G29: =+_xlfn.XLOOKUP(C29,$T$3:$T$20,$V$3:$V$20) -> 99.397689
C30: 3 | D30: =_xlfn.XLOOKUP(C30,$T$3:$T$20,$C$3:$C$20) -> CONSORCIO INFRAESTRUCTURA DBC | F30: =+_xlfn.XLOOKUP(C30,$T$3:$T$20,$A$3:$A$20) -> 16 | G30: =+_xlfn.XLOOKUP(C30,$T$3:$T$20,$V$3:$V$20) -> 98.971683
C31: 4 | D31: =_xlfn.XLOOKUP(C31,$T$3:$T$20,$C$3:$C$20) -> CONSORCIO ALFA | F31: =+_xlfn.XLOOKUP(C31,$T$3:$T$20,$A$3:$A$20) -> 13 | G31: =+_xlfn.XLOOKUP(C31,$T$3:$T$20,$V$3:$V$20) -> 98.931159
C32: 5 | D32: =_xlfn.XLOOKUP(C32,$T$3:$T$20,$C$3:$C$20) -> CONSORCIO DISEÑO PISTA | F32: =+_xlfn.XLOOKUP(C32,$T$3:$T$20,$A$3:$A$20) -> 4 | G32: =+_xlfn.XLOOKUP(C32,$T$3:$T$20,$V$3:$V$20) -> 98.910615
C33: 6 | D33: =_xlfn.XLOOKUP(C33,$T$3:$T$20,$C$3:$C$20) -> CONSORCIO SC AMAZON | F33: =+_xlfn.XLOOKUP(C33,$T$3:$T$20,$A$3:$A$20) -> 11 | G33: =+_xlfn.XLOOKUP(C33,$T$3:$T$20,$V$3:$V$20) -> 98.899495
C34: 7 | D34: =_xlfn.XLOOKUP(C34,$T$3:$T$20,$C$3:$C$20) -> CONSORCIO MANTENIMIENTOS LETICIA 1240. | F34: =+_xlfn.XLOOKUP(C34,$T$3:$T$20,$A$3:$A$20) -> 2 | G34: =+_xlfn.XLOOKUP(C34,$T$3:$T$20,$V$3:$V$20) -> 98.546104
C35: 8 | D35: =_xlfn.XLOOKUP(C35,$T$3:$T$20,$C$3:$C$20) -> CONSORCIO TIERRA LETICIA 1240 | F35: =+_xlfn.XLOOKUP(C35,$T$3:$T$20,$A$3:$A$20) -> 10 | G35: =+_xlfn.XLOOKUP(C35,$T$3:$T$20,$V$3:$V$20) -> 98.518694
C36: 9 | D36: =_xlfn.XLOOKUP(C36,$T$3:$T$20,$C$3:$C$20) -> CONSORCIO KART | F36: =+_xlfn.XLOOKUP(C36,$T$3:$T$20,$A$3:$A$20) -> 3 | G36: =+_xlfn.XLOOKUP(C36,$T$3:$T$20,$V$3:$V$20) -> 98.518297
C37: 10 | D37: =_xlfn.XLOOKUP(C37,$T$3:$T$20,$C$3:$C$20) -> GRU S.A.S | F37: =+_xlfn.XLOOKUP(C37,$T$3:$T$20,$A$3:$A$20) -> 14 | G37: =+_xlfn.XLOOKUP(C37,$T$3:$T$20,$V$3:$V$20) -> 98.450369
C38: 11 | D38: =_xlfn.XLOOKUP(C38,$T$3:$T$20,$C$3:$C$20) -> H.A.H CONSTRUCCIONES S.A.S | F38: =+_xlfn.XLOOKUP(C38,$T$3:$T$20,$A$3:$A$20) -> 12 | G38: =+_xlfn.XLOOKUP(C38,$T$3:$T$20,$V$3:$V$20) -> 98.409914
C39: 12 | D39: =_xlfn.XLOOKUP(C39,$T$3:$T$20,$C$3:$C$20) -> CONSORCIO PLOMERANS | F39: =+_xlfn.XLOOKUP(C39,$T$3:$T$20,$A$3:$A$20) -> 9 | G39: =+_xlfn.XLOOKUP(C39,$T$3:$T$20,$V$3:$V$20) -> 98.091572
... C45: 18 | D45: =_xlfn.XLOOKUP(C45,$T$3:$T$20,$C$3:$C$20) -> #N/A | F45: =+_xlfn.XLOOKUP(C45,$T$3:$T$20,$A$3:$A$20) -> #N/A | G45: =+_xlfn.XLOOKUP(C45,$T$3:$T$20,$V$3:$V$20) -> #N/A

Sheet 1
A1: UNIDAD ADMINISTRATIVA ESPECIAL DE AERONAUTICA CIVIL | U1: 1 | V1: 20 | W1: 5
A2: 24001240 H4 2024 | Q2: SI | R2: CUMPLE | U2: 0 | V2: 5 | W2: 0
A3: REALIZAR EL MANTENIMIENTO DE LA INFRAESTRUCTURA FISICA LADO TIERRA, INCLUYENDO SISTEMAS AEROPORTUARIOS DEL AEROPUERTO VASQUEZ COBO DE LA CIUDAD DE LETICIA (VF) | Q3: NO | R3: NO CUMPLE | V3: 0
A4: 1 | B4: =_xlfn.XLOOKUP(A4,RESUMEN!$A$3:$A$19,RESUMEN!$C$3:$C$19) -> UT LETICIA 40. | F4: % PO | I4: APORTANTE DE LA EXPERIENCIA - GENERAL | P4: =+I4 -> APORTANTE DE LA EXPERIENCIA - GENERAL | R4: 10
I5: VIACOL INGENIEROS CONTRATISTAS S.A.S. NIT. 900.034.836-1 | O5: 0.4 | P5: =+I7 -> INTERBEST S.A.S. NIT. 901.458.192-0 | R5: 0
I6: INVERSIONES 3 PALOS S.A.S. NIT. 901.301.657-9 | O6: 0.5 | P6: =+I6 -> INVERSIONES 3 PALOS S.A.S. NIT. 901.301.657-9
I7: INTERBEST S.A.S. NIT. 901.458.192-0 | O7: 0.1 | P7: =+#REF! -> #REF!
F8: De 1 hasta 2 | H8: 0.75 | P8: =+I8 -> 0
F9: De 3 hasta 4 | H9: 1.2 | P9: =+I9 -> 0
F10: Hasta 5 | H10: 1.5 | I10: TOTAL | O10: =+SUM(O5:O9) -> 1
A11: CODIGOS | B11: 72121100 72151500 72103300 72121400 | C11: PRESUPUESTO A EVALUAR (P.O) | I11: 3108041163 | J11: PO SMMLV | M11: =I11/W13 -> 2390.8009 | R11: Registro Nacional de Obras Civiles Inconclusas
A13: REQUISITOS HABILITANTES (CUMPLE /NO CUMPLE) | V13: 2024 | W13: 1300000
A14: EXPERIENCIA GENERAL PROPONENTE
A15: OBRAS DE CONSTRUCCCION O RECONSTRUCCIÓN O AMPLIACIÓN O CONSERVACIÓN O ADECUACIÓN O MANTENIMIENTO O REFORZAMIENTO ESTRUCTURAL O REHABILITACIÓN ESTRUCTURAL DE: EDIFICACIONES NO RESIDENCIALES. | V15: 2023 | W15: 1160000
A16: % PO | B16: CTO´S | C16: No. CONSECUTIVO EN EL RUP | D16: CONTRATANTE | E16: INFO DEL CONTRATO | F16: PRESENTA DOCUMENTOS ENLISTADOS | G16: CUMPLE CODIGOS 72121100 72151500 72103300 72121400 | H16: CUMPLE EXPERIENCIA? | I16: QUIEN APORTA LA EXPERIENCIA? | J16: AÑO DE TERMINACION DEL CONTRATO | K16: VALOR TOTAL EN PESOS | L16: VALOR TOTAL SMMLV - RUP | M16: % PARTICIPACION | N16: VALOR TOTAL AFECTADO | O16: CUMPLE / NO CUMPLE | V16: 2022 | W16: 1000000
A17: =+M11*H9 -> 2868.9611 | B17: CTO 1 | C17: 84 | D17: AERONAUTICA CIVIL | E17: 21000893 H3 DE 2021 REALIZAR ESTUDIOS, DISEÑOS, Y CONSTRUCCION DE: PLATAFORMA ASISTENCIA EN TIERRA DE AERONAVES, VÌA INTERNA; ADECUACIONES Y MANTENIMIENTO LADO AIRE Y LADO TIERRA DEL AEROPUERTO EL EDÈN DE ARMENIA | F17: SI | G17: SI | H17: SI | I17: VIACOL INGENIEROS E INVERSIONES 3 PALOS | J17: 16/12/2022 | K17: 3910088227 | L17: 3910.08 | M17: 0.95 | N17: =L17*M17 -> 3714.576 | O17: =+IF(AND(H17="SI",G17="SI"),"CUMPLE","NO CUMPLE") -> CUMPLE | R17: =+N17/A17 -> 1.294746 | V17: 2021 | W17: 908526
B18: CTO 2 | C18: 7 | D18: AERONAUTICA CIVIL | E18: 800317 - OH - 2008 Mantenimiento del cerramiento pista y torre de control del aeropuerto de san vicente del Caguan | F18: SI | G18: SI | H18: SI | I18: VIACOL INGENIEROS E INTERBEST | J18: 18/08/2009 | K18: 343025600 | L18: 690.32 | M18: 1 | N18: =L18*M18 -> 690.32 | O18: =+IF(AND(H18="SI",G18="SI"),"CUMPLE","NO CUMPLE") -> CUMPLE | R18: =+N18/A17 -> 0.24061672
B19: CTO 3 | C19: 53 | D19: AERONAUTICA CIVIL | E19: 6000394 - OJ - 2006 Ampliación, Mantenimiento y Mejoramiento de la infraestructura aeroportuaria Aeropuerto de Tumaco - Nariño. | F19: SI | G19: SI | H19: SI | I19: VIACOL INGENIEROS E INTERBEST | J19: 20/06/2007 | K19: 1040819466 | L19: 2399.86 | M19: 0.98 | N19: =L19*M19 -> 2351.8628 | O19: =+IF(AND(H19="SI",G19="SI"),"CUMPLE","NO CUMPLE") -> CUMPLE | V19: 2020 | W19: 877803
B20: CTO 4 | N20: =IF(AND(G20="SI",H20="SI"),(L20*M20),0) -> 0 | O20: =+IF(AND(H20="SI",G20="SI"),"CUMPLE","NO CUMPLE") -> NO CUMPLE | V20: 2019 | W20: 828116
B21: CTO 5 | N21: =IF(AND(G21="SI",H21="SI"),(L21*M21),0) -> 0 | O21: =+IF(AND(H21="SI",G21="SI"),"CUMPLE","NO CUMPLE") -> NO CUMPLE | V21: 2018 | W21: 781242
B22: CTO 6 | N22: =IF(AND(G22="SI",H22="SI"),(L22*M22),0) -> 0 | O22: =+IF(AND(H22="SI",G22="SI"),"CUMPLE","NO CUMPLE") -> NO CUMPLE | V22: 2017 | W22: 737717
N23: =SUM(N17:N22) -> 6756.7588 | O23: =+IF(OR(O18="CUMPLE",O22="CUMPLE",O21="CUMPLE",O20="CUMPLE",O19="CUMPLE",O17="CUMPLE")*AND(N23>=A17),"CUMPLE","NO CUMPLE") -> CUMPLE | V23: 2015 | W23: 644350
A24: EVALUACION EXPERIENCIA GENERAL PROPONENTE | V24: 2014 | W24: 616000
A25: EXPERIENCIA ESPECIFICA PROPONENTE | T25: =1949500000+6451200000 -> 8400700000 | V25: 2007 | W25: 433700
A26: El valor del contrato en SMMLV de uno (1) de los contratos válidos aportados para la acreditación de la experiencia general, deberá ser igual o mayor al 50% del valor del PRESUPUESTO OFICIAL (PO) del presente Proceso de Contratación. Por lo menos uno (1) de los contratos válidos aportados como experiencia general deberá acreditar la CONSTRUCCCION O RECONSTRUCCIÓN O AMPLIACIÓN O CONSERVACIÓN O ADECUACIÓN O MANTENIMIENTO O REFORZAMIENTO ESTRUCTURAL O REHABILITACIÓN ESTRUCTURAL DE UNA TORRE DE CONTROL AEROPORTUARIA | S26: =+T26*0.9 -> 17432.857 | T26: =+T25/W25 -> 19369.841 | V26: 2023 | W26: 1160000
A27: 50% PO | B27: CTO´S | C27: No. CONSECUTIVO EN EL RUP | D27: CONTRATANTE | F27: PRESENTA DOCUMENTOS ENLISTADOS | G27: CUMPLE CODIGOS 72121100 72151500 72103300 72121400 | H27: CUMPLE EXPERIENCIA? | I27: QUIEN APORTA LA EXPERIENCIA? | J27: AÑO DE TERMINACION DEL CONTRATO | K27: VALOR TOTAL EN PESOS (2007) | L27: VALOR TOTAL SMMLV - RUP | M27: % PARTICIPACION | N27: VALOR TOTAL AFECTADO | O27: CUMPLE / NO CUMPLE | R27: =#REF!/2 -> #REF! | S27: 50% PO | V27: 2022 | W27: 1000000
A28: =A17*50% -> 1434.4805 | B28: CTO 1 | C28: 7 | D28: AERONAUTICA CIVIL | E28: 800317 - OH - 2008 Mantenimiento del cerramiento pista y torre de control del aeropuerto de san vicente del Caguan | F28: SI | G28: SI | H28: SI | I28: VIACOL INGENIEROS E INTERBEST | J28: 18/08/2009 | K28: 343025600 | L28: 690.32 | M28: 1 | N28: =L28*M28 -> 690.32 | O28: =+IF(AND(H28="SI",G28="SI"),"CUMPLE","NO CUMPLE") -> CUMPLE
B29: CTO 2 | C29: 53 | D29: AERONAUTICA CIVIL | E29: 6000394 - OJ - 2006 Ampliación, Mantenimiento y Mejoramiento de la infraestructura aeroportuaria Aeropuerto de Tumaco - Nariño. | F29: SI | G29: SI | H29: SI | I29: VIACOL INGENIEROS E INTERBEST | J29: 20/06/2007 | K29: 1040819466 | L29: 2399.86 | M29: 0.98 | N29: =L29*M29 -> 2351.8628 | O29: =+IF(AND(H29="SI",G29="SI"),"CUMPLE","NO CUMPLE") -> CUMPLE | R29: =+IF(OR(O29="CUMPLE")*AND(N29>=$R$16),"CUMPLE","NO CUMPLE") -> CUMPLE | V29: 2021 | W29: 908526
V30: 2015 | W30: 644350
A31: EVALUACION OFERTA ECONOMICA | N31: =SUM(N29) -> 2351.8628 | O31: =+IF(AND(O29="CUMPLE",O28="CUMPLE")*AND(N31>=A28),"CUMPLE","NO CUMPLE") -> CUMPLE | V31: 2014 | W31: 616000
L33: PUNTAJE ASIGNADO | N33: 0 | O33: =O31 -> CUMPLE | V33: 2014 | W33: 616000
V34: 2012 | W34: 566700
V35: 2011 | W35: 535600
V36: 2010 | W36: 515000
V37: 2002 | W37: 309000
A38: EVALUACIÓN APOYO A LA INDUSTRIA NACIONAL( MAX 20 PUNTOS) NUMERAL 4.3. | V38: 2001 | W38: 286000
A39: SERVICIOS NACIONALES | C39: Para que el proponente obtenga puntaje por servicios nacionales debe presentar: A. Persona natural colombiana: La cédula de ciudadanía del proponente. B. Persona natural extranjera residente en Colombia: La visa de residencia que le permita la ejecución del objeto contractual de conformidad con la ley. C. Persona jurídica constituida en Colombia: el certificado de existencia y representación legal emitido por las Cámaras de Comercio. | M39: PUNTAJE ASIGNADO | V39: 2000 | W39: 260100
M40: CUMPLE | V40: 1999 | W40: 236438
V41: 1998 | W41: 203825
V42: 1997 | W42: 172005
A43: PROPONENTE EXTRANJERO PUNTAJE POR TRATO NACIONAL | C43: Para que el proponente extranjero obtenga puntaje por trato nacional debe acreditar que los servicios son originarios de los estados mencionados en la sección de acuerdos comerciales aplicables al presente proceso de contratación, información que se acreditará con los documentos que aporte el proponente extranjero para acreditar su domicilio. Para asignar el puntaje por servicios nacionales o por trato nacional el proponente nacional o extranjero con trato nacional no deben presentar el Formato 7 – Puntaje de Industria Nacional. Únicamente deberán presentar los documentos señalados en esta sección. | V43: 1996 | W43: 142125
M44: 20 | V44: 1996 | W44: 142125
C45: NOTA: La entidad asignará veinte (20) puntos a un proponente plural cuando todos sus integrantes cumplan con las anteriores condiciones. Cuando uno de sus integrantes no cumpla con las condiciones descritas no obtendrá puntaje por servicios nacionales o trato Nacional. El Formato 7 – Puntaje de Industria Nacional únicamente debe ser aportado por los proponentes extranjeros sin derecho a trato nacional que opten por incorporar personal calificado. En el evento que un proponente nacional o extranjero con trato nacional lo presente, no será una razón para no otorgar el puntaje de promoción de servicios nacionales o con trato nacional. | V45: 1996 | W45: 142125
V46: 2009 | W46: 496900
A47: EVALUACIÓN VINCULACIÓN DE PERSONAS CON DISCAPACIDAD. (MAX 1 PUNTO) NUMERAL 4.4. | V47: 2005 | W47: 381500
A48: La entidad asignará un (1) punto al proponente que acredite el número mínimo de personas con discapacidad de acuerdo con el número total de trabajadores de la planta de su personal en los términos señalados en el artículo 2.2.1.2.4.2.6. del Decreto 1082 de 2015 (adicionado por el Decreto 392 de 2018). | M48: PUNTAJE ASIGNADO | V48: 2004 | W48: 358000
A49: Para esto debe presentar: i) el Formato 6 – Vinculación de personas en condición de discapacidad suscrito por la persona natural, el representante legal o el revisor fiscal, según corresponda en el cual certifique el número total de trabajadores vinculados a la planta de personal del proponente o sus integrantes a la fecha de cierre del proceso de selección, ii) acreditar el número mínimo de personas con discapacidad en su planta de personal, de conformidad con lo señalado en el certificado expedido por el Ministerio de Trabajo, el cual deberá estar vigente a la fecha de cierre del proceso de selección. | M49: CUMPLE | V49: 2003 | W49: 332000
A50: Para los proponentes plurales, la entidad tendrá en cuenta la planta de personal del integrante del proponente plural que aporte como mínimo el cuarenta por ciento (40%) de la experiencia requerida para el proceso de contratación. Este porcentaje de experiencia se tomará sobre el “Valor mínimo a certificar (como % del presupuesto oficial expresado en SMMLV)” de conformidad con el numeral 3.8.1, sin importar si la experiencia es general o específica. | M50: 1 | V50: 2003 | W50: 332000
A51: FACTOR DE CALIDAD (19 PTS)
A52: (i) implementación del programa de gerencia de proyectos (19) La entidad asignará 19 puntos, al proponente que se comprometa a instaurar un programa de gerencia de proyectos mediante la suscripción del Formato 7A – Programa de gerencia de proyectos, en el cual bajo la gravedad de juramento conste el compromiso que en este sentido asume. | M52: CUMPLE | O52: 19
A53: EMPRENDIMIENTO MUJERES
A54: Para que el Proponente obtenga este puntaje debe diligenciar el Formato 12 – Acreditación de emprendimientos y empresas de mujeres y aportar la documentación requerida. Tratándose de Proponentes Plurales este puntaje solo se otorgará si por lo menos uno de los integrantes acredita la calidad de emprendimientos y empresas de mujeres y tiene una participación igual o superior al diez por ciento (10 %) en el Consorcio o en la Unión Temporal. | M54: CUMPLE | O54: 0.25
A55: MiPYME
A56: Así las cosas, para obtener el puntaje, el Proponente entregará copia del certificado del Registro Único de Proponentes, el cual deberá encontrarse vigente y en firme al momento de su presentación Tratándose de Proponentes Plurales este puntaje se otorgará si por lo menos uno de los integrantes acredita la calidad de Mipyme y tiene una participación igual o superior al diez por ciento (10 %) en el Consorcio o en la Unión Temporal | M56: CUMPLE | O56: 0.25
A57: OBRAS CIVILES INCONCLUSAS
A58: Las Entidades Estatales deben consultar y analizar las anotaciones vigentes que reposen en el Registro Nacional de Obras Civiles Inconclusas, de que trata la Ley 2020 de 2020. En el evento que las personas naturales o jurídicas, nacionales o extranjeras domiciliadas o con sucursal en Colombia, o integrantes de Proponentes Plurales, cuenten con alguna anotación vigente de obra civil inconclusa, en el mencionado registro, se descontará un (1) punto de la sumatoria obtenida en relación con el factor de calidad. En todo caso, no se descontará el puntaje en los términos previstos en el inciso anterior cuando el Proponente no oferte el factor de calidad, por lo que éste obtendrá cero (0) puntos en este criterio de evaluación. En esta circunstancia, la Entidad no podrá reducir el puntaje de la sumatoria obtenida en los demás factores de ponderación. | O58: 0
A59: CUMPLE / NO CUMPLE | I59: CUMPLE | V59: 1995 | W59: 118934
A60: EVALUACION FINAL | I60: CUMPLE | M60: =+O56+O54+O52+M50+M44+O58 -> 40.5 | V60: 1994 | W60: 98700
A61: Observaciones: no cumple oferta economica, la justificacion de precio artificialmente bajo, esta mal calculada. | V61: 1993 | W61: 81510
V62: 1992 | W62: 65190
V63: 1991 | W63: 51720
V64: 1990 | W64: 41025
A75: 3108041163 | B75: OBJETO | C75: REALIZAR EL MANTENIMIENTO DE LA INFRAESTRUCTURA FISICA LADO TIERRA, INCLUYENDO SISTEMAS AEROPORTUARIOS DEL AEROPUERTO VASQUEZ COBO DE LA CIUDAD DE LETICIA (VF)

Sheet 2
A1: UNIDAD ADMINISTRATIVA ESPECIAL DE AERONAUTICA CIVIL | U1: 1 | V1: 20 | W1: 5
A2: 24001240 H4 2024 | Q2: SI | R2: CUMPLE | U2: 0 | V2: 5 | W2: 0
A3: REALIZAR EL MANTENIMIENTO DE LA INFRAESTRUCTURA FISICA LADO TIERRA, INCLUYENDO SISTEMAS AEROPORTUARIOS DEL AEROPUERTO VASQUEZ COBO DE LA CIUDAD DE LETICIA (VF) | Q3: NO | R3: NO CUMPLE | V3: 0
A4: 2 | B4: =_xlfn.XLOOKUP(A4,RESUMEN!$A$3:$A$19,RESUMEN!$C$3:$C$19) -> CONSORCIO MANTENIMIENTOS LETICIA 1240. | F4: % PO | I4: APORTANTE DE LA EXPERIENCIA - GENERAL | P4: =+I4 -> APORTANTE DE LA EXPERIENCIA - GENERAL | R4: 10
I5: CONSTURCCIONES MEDIOS Y DISEÑOS ARQUITECTONICOS S.A.S - NIT: 830.089.986-0 | O5: 0.5 | P5: =+I7 -> 0 | R5: 0
I6: CONCREARK - NIT: 901.552.523-7 | O6: 0.5 | P6: =+I6 -> CONCREARK - NIT: 901.552.523-7
P7: =+#REF! -> #REF!
F8: De 1 hasta 2 | H8: 0.75 | P8: =+I8 -> 0
F9: De 3 hasta 4 | H9: 1.2 | P9: =+I9 -> 0
F10: Hasta 5 | H10: 1.5 | I10: TOTAL | O10: =+SUM(O5:O9) -> 1
A11: CODIGOS | B11: 72121100 72151500 72103300 72121400 | C11: PRESUPUESTO A EVALUAR (P.O) | I11: 3108041163 | J11: PO SMMLV | M11: =I11/W13 -> 2390.8009 | R11: Registro Nacional de Obras Civiles Inconclusas
A13: REQUISITOS HABILITANTES (CUMPLE /NO CUMPLE) | V13: 2024 | W13: 1300000
A14: EXPERIENCIA GENERAL PROPONENTE
A15: OBRAS DE CONSTRUCCCION O RECONSTRUCCIÓN O AMPLIACIÓN O CONSERVACIÓN O ADECUACIÓN O MANTENIMIENTO O REFORZAMIENTO ESTRUCTURAL O REHABILITACIÓN ESTRUCTURAL DE: EDIFICACIONES NO RESIDENCIALES. | V15: 2023 | W15: 1160000
A16: % PO | B16: CTO´S | C16: No. CONSECUTIVO EN EL RUP | D16: CONTRATANTE | E16: INFO DEL CONTRATO | F16: PRESENTA DOCUMENTOS ENLISTADOS | G16: CUMPLE CODIGOS 72121100 72151500 72103300 72121400 | H16: CUMPLE EXPERIENCIA? | I16: QUIEN APORTA LA EXPERIENCIA? | J16: AÑO DE TERMINACION DEL CONTRATO | K16: VALOR TOTAL EN PESOS | L16: VALOR TOTAL SMMLV - RUP | M16: % PARTICIPACION | N16: VALOR TOTAL AFECTADO | O16: CUMPLE / NO CUMPLE | V16: 2022 | W16: 1000000
A17: =+M11*H8 -> 1793.1007 | B17: CTO 1 | C17: Concreark construcciones S.A.S RUP 3 | D17: AEROCIVIL | E17: CONSTRUCCION DEL TERMINAL, TORRE DE CONTROL CUARTEL DE BOMBEROS, BODEGA DE CARGA Y PLATAFORMA DEL AEROPUERTO GUSTAVO ARTUNDUAGA PAREDES DE FLORENCIA 9000331-OK-2019 | F17: SI | G17: SI | H17: SI | I17: CONCREARK CONSTRUCCIONES S.A.S | J17: 27-01-2011 | K17: =L17*W35 -> 9580464660 | L17: 17887.35 | M17: 0.4 | N17: =L17*M17 -> 7154.94 | O17: =+IF(AND(H17="SI",G17="SI"),"CUMPLE","NO CUMPLE") -> CUMPLE | R17: =N17/A17 -> 3.9902612 | V17: 2021 | W17: 908526
B18: CTO 2 | C18: MEDIARQ RUP 4 | D18: SENA | E18: CONTRATAR LOS ESTUDIOS TECNICOS, DISEÑOS Y CONSTRUCCIÓN DE LA SEDE E FORMACIÓN DEL SENA EN EL MUNICIPIO E PUERTO GAITAN | F18: SI | G18: SI | H18: SI | I18: ONSTURCCIONES MEDIOS Y DISEÑOS ARQUITECTONICOS S.A.S 20% | J18: 18-09-15 | K18: =L18*W23 -> 2.6050897e+10 | L18: 40429.73 | M18: 0.8 | N18: =L18*M18 -> 32343.784 | O18: =+IF(AND(H18="SI",G18="SI"),"CUMPLE","NO CUMPLE") -> CUMPLE | R18: =+(N18+N19)/A17 -> 18.037907
C19: Concreark construcciones S.A.S RUP 29 | I19: Concreark construcciones S.A.S 60% | V19: 2020 | W19: 877803
B20: CTO 4 | R20: =N20/A17 -> 0 | V20: 2019 | W20: 828116
B21: CTO 5 | V21: 2018 | W21: 781242
B22: CTO 6 | V22: 2017 | W22: 737717
N23: =SUM(N17:N22) -> 39498.724 | O23: =+IF(OR(O18="CUMPLE",O22="CUMPLE",O21="CUMPLE",O20="CUMPLE",O19="CUMPLE",O17="CUMPLE")*AND(N23>=A17),"CUMPLE","NO CUMPLE") -> CUMPLE | V23: 2015 | W23: 644350
A24: EVALUACION EXPERIENCIA GENERAL PROPONENTE | V24: 2014 | W24: 616000
A25: EXPERIENCIA ESPECIFICA PROPONENTE | V25: 2007 | W25: 433700
A26: El valor del contrato en SMMLV de uno (1) de los contratos válidos aportados para la acreditación de la experiencia general, deberá ser igual o mayor al 50% del valor del PRESUPUESTO OFICIAL (PO) del presente Proceso de Contratación. Por lo menos uno (1) de los contratos válidos aportados como experiencia general deberá acreditar la CONSTRUCCCION O RECONSTRUCCIÓN O AMPLIACIÓN O CONSERVACIÓN O ADECUACIÓN O MANTENIMIENTO O REFORZAMIENTO ESTRUCTURAL O REHABILITACIÓN ESTRUCTURAL DE UNA TORRE DE CONTROL AEROPORTUARIA | V26: 2023 | W26: 1160000
A27: 50% PO | B27: CTO´S | C27: No. CONSECUTIVO EN EL RUP | D27: CONTRATANTE | F27: PRESENTA DOCUMENTOS ENLISTADOS | G27: CUMPLE CODIGOS 72121100 72151500 72103300 72121400 | H27: CUMPLE EXPERIENCIA? | I27: QUIEN APORTA LA EXPERIENCIA? | J27: AÑO DE TERMINACION DEL CONTRATO | K27: VALOR TOTAL EN PESOS (2007) | L27: VALOR TOTAL SMMLV - RUP | M27: % PARTICIPACION | N27: VALOR TOTAL AFECTADO | O27: CUMPLE / NO CUMPLE | V27: 2022 | W27: 1000000
A28: =A17*50% -> 896.55034 | B28: CTO 1 | C28: Concreark construcciones S.A.S RUP 3 | D28: AEROCIVIL | E28: CONSTRUCCION DEL TERMINAL, TORRE DE CONTROL CUARTEL DE BOMBEROS, BODEGA DE CARGA Y PLATAFORMA DEL AEROPUERTO GUSTAVO ARTUNDUAGA PAREDES DE FLORENCIA 9000331-OK-2019 | F28: SI | G28: SI | H28: SI | I28: CONCREARK CONSTRUCCIONES S.A.S | J28: 27-01-2011 | K28: =L28*W46 -> 8888224215 | L28: 17887.35 | M28: 0.4 | N28: =L28*M28 -> 7154.94 | O28: =+IF(AND(H28="SI",G28="SI"),"CUMPLE","NO CUMPLE") -> CUMPLE
B29: CTO 2 | C29: MEDIARQ RUP 4 Concreark construcciones S.A.S RUP 29 | D29: AEROCIVIL | E29: CONTRATAR LOS ESTUDIOS TECNICOS, DISEÑOS Y CONSTRUCCIÓN DE LA SEDE E FORMACIÓN DEL SENA EN EL MUNICIPIO E PUERTO GAITAN | F29: SI | G29: SI | H29: SI | I29: CONSTURCCIONES MEDIOS Y DISEÑOS ARQUITECTONICOS S.A.S 20% Concreark construcciones S.A.S 60% | J29: 18-09-15 | K29: =L29*W34 -> 22911527991 | L29: 40429.73 | M29: 0.8 | N29: =L29*M29 -> 32343.784 | O29: =+IF(AND(H29="SI",G29="SI"),"CUMPLE","NO CUMPLE") -> CUMPLE | R29: =+IF(OR(O29="CUMPLE")*AND(N29>=$R$16),"CUMPLE","NO CUMPLE") -> CUMPLE | V29: 2021 | W29: 908526
V30: 2015 | W30: 644350
A31: EVALUACION OFERTA ECONOMICA | N31: =SUM(N29) -> 32343.784 | O31: =+IF(OR(O29="CUMPLE",O28="CUMPLE")*AND(N31>=A28),"CUMPLE","NO CUMPLE") -> CUMPLE | V31: 2014 | W31: 616000
L33: PUNTAJE ASIGNADO | N33: 0 | O33: =O31 -> CUMPLE | V33: 2014 | W33: 616000
V34: 2012 | W34: 566700
V35: 2011 | W35: 535600
V36: 2010 | W36: 515000
V37: 2002 | W37: 309000
A38: EVALUACIÓN APOYO A LA INDUSTRIA NACIONAL( MAX 20 PUNTOS) NUMERAL 4.3. | V38: 2001 | W38: 286000
A39: SERVICIOS NACIONALES | C39: Para que el proponente obtenga puntaje por servicios nacionales debe presentar: A. Persona natural colombiana: La cédula de ciudadanía del proponente. B. Persona natural extranjera residente en Colombia: La visa de residencia que le permita la ejecución del objeto contractual de conformidad con la ley. C. Persona jurídica constituida en Colombia: el certificado de existencia y representación legal emitido por las Cámaras de Comercio. | M39: PUNTAJE ASIGNADO | V39: 2000 | W39: 260100
M40: CUMPLE | V40: 1999 | W40: 236438
V41: 1998 | W41: 203825
V42: 1997 | W42: 172005
A43: PROPONENTE EXTRANJERO PUNTAJE POR TRATO NACIONAL | C43: Para que el proponente extranjero obtenga puntaje por trato nacional debe acreditar que los servicios son originarios de los estados mencionados en la sección de acuerdos comerciales aplicables al presente proceso de contratación, información que se acreditará con los documentos que aporte el proponente extranjero para acreditar su domicilio. Para asignar el puntaje por servicios nacionales o por trato nacional el proponente nacional o extranjero con trato nacional no deben presentar el Formato 7 – Puntaje de Industria Nacional. Únicamente deberán presentar los documentos señalados en esta sección. | V43: 1996 | W43: 142125
M44: 20 | V44: 1996 | W44: 142125
C45: NOTA: La entidad asignará veinte (20) puntos a un proponente plural cuando todos sus integrantes cumplan con las anteriores condiciones. Cuando uno de sus integrantes no cumpla con las condiciones descritas no obtendrá puntaje por servicios nacionales o trato Nacional. El Formato 7 – Puntaje de Industria Nacional únicamente debe ser aportado por los proponentes extranjeros sin derecho a trato nacional que opten por incorporar personal calificado. En el evento que un proponente nacional o extranjero con trato nacional lo presente, no será una razón para no otorgar el puntaje de promoción de servicios nacionales o con trato nacional. | V45: 1996 | W45: 142125
V46: 2009 | W46: 496900
A47: EVALUACIÓN VINCULACIÓN DE PERSONAS CON DISCAPACIDAD. (MAX 1 PUNTO) NUMERAL 4.4. | V47: 2005 | W47: 381500
A48: La entidad asignará un (1) punto al proponente que acredite el número mínimo de personas con discapacidad de acuerdo con el número total de trabajadores de la planta de su personal en los términos señalados en el artículo 2.2.1.2.4.2.6. del Decreto 1082 de 2015 (adicionado por el Decreto 392 de 2018). | M48: PUNTAJE ASIGNADO | V48: 2004 | W48: 358000
A49: Para esto debe presentar: i) el Formato 6 – Vinculación de personas en condición de discapacidad suscrito por la persona natural, el representante legal o el revisor fiscal, según corresponda en el cual certifique el número total de trabajadores vinculados a la planta de personal del proponente o sus integrantes a la fecha de cierre del proceso de selección, ii) acreditar el número mínimo de personas con discapacidad en su planta de personal, de conformidad con lo señalado en el certificado expedido por el Ministerio de Trabajo, el cual deberá estar vigente a la fecha de cierre del proceso de selección. | M49: CUMPLE | V49: 2003 | W49: 332000
A50: Para los proponentes plurales, la entidad tendrá en cuenta la planta de personal del integrante del proponente plural que aporte como mínimo el cuarenta por ciento (40%) de la experiencia requerida para el proceso de contratación. Este porcentaje de experiencia se tomará sobre el “Valor mínimo a certificar (como % del presupuesto oficial expresado en SMMLV)” de conformidad con el numeral 3.8.1, sin importar si la experiencia es general o específica. | M50: 1 | V50: 2003 | W50: 332000
A51: FACTOR DE CALIDAD (19 PTS)
A52: (i) implementación del programa de gerencia de proyectos (19) La entidad asignará 19 puntos, al proponente que se comprometa a instaurar un programa de gerencia de proyectos mediante la suscripción del Formato 7A – Programa de gerencia de proyectos, en el cual bajo la gravedad de juramento conste el compromiso que en este sentido asume. | M52: CUMPLE | O52: 19
A53: EMPRENDIMIENTO MUJERES
A54: Para que el Proponente obtenga este puntaje debe diligenciar el Formato 12 – Acreditación de emprendimientos y empresas de mujeres y aportar la documentación requerida. Tratándose de Proponentes Plurales este puntaje solo se otorgará si por lo menos uno de los integrantes acredita la calidad de emprendimientos y empresas de mujeres y tiene una participación igual o superior al diez por ciento (10 %) en el Consorcio o en la Unión Temporal. | M54: CUMPLE | O54: 0.25
A55: MiPYME
A56: Así las cosas, para obtener el puntaje, el Proponente entregará copia del certificado del Registro Único de Proponentes, el cual deberá encontrarse vigente y en firme al momento de su presentación Tratándose de Proponentes Plurales este puntaje se otorgará si por lo menos uno de los integrantes acredita la calidad de Mipyme y tiene una participación igual o superior al diez por ciento (10 %) en el Consorcio o en la Unión Temporal | M56: CUMPLE | O56: 0.25
A57: OBRAS CIVILES INCONCLUSAS
A58: Las Entidades Estatales deben consultar y analizar las anotaciones vigentes que reposen en el Registro Nacional de Obras Civiles Inconclusas, de que trata la Ley 2020 de 2020. En el evento que las personas naturales o jurídicas, nacionales o extranjeras domiciliadas o con sucursal en Colombia, o integrantes de Proponentes Plurales, cuenten con alguna anotación vigente de obra civil inconclusa, en el mencionado registro, se descontará un (1) punto de la sumatoria obtenida en relación con el factor de calidad. En todo caso, no se descontará el puntaje en los términos previstos en el inciso anterior cuando el Proponente no oferte el factor de calidad, por lo que éste obtendrá cero (0) puntos en este criterio de evaluación. En esta circunstancia, la Entidad no podrá reducir el puntaje de la sumatoria obtenida en los demás factores de ponderación. | O58: 0
A59: CUMPLE / NO CUMPLE | I59: CUMPLE | V59: 1995 | W59: 118934
A60: EVALUACION FINAL | I60: CUMPLE | M60: =+O56+O54+O52+M50+M44+O58 -> 40.5 | V60: 1994 | W60: 98700
A61: Observaciones: | V61: 1993 | W61: 81510
V62: 1992 | W62: 65190
V63: 1991 | W63: 51720
V64: 1990 | W64: 41025
A75: 3108041163 | B75: OBJETO | C75: REALIZAR EL MANTENIMIENTO DE LA INFRAESTRUCTURA FISICA LADO TIERRA, INCLUYENDO SISTEMAS AEROPORTUARIOS DEL AEROPUERTO VASQUEZ COBO DE LA CIUDAD DE LETICIA (VF)

Sheet 3
A1: UNIDAD ADMINISTRATIVA ESPECIAL DE AERONAUTICA CIVIL | U1: 1 | V1: 20 | W1: 5
A2: 24001240 H4 2024 | Q2: SI | R2: CUMPLE | U2: 0 | V2: 5 | W2: 0
A3: REALIZAR EL MANTENIMIENTO DE LA INFRAESTRUCTURA FISICA LADO TIERRA, INCLUYENDO SISTEMAS AEROPORTUARIOS DEL AEROPUERTO VASQUEZ COBO DE LA CIUDAD DE LETICIA (VF) | Q3: NO | R3: NO CUMPLE | V3: 0
A4: 3 | B4: =_xlfn.XLOOKUP(A4,RESUMEN!$A$3:$A$19,RESUMEN!$C$3:$C$19) -> CONSORCIO KART | F4: % PO | I4: APORTANTE DE LA EXPERIENCIA - GENERAL | P4: =+I4 -> APORTANTE DE LA EXPERIENCIA - GENERAL | R4: 10
I5: kaxa S.A.S 901.590.857-3 | O5: 0.9 | P5: =+I7 -> 0 | R5: 0
I6: ARIETE INGENIERIA Y CONSTRUCCION S.A.S 900.593.828-1 | O6: 0.1 | P6: =+I6 -> ARIETE INGENIERIA Y CONSTRUCCION S.A.S 900.593.828-1
P7: =+#REF! -> #REF!
F8: De 1 hasta 2 | H8: 0.75 | P8: =+I8 -> 0
F9: De 3 hasta 4 | H9: 1.2 | P9: =+I9 -> 0
F10: Hasta 5 | H10: 1.5 | I10: TOTAL | O10: =+SUM(O5:O9) -> 1
A11: CODIGOS | B11: 72121100 72151500 72103300 72121400 | C11: PRESUPUESTO A EVALUAR (P.O) | I11: 3108041163 | J11: PO SMMLV | M11: =I11/W13 -> 2390.8009 | R11: Registro Nacional de Obras Civiles Inconclusas
A13: REQUISITOS HABILITANTES (CUMPLE /NO CUMPLE) | V13: 2024 | W13: 1300000
A14: EXPERIENCIA GENERAL PROPONENTE
A15: OBRAS DE CONSTRUCCCION O RECONSTRUCCIÓN O AMPLIACIÓN O CONSERVACIÓN O ADECUACIÓN O MANTENIMIENTO O REFORZAMIENTO ESTRUCTURAL O REHABILITACIÓN ESTRUCTURAL DE: EDIFICACIONES NO RESIDENCIALES. | V15: 2023 | W15: 1160000
A16: % PO | B16: CTO´S | C16: No. CONSECUTIVO EN EL RUP | D16: CONTRATANTE | E16: INFO DEL CONTRATO | F16: PRESENTA DOCUMENTOS ENLISTADOS | G16: CUMPLE CODIGOS 72121100 72151500 72103300 72121400 | H16: CUMPLE EXPERIENCIA? | I16: QUIEN APORTA LA EXPERIENCIA? | J16: AÑO DE TERMINACION DEL CONTRATO | K16: VALOR TOTAL EN PESOS | L16: VALOR TOTAL SMMLV - RUP | M16: % PARTICIPACION | N16: VALOR TOTAL AFECTADO | O16: CUMPLE / NO CUMPLE | V16: 2022 | W16: 1000000
A17: =+M11*H8 -> 1793.1007 | B17: CTO 1 | C17: 30 146 | D17: aeronautica civil | E17: 20000820 H4 DE 2020 REALIZAR EL MANTENIMIENTO DE LAS EDIFICACIONES A CARGO DE LA AEROCIVIL DEL AEROPUERTO ERNESTO CORTISSOZ DE BARRANQUILLA, ATLANTICO | F17: SI | G17: SI | H17: SI | I17: kaxa S.A.S 901.590.857-3 ARIETE INGENIERIA Y CONSTRUCCION S.A.S 900.593.828-1 | J17: 44416 | K17: 942684003 | L17: 1037.59 | M17: 1 | N17: =L17*M17 -> 1037.59 | O17: =+IF(AND(H17="SI",G17="SI"),"CUMPLE","NO CUMPLE") -> CUMPLE | R17: =(N17+N18+N19)/A17 -> 1.3881429 | V17: 2021 | W17: 908526
B18: CTO 2 | C18: 44 | D18: armada nacional | E18: 029-ARCCBN2- 2019 CONTRATAR EL MANTENIMIENTO PREVENTIVO Y/O CORRECTIVO Y/O RECUPERATIVO DE MANERA INTEGRAL Y A TODO COSTO, POR EL SISTEMA DE PRECIOS UNITARIOS FIJOS Y SIN FÓRMULA DE REAJUSTE, DE LAS INSTALACIONES DE LA ARMADA NACIONAL EN EL PACIFICO COLOMBIANO. | F18: SI | G18: SI | H18: SI | I18: kaxa S.A.S 901.590.857-3 ARIETE INGENIERIA Y CONSTRUCCION S.A.S 900.593.828-1 | J18: 15/09/2019 | K18: 1.202007e+09 | L18: 1451.49 | M18: 1 | N18: =L18*M18 -> 1451.49 | O18: =+IF(AND(H18="SI",G18="SI"),"CUMPLE","NO CUMPLE") -> CUMPLE
B19: CTO 3 | N19: =L19*M19 -> 0 | O19: =+IF(AND(H19="SI",G19="SI"),"CUMPLE","NO CUMPLE") -> NO CUMPLE | V19: 2020 | W19: 877803
B20: CTO 4 | N20: =IF(AND(G20="SI",H20="SI"),(L20*M20),0) -> 0 | O20: =+IF(AND(H20="SI",G20="SI"),"CUMPLE","NO CUMPLE") -> NO CUMPLE | R20: =+N20/A17 -> 0 | T20: Ok | V20: 2019 | W20: 828116
B21: CTO 5 | N21: =IF(AND(G21="SI",H21="SI"),(L21*M21),0) -> 0 | O21: =+IF(AND(H21="SI",G21="SI"),"CUMPLE","NO CUMPLE") -> NO CUMPLE | V21: 2018 | W21: 781242
B22: CTO 6 | N22: =IF(AND(G22="SI",H22="SI"),(L22*M22),0) -> 0 | O22: =+IF(AND(H22="SI",G22="SI"),"CUMPLE","NO CUMPLE") -> NO CUMPLE | V22: 2017 | W22: 737717
N23: =SUM(N17:N22) -> 2489.08 | O23: =+IF(OR(O18="CUMPLE",O22="CUMPLE",O21="CUMPLE",O20="CUMPLE",O19="CUMPLE",O17="CUMPLE")*AND(N23>=A17),"CUMPLE","NO CUMPLE") -> CUMPLE | V23: 2015 | W23: 644350
A24: EVALUACION EXPERIENCIA GENERAL PROPONENTE | V24: 2014 | W24: 616000
A25: EXPERIENCIA ESPECIFICA PROPONENTE | T25: =1949500000+6451200000 -> 8400700000 | V25: 2007 | W25: 433700
A26: El valor del contrato en SMMLV de uno (1) de los contratos válidos aportados para la acreditación de la experiencia general, deberá ser igual o mayor al 50% del valor del PRESUPUESTO OFICIAL (PO) del presente Proceso de Contratación. Por lo menos uno (1) de los contratos válidos aportados como experiencia general deberá acreditar la CONSTRUCCCION O RECONSTRUCCIÓN O AMPLIACIÓN O CONSERVACIÓN O ADECUACIÓN O MANTENIMIENTO O REFORZAMIENTO ESTRUCTURAL O REHABILITACIÓN ESTRUCTURAL DE UNA TORRE DE CONTROL AEROPORTUARIA | S26: =+T26*0.9 -> 17432.857 | T26: =+T25/W25 -> 19369.841 | V26: 2023 | W26: 1160000
A27: 50% PO | B27: CTO´S | C27: No. CONSECUTIVO EN EL RUP | D27: CONTRATANTE | F27: PRESENTA DOCUMENTOS ENLISTADOS | G27: CUMPLE CODIGOS 72121100 72151500 72103300 72121400 | H27: CUMPLE EXPERIENCIA? | I27: QUIEN APORTA LA EXPERIENCIA? | J27: AÑO DE TERMINACION DEL CONTRATO | K27: VALOR TOTAL EN PESOS (2007) | L27: VALOR TOTAL SMMLV - RUP | M27: % PARTICIPACION | N27: VALOR TOTAL AFECTADO | O27: CUMPLE / NO CUMPLE | R27: =#REF!/2 -> #REF! | S27: 50% PO | V27: 2022 | W27: 1000000
A28: =A17*50% -> 896.55034 | B28: CTO 1 | C28: 30 146 | D28: aeronautica civil | E28: 20000820 H4 DE 2020 REALIZAR EL MANTENIMIENTO DE LAS EDIFICACIONES A CARGO DE LA AEROCIVIL DEL AEROPUERTO ERNESTO CORTISSOZ DE BARRANQUILLA, ATLANTICO | F28: SI | G28: SI | H28: SI | I28: kaxa S.A.S 901.590.857-3 ARIETE INGENIERIA Y CONSTRUCCION S.A.S 900.593.828-1 | J28: 44416 | K28: 942684003 | L28: 1037.59 | M28: 1 | N28: =L28*M28 -> 1037.59 | O28: =+IF(AND(H28="SI",G28="SI"),"CUMPLE","NO CUMPLE") -> CUMPLE
B29: CTO 2 | C29: 44 | D29: armada nacional | E29: 029-ARCCBN2- 2019 CONTRATAR EL MANTENIMIENTO PREVENTIVO Y/O CORRECTIVO Y/O RECUPERATIVO DE MANERA INTEGRAL Y A TODO COSTO, POR EL SISTEMA DE PRECIOS UNITARIOS FIJOS Y SIN FÓRMULA DE REAJUSTE, DE LAS INSTALACIONES DE LA ARMADA NACIONAL EN EL PACIFICO COLOMBIANO. | F29: SI | G29: SI | H29: SI | I29: kaxa S.A.S 901.590.857-3 ARIETE INGENIERIA Y CONSTRUCCION S.A.S 900.593.828-1 | J29: 15/09/2019 | K29: 1.202007e+09 | L29: 1451.49 | M29: 1 | N29: =L29*M29 -> 1451.49 | O29: =+IF(AND(H29="SI",G29="SI"),"CUMPLE","NO CUMPLE") -> CUMPLE | R29: =+IF(OR(O29="CUMPLE")*AND(N29>=$R$16),"CUMPLE","NO CUMPLE") -> CUMPLE | V29: 2021 | W29: 908526
V30: 2015 | W30: 644350
A31: EVALUACION OFERTA ECONOMICA | N31: =SUM(N29) -> 1451.49 | O31: =+IF(AND(O29="CUMPLE",O28="CUMPLE")*AND(N31>=A28),"CUMPLE","NO CUMPLE") -> CUMPLE | V31: 2014 | W31: 616000
L33: PUNTAJE ASIGNADO | N33: 0 | O33: =O31 -> CUMPLE | V33: 2014 | W33: 616000
V34: 2012 | W34: 566700
V35: 2011 | W35: 535600
V36: 2010 | W36: 515000
V37: 2002 | W37: 309000
A38: EVALUACIÓN APOYO A LA INDUSTRIA NACIONAL( MAX 20 PUNTOS) NUMERAL 4.3. | V38: 2001 | W38: 286000
A39: SERVICIOS NACIONALES | C39: Para que el proponente obtenga puntaje por servicios nacionales debe presentar: A. Persona natural colombiana: La cédula de ciudadanía del proponente. B. Persona natural extranjera residente en Colombia: La visa de residencia que le permita la ejecución del objeto contractual de conformidad con la ley. C. Persona jurídica constituida en Colombia: el certificado de existencia y representación legal emitido por las Cámaras de Comercio. | M39: PUNTAJE ASIGNADO | V39: 2000 | W39: 260100
M40: CUMPLE | V40: 1999 | W40: 236438
V41: 1998 | W41: 203825
V42: 1997 | W42: 172005
A43: PROPONENTE EXTRANJERO PUNTAJE POR TRATO NACIONAL | C43: Para que el proponente extranjero obtenga puntaje por trato nacional debe acreditar que los servicios son originarios de los estados mencionados en la sección de acuerdos comerciales aplicables al presente proceso de contratación, información que se acreditará con los documentos que aporte el proponente extranjero para acreditar su domicilio. Para asignar el puntaje por servicios nacionales o por trato nacional el proponente nacional o extranjero con trato nacional no deben presentar el Formato 7 – Puntaje de Industria Nacional. Únicamente deberán presentar los documentos señalados en esta sección. | V43: 1996 | W43: 142125
M44: 20 | V44: 1996 | W44: 142125
C45: NOTA: La entidad asignará veinte (20) puntos a un proponente plural cuando todos sus integrantes cumplan con las anteriores condiciones. Cuando uno de sus integrantes no cumpla con las condiciones descritas no obtendrá puntaje por servicios nacionales o trato Nacional. El Formato 7 – Puntaje de Industria Nacional únicamente debe ser aportado por los proponentes extranjeros sin derecho a trato nacional que opten por incorporar personal calificado. En el evento que un proponente nacional o extranjero con trato nacional lo presente, no será una razón para no otorgar el puntaje de promoción de servicios nacionales o con trato nacional. | V45: 1996 | W45: 142125
V46: 2009 | W46: 496900
A47: EVALUACIÓN VINCULACIÓN DE PERSONAS CON DISCAPACIDAD. (MAX 1 PUNTO) NUMERAL 4.4. | V47: 2005 | W47: 381500
A48: La entidad asignará un (1) punto al proponente que acredite el número mínimo de personas con discapacidad de acuerdo con el número total de trabajadores de la planta de su personal en los términos señalados en el artículo 2.2.1.2.4.2.6. del Decreto 1082 de 2015 (adicionado por el Decreto 392 de 2018). | M48: PUNTAJE ASIGNADO | V48: 2004 | W48: 358000
A49: Para esto debe presentar: i) el Formato 6 – Vinculación de personas en condición de discapacidad suscrito por la persona natural, el representante legal o el revisor fiscal, según corresponda en el cual certifique el número total de trabajadores vinculados a la planta de personal del proponente o sus integrantes a la fecha de cierre del proceso de selección, ii) acreditar el número mínimo de personas con discapacidad en su planta de personal, de conformidad con lo señalado en el certificado expedido por el Ministerio de Trabajo, el cual deberá estar vigente a la fecha de cierre del proceso de selección. | M49: CUMPLE | V49: 2003 | W49: 332000
A50: Para los proponentes plurales, la entidad tendrá en cuenta la planta de personal del integrante del proponente plural que aporte como mínimo el cuarenta por ciento (40%) de la experiencia requerida para el proceso de contratación. Este porcentaje de experiencia se tomará sobre el “Valor mínimo a certificar (como % del presupuesto oficial expresado en SMMLV)” de conformidad con el numeral 3.8.1, sin importar si la experiencia es general o específica. | M50: 1 | V50: 2003 | W50: 332000
A51: FACTOR DE CALIDAD (19 PTS)
A52: (i) implementación del programa de gerencia de proyectos (19) La entidad asignará 19 puntos, al proponente que se comprometa a instaurar un programa de gerencia de proyectos mediante la suscripción del Formato 7A – Programa de gerencia de proyectos, en el cual bajo la gravedad de juramento conste el compromiso que en este sentido asume. | M52: CUMPLE | O52: 19
A53: EMPRENDIMIENTO MUJERES
A54: Para que el Proponente obtenga este puntaje debe diligenciar el Formato 12 – Acreditación de emprendimientos y empresas de mujeres y aportar la documentación requerida. Tratándose de Proponentes Plurales este puntaje solo se otorgará si por lo menos uno de los integrantes acredita la calidad de emprendimientos y empresas de mujeres y tiene una participación igual o superior al diez por ciento (10 %) en el Consorcio o en la Unión Temporal. | M54: CUMPLE | O54: 0.25
A55: MiPYME
A56: Así las cosas, para obtener el puntaje, el Proponente entregará copia del certificado del Registro Único de Proponentes, el cual deberá encontrarse vigente y en firme al momento de su presentación Tratándose de Proponentes Plurales este puntaje se otorgará si por lo menos uno de los integrantes acredita la calidad de Mipyme y tiene una participación igual o superior al diez por ciento (10 %) en el Consorcio o en la Unión Temporal | M56: CUMPLE | O56: 0.25
A57: OBRAS CIVILES INCONCLUSAS
A58: Las Entidades Estatales deben consultar y analizar las anotaciones vigentes que reposen en el Registro Nacional de Obras Civiles Inconclusas, de que trata la Ley 2020 de 2020. En el evento que las personas naturales o jurídicas, nacionales o extranjeras domiciliadas o con sucursal en Colombia, o integrantes de Proponentes Plurales, cuenten con alguna anotación vigente de obra civil inconclusa, en el mencionado registro, se descontará un (1) punto de la sumatoria obtenida en relación con el factor de calidad. En todo caso, no se descontará el puntaje en los términos previstos en el inciso anterior cuando el Proponente no oferte el factor de calidad, por lo que éste obtendrá cero (0) puntos en este criterio de evaluación. En esta circunstancia, la Entidad no podrá reducir el puntaje de la sumatoria obtenida en los demás factores de ponderación. | O58: 0
A59: CUMPLE / NO CUMPLE | I59: CUMPLE | V59: 1995 | W59: 118934
A60: EVALUACION FINAL | I60: CUMPLE | M60: =+O56+O54+O52+M50+M44+O58 -> 40.5 | V60: 1994 | W60: 98700
A61: Observaciones: | V61: 1993 | W61: 81510
V62: 1992 | W62: 65190
V63: 1991 | W63: 51720
V64: 1990 | W64: 41025
A75: 3108041163 | B75: OBJETO | C75: REALIZAR EL MANTENIMIENTO DE LA INFRAESTRUCTURA FISICA LADO TIERRA, INCLUYENDO SISTEMAS AEROPORTUARIOS DEL AEROPUERTO VASQUEZ COBO DE LA CIUDAD DE LETICIA (VF)

Sheet 4
A1: UNIDAD ADMINISTRATIVA ESPECIAL DE AERONAUTICA CIVIL | U1: 1 | V1: 20 | W1: 5
A2: 24001240 H4 2024 | Q2: SI | R2: CUMPLE | U2: 0 | V2: 5 | W2: 0
A3: REALIZAR EL MANTENIMIENTO DE LA INFRAESTRUCTURA FISICA LADO TIERRA, INCLUYENDO SISTEMAS AEROPORTUARIOS DEL AEROPUERTO VASQUEZ COBO DE LA CIUDAD DE LETICIA (VF) | Q3: NO | R3: NO CUMPLE | V3: 0
A4: 4 | B4: =_xlfn.XLOOKUP(A4,RESUMEN!$A$3:$A$19,RESUMEN!$C$3:$C$19) -> CONSORCIO DISEÑO PISTA | F4: % PO | I4: APORTANTE DE LA EXPERIENCIA - GENERAL | P4: =+I4 -> APORTANTE DE LA EXPERIENCIA - GENERAL | R4: 10
I5: SERIN S.A.S. - SERVICIOS INTEGRALES DE INGENIERÍA S.A.S. NIT. 901.058.985-8 | O5: 0.5 | P5: =+I7 -> 0 | R5: 0
I6: CONSULTORÍA Y CONSTRUCCIÓN ESPECIALIZADA S.A.S. NIT. 900.597.433-2 | O6: 0.5 | P6: =+I6 -> CONSULTORÍA Y CONSTRUCCIÓN ESPECIALIZADA S.A.S. NIT. 900.597.433-2
P7: =+#REF! -> #REF!
F8: De 1 hasta 2 | H8: 0.75 | P8: =+I8 -> 0
F9: De 3 hasta 4 | H9: 1.2 | P9: =+I9 -> 0
F10: Hasta 5 | H10: 1.5 | I10: TOTAL | O10: =+SUM(O5:O9) -> 1
A11: CODIGOS | B11: 72121100 72151500 72103300 72121400 | C11: PRESUPUESTO A EVALUAR (P.O) | I11: 3108041163 | J11: PO SMMLV | M11: =I11/W13 -> 2390.8009 | R11: Registro Nacional de Obras Civiles Inconclusas
A13: REQUISITOS HABILITANTES (CUMPLE /NO CUMPLE) | V13: 2024 | W13: 1300000
A14: EXPERIENCIA GENERAL PROPONENTE
A15: OBRAS DE CONSTRUCCCION O RECONSTRUCCIÓN O AMPLIACIÓN O CONSERVACIÓN O ADECUACIÓN O MANTENIMIENTO O REFORZAMIENTO ESTRUCTURAL O REHABILITACIÓN ESTRUCTURAL DE: EDIFICACIONES NO RESIDENCIALES. | V15: 2023 | W15: 1160000
A16: % PO | B16: CTO´S | C16: No. CONSECUTIVO EN EL RUP | D16: CONTRATANTE | E16: INFO DEL CONTRATO | F16: PRESENTA DOCUMENTOS ENLISTADOS | G16: CUMPLE CODIGOS 72121100 72151500 72103300 72121400 | H16: CUMPLE EXPERIENCIA? | I16: QUIEN APORTA LA EXPERIENCIA? | J16: AÑO DE TERMINACION DEL CONTRATO | K16: VALOR TOTAL EN PESOS | L16: VALOR TOTAL SMMLV - RUP | M16: % PARTICIPACION | N16: VALOR TOTAL AFECTADO | O16: CUMPLE / NO CUMPLE | V16: 2022 | W16: 1000000
A17: =+M11*H9 -> 2868.9611 | B17: CTO 1 | C17: 2 | D17: AERONAUTICA CIVIL | E17: 20001103 H4 DE 2020 RVLC0783 ADECUAR SALAS DE ENTRENAMIENTO OPERACIONAL PARA EL PERSONAL DE CONTROLADORES AEREOS REGIONAL VALLE | F17: SI | G17: SI | H17: SI | I17: SERIN S.A.S. - SERVICIOS INTEGRALES DE INGENIERÍA S.A.S. | J17: 30/12/2020 | K17: 130363376 | L17: 148.51 | M17: 0.5 | N17: =L17*M17 -> 74.255 | O17: =+IF(AND(H17="SI",G17="SI"),"CUMPLE","NO CUMPLE") -> CUMPLE | R17: =+N17/A17 -> 0.025882192 | V17: 2021 | W17: 908526
B18: CTO 2 | C18: 65 | D18: IMEDYTEC SALUD IPS S.A.S. | E18: 2015 - DOT - 001 REFORZAMIENTOESTRUCTURAL,ADECUACCIONYAMPLIAIONDELACLINICASANTABARBARA,LOCALIZADAENLACIUDADDEARAUCA, ARAUCA. | F18: SI | G18: SI | H18: SI | I18: CONSULTORÍA Y CONSTRUCCIÓN ESPECIALIZADA S.A.S. | J18: 27/01/2017 | K18: 3422000000 | L18: 4638.63 | M18: 1 | N18: =L18*M18 -> 4638.63 | O18: =+IF(AND(H18="SI",G18="SI"),"CUMPLE","NO CUMPLE") -> CUMPLE | R18: =+(N18+N19)/A17 -> 1.6804916
B19: CTO 3 | C19: 22 | D19: AERONAUTICA CIVIL | E19: 23000835 HA 2023 MANTENERLAINFRAESTRUCTURA AEROPORTUARIADEEDIFICACIONESLADOTIERRAAEROPUERTOELEDENDE ARMENIA | F19: SI | G19: SI | H19: SI | I19: SERIN S.A.S. - SERVICIOS INTEGRALES DE INGENIERÍA S.A.S. | J19: 22/12/2023 | L19: 365.27 | M19: 0.5 | N19: =L19*M19 -> 182.635 | O19: =+IF(AND(H19="SI",G19="SI"),"CUMPLE","NO CUMPLE") -> CUMPLE | V19: 2020 | W19: 877803
B20: CTO 4 | C20: 18 | D20: AERONAUTICA CIVIL | E20: 22001124 H4 DE 2022 MEJORARYMANTENERINFRAESTRUCTURAAEROPUERTOLAFLORIDA DE TUMACO | F20: SI | G20: SI | H20: SI | I20: SERIN S.A.S. - SERVICIOS INTEGRALES DE INGENIERÍA S.A.S. | J20: 24/03/2023 | L20: 330.74 | M20: 0.5 | N20: =L20*M20 -> 165.37 | O20: =+IF(AND(H20="SI",G20="SI"),"CUMPLE","NO CUMPLE") -> CUMPLE | V20: 2019 | W20: 828116
B21: CTO 5 | N21: =IF(AND(G21="SI",H21="SI"),(L21*M21),0) -> 0 | O21: =+IF(AND(H21="SI",G21="SI"),"CUMPLE","NO CUMPLE") -> NO CUMPLE | V21: 2018 | W21: 781242
B22: CTO 6 | N22: =IF(AND(G22="SI",H22="SI"),(L22*M22),0) -> 0 | O22: =+IF(AND(H22="SI",G22="SI"),"CUMPLE","NO CUMPLE") -> NO CUMPLE | V22: 2017 | W22: 737717
N23: =SUM(N17:N22) -> 5060.89 | O23: =+IF(OR(O18="CUMPLE",O22="CUMPLE",O21="CUMPLE",O20="CUMPLE",O19="CUMPLE",O17="CUMPLE")*AND(N23>=A17),"CUMPLE","NO CUMPLE") -> CUMPLE | V23: 2015 | W23: 644350
A24: EVALUACION EXPERIENCIA GENERAL PROPONENTE | V24: 2014 | W24: 616000
A25: EXPERIENCIA ESPECIFICA PROPONENTE | T25: =1949500000+6451200000 -> 8400700000 | V25: 2007 | W25: 433700
A26: El valor del contrato en SMMLV de uno (1) de los contratos válidos aportados para la acreditación de la experiencia general, deberá ser igual o mayor al 50% del valor del PRESUPUESTO OFICIAL (PO) del presente Proceso de Contratación. Por lo menos uno (1) de los contratos válidos aportados como experiencia general deberá acreditar la CONSTRUCCCION O RECONSTRUCCIÓN O AMPLIACIÓN O CONSERVACIÓN O ADECUACIÓN O MANTENIMIENTO O REFORZAMIENTO ESTRUCTURAL O REHABILITACIÓN ESTRUCTURAL DE UNA TORRE DE CONTROL AEROPORTUARIA | S26: =+T26*0.9 -> 17432.857 | T26: =+T25/W25 -> 19369.841 | V26: 2023 | W26: 1160000
A27: 50% PO | B27: CTO´S | C27: No. CONSECUTIVO EN EL RUP | D27: CONTRATANTE | F27: PRESENTA DOCUMENTOS ENLISTADOS | G27: CUMPLE CODIGOS 72121100 72151500 72103300 72121400 | H27: CUMPLE EXPERIENCIA? | I27: QUIEN APORTA LA EXPERIENCIA? | J27: AÑO DE TERMINACION DEL CONTRATO | K27: VALOR TOTAL EN PESOS (2007) | L27: VALOR TOTAL SMMLV - RUP | M27: % PARTICIPACION | N27: VALOR TOTAL AFECTADO | O27: CUMPLE / NO CUMPLE | R27: =#REF!/2 -> #REF! | S27: 50% PO | V27: 2022 | W27: 1000000
A28: =A17*50% -> 1434.4805 | B28: CTO 1 | C28: 18 | D28: AERONAUTICA CIVIL | E28: 22001124 H4 DE 2022 MEJORARYMANTENERINFRAESTRUCTURAAEROPUERTOLAFLORIDA DE TUMACO | F28: SI | G28: SI | H28: SI | I28: SERIN S.A.S. - SERVICIOS INTEGRALES DE INGENIERÍA S.A.S. | J28: 24/03/2023 | L28: 330.74 | M28: 0.5 | N28: =L28*M28 -> 165.37 | O28: =+IF(AND(H28="SI",G28="SI"),"CUMPLE","NO CUMPLE") -> CUMPLE
B29: CTO 2 | C29: 65 | D29: IMEDYTEC SALUD IPS S.A.S. | E29: 2015 - DOT - 001 REFORZAMIENTOESTRUCTURAL,ADECUACCIONYAMPLIAIONDELACLINICASANTABARBARA,LOCALIZADAENLACIUDADDEARAUCA, ARAUCA. | F29: SI | G29: SI | H29: SI | I29: CONSULTORÍA Y CONSTRUCCIÓN ESPECIALIZADA S.A.S. | J29: 27/01/2017 | K29: 3422000000 | L29: 4638.63 | M29: 1 | N29: =L29*M29 -> 4638.63 | O29: =+IF(AND(H29="SI",G29="SI"),"CUMPLE","NO CUMPLE") -> CUMPLE | R29: =+IF(OR(O29="CUMPLE")*AND(N29>=$R$16),"CUMPLE","NO CUMPLE") -> CUMPLE | V29: 2021 | W29: 908526
V30: 2015 | W30: 644350
A31: EVALUACION OFERTA ECONOMICA | N31: =SUM(N29) -> 4638.63 | O31: =+IF(AND(O29="CUMPLE",O28="CUMPLE")*AND(N31>=A28),"CUMPLE","NO CUMPLE") -> CUMPLE | V31: 2014 | W31: 616000
L33: PUNTAJE ASIGNADO | N33: 0 | O33: =O31 -> CUMPLE | V33: 2014 | W33: 616000
V34: 2012 | W34: 566700
V35: 2011 | W35: 535600
V36: 2010 | W36: 515000
V37: 2002 | W37: 309000
A38: EVALUACIÓN APOYO A LA INDUSTRIA NACIONAL( MAX 20 PUNTOS) NUMERAL 4.3. | V38: 2001 | W38: 286000
A39: SERVICIOS NACIONALES | C39: Para que el proponente obtenga puntaje por servicios nacionales debe presentar: A. Persona natural colombiana: La cédula de ciudadanía del proponente. B. Persona natural extranjera residente en Colombia: La visa de residencia que le permita la ejecución del objeto contractual de conformidad con la ley. C. Persona jurídica constituida en Colombia: el certificado de existencia y representación legal emitido por las Cámaras de Comercio. | M39: PUNTAJE ASIGNADO | V39: 2000 | W39: 260100
M40: CUMPLE | V40: 1999 | W40: 236438
V41: 1998 | W41: 203825
V42: 1997 | W42: 172005
A43: PROPONENTE EXTRANJERO PUNTAJE POR TRATO NACIONAL | C43: Para que el proponente extranjero obtenga puntaje por trato nacional debe acreditar que los servicios son originarios de los estados mencionados en la sección de acuerdos comerciales aplicables al presente proceso de contratación, información que se acreditará con los documentos que aporte el proponente extranjero para acreditar su domicilio. Para asignar el puntaje por servicios nacionales o por trato nacional el proponente nacional o extranjero con trato nacional no deben presentar el Formato 7 – Puntaje de Industria Nacional. Únicamente deberán presentar los documentos señalados en esta sección. | V43: 1996 | W43: 142125
M44: 20 | V44: 1996 | W44: 142125
C45: NOTA: La entidad asignará veinte (20) puntos a un proponente plural cuando todos sus integrantes cumplan con las anteriores condiciones. Cuando uno de sus integrantes no cumpla con las condiciones descritas no obtendrá puntaje por servicios nacionales o trato Nacional. El Formato 7 – Puntaje de Industria Nacional únicamente debe ser aportado por los proponentes extranjeros sin derecho a trato nacional que opten por incorporar personal calificado. En el evento que un proponente nacional o extranjero con trato nacional lo presente, no será una razón para no otorgar el puntaje de promoción de servicios nacionales o con trato nacional. | V45: 1996 | W45: 142125
V46: 2009 | W46: 496900
A47: EVALUACIÓN VINCULACIÓN DE PERSONAS CON DISCAPACIDAD. (MAX 1 PUNTO) NUMERAL 4.4. | V47: 2005 | W47: 381500
A48: La entidad asignará un (1) punto al proponente que acredite el número mínimo de personas con discapacidad de acuerdo con el número total de trabajadores de la planta de su personal en los términos señalados en el artículo 2.2.1.2.4.2.6. del Decreto 1082 de 2015 (adicionado por el Decreto 392 de 2018). | M48: PUNTAJE ASIGNADO | V48: 2004 | W48: 358000
A49: Para esto debe presentar: i) el Formato 6 – Vinculación de personas en condición de discapacidad suscrito por la persona natural, el representante legal o el revisor fiscal, según corresponda en el cual certifique el número total de trabajadores vinculados a la planta de personal del proponente o sus integrantes a la fecha de cierre del proceso de selección, ii) acreditar el número mínimo de personas con discapacidad en su planta de personal, de conformidad con lo señalado en el certificado expedido por el Ministerio de Trabajo, el cual deberá estar vigente a la fecha de cierre del proceso de selección. | M49: CUMPLE | V49: 2003 | W49: 332000
A50: Para los proponentes plurales, la entidad tendrá en cuenta la planta de personal del integrante del proponente plural que aporte como mínimo el cuarenta por ciento (40%) de la experiencia requerida para el proceso de contratación. Este porcentaje de experiencia se tomará sobre el “Valor mínimo a certificar (como % del presupuesto oficial expresado en SMMLV)” de conformidad con el numeral 3.8.1, sin importar si la experiencia es general o específica. | M50: 1 | V50: 2003 | W50: 332000
A51: FACTOR DE CALIDAD (19 PTS)
A52: (i) implementación del programa de gerencia de proyectos (19) La entidad asignará 19 puntos, al proponente que se comprometa a instaurar un programa de gerencia de proyectos mediante la suscripción del Formato 7A – Programa de gerencia de proyectos, en el cual bajo la gravedad de juramento conste el compromiso que en este sentido asume. | M52: CUMPLE | O52: 19
A53: EMPRENDIMIENTO MUJERES
A54: Para que el Proponente obtenga este puntaje debe diligenciar el Formato 12 – Acreditación de emprendimientos y empresas de mujeres y aportar la documentación requerida. Tratándose de Proponentes Plurales este puntaje solo se otorgará si por lo menos uno de los integrantes acredita la calidad de emprendimientos y empresas de mujeres y tiene una participación igual o superior al diez por ciento (10 %) en el Consorcio o en la Unión Temporal. | M54: CUMPLE | O54: 0.25
A55: MiPYME
A56: Así las cosas, para obtener el puntaje, el Proponente entregará copia del certificado del Registro Único de Proponentes, el cual deberá encontrarse vigente y en firme al momento de su presentación Tratándose de Proponentes Plurales este puntaje se otorgará si por lo menos uno de los integrantes acredita la calidad de Mipyme y tiene una participación igual o superior al diez por ciento (10 %) en el Consorcio o en la Unión Temporal | M56: CUMPLE | O56: 0.25
A57: OBRAS CIVILES INCONCLUSAS
A58: Las Entidades Estatales deben consultar y analizar las anotaciones vigentes que reposen en el Registro Nacional de Obras Civiles Inconclusas, de que trata la Ley 2020 de 2020. En el evento que las personas naturales o jurídicas, nacionales o extranjeras domiciliadas o con sucursal en Colombia, o integrantes de Proponentes Plurales, cuenten con alguna anotación vigente de obra civil inconclusa, en el mencionado registro, se descontará un (1) punto de la sumatoria obtenida en relación con el factor de calidad. En todo caso, no se descontará el puntaje en los términos previstos en el inciso anterior cuando el Proponente no oferte el factor de calidad, por lo que éste obtendrá cero (0) puntos en este criterio de evaluación. En esta circunstancia, la Entidad no podrá reducir el puntaje de la sumatoria obtenida en los demás factores de ponderación. | O58: 0
A59: CUMPLE / NO CUMPLE | I59: CUMPLE | V59: 1995 | W59: 118934
A60: EVALUACION FINAL | I60: CUMPLE | M60: =+O56+O54+O52+M50+M44+O58 -> 40.5 | V60: 1994 | W60: 98700
A61: Observaciones: | V61: 1993 | W61: 81510
V62: 1992 | W62: 65190
V63: 1991 | W63: 51720
V64: 1990 | W64: 41025
A75: 3108041163 | B75: OBJETO | C75: REALIZAR EL MANTENIMIENTO DE LA INFRAESTRUCTURA FISICA LADO TIERRA, INCLUYENDO SISTEMAS AEROPORTUARIOS DEL AEROPUERTO VASQUEZ COBO DE LA CIUDAD DE LETICIA (VF)

Sheet 5
A1: UNIDAD ADMINISTRATIVA ESPECIAL DE AERONAUTICA CIVIL | U1: 1 | V1: 20 | W1: 5
A2: 24001240 H4 2024 | Q2: SI | R2: CUMPLE | U2: 0 | V2: 5 | W2: 0
A3: REALIZAR EL MANTENIMIENTO DE LA INFRAESTRUCTURA FISICA LADO TIERRA, INCLUYENDO SISTEMAS AEROPORTUARIOS DEL AEROPUERTO VASQUEZ COBO DE LA CIUDAD DE LETICIA (VF) | Q3: NO | R3: NO CUMPLE | V3: 0
A4: 5 | B4: =_xlfn.XLOOKUP(A4,RESUMEN!$A$3:$A$19,RESUMEN!$C$3:$C$19) -> Consorcio AERO MANTENIMIENTO | F4: % PO | I4: APORTANTE DE LA EXPERIENCIA - GENERAL | P4: =+I4 -> APORTANTE DE LA EXPERIENCIA - GENERAL | R4: 10
I5: INARCO P y C SAS NIT: 900642398-5 | O5: 0.5 | P5: =+I7 -> 0 | R5: 0
I6: SIRIUS INGENIERIA SAS NIT:901259306-1 | O6: 0.5 | P6: =+I6 -> SIRIUS INGENIERIA SAS NIT:901259306-1
P7: =+#REF! -> #REF!
F8: De 1 hasta 2 | H8: 0.75 | P8: =+I8 -> 0
F9: De 3 hasta 4 | H9: 1.2 | P9: =+I9 -> 0
F10: Hasta 5 | H10: 1.5 | I10: TOTAL | O10: =+SUM(O5:O9) -> 1
A11: CODIGOS | B11: 72121100 72151500 72103300 72121400 | C11: PRESUPUESTO A EVALUAR (P.O) | I11: 3108041163 | J11: PO SMMLV | M11: =I11/W13 -> 2390.8009 | R11: Registro Nacional de Obras Civiles Inconclusas
A13: REQUISITOS HABILITANTES (CUMPLE /NO CUMPLE) | V13: 2024 | W13: 1300000
A14: EXPERIENCIA GENERAL PROPONENTE
A15: OBRAS DE CONSTRUCCCION O RECONSTRUCCIÓN O AMPLIACIÓN O CONSERVACIÓN O ADECUACIÓN O MANTENIMIENTO O REFORZAMIENTO ESTRUCTURAL O REHABILITACIÓN ESTRUCTURAL DE: EDIFICACIONES NO RESIDENCIALES. | V15: 2023 | W15: 1160000
A16: % PO | B16: CTO´S | C16: No. CONSECUTIVO EN EL RUP | D16: CONTRATANTE | E16: INFO DEL CONTRATO | F16: PRESENTA DOCUMENTOS ENLISTADOS | G16: CUMPLE CODIGOS 72121100 72151500 72103300 72121400 | H16: CUMPLE EXPERIENCIA? | I16: QUIEN APORTA LA EXPERIENCIA? | J16: AÑO DE TERMINACION DEL CONTRATO | K16: VALOR TOTAL EN PESOS | L16: VALOR TOTAL SMMLV - RUP | M16: % PARTICIPACION | N16: VALOR TOTAL AFECTADO | O16: CUMPLE / NO CUMPLE | V16: 2022 | W16: 1000000
A17: =+M11*H10 -> 3586.2013 | B17: CTO 1 | C17: INARCO RUP 5 | D17: ALCALDIA DE SASAIMA | E17: MANTENIMIENTO,ADECUACION,CONSERVACION Y CONSTRUCCION DE BIENES INMUEBLES (AUDITORIO, PLAZA DE TOROS, BAÑOS PUBLICOS, COCINA PLAZA, HOGAR COMUNITARIO Y TIENDA DEL CAFÉ)DEL MUNICIPIO DE SASAIMA CUNDINAMARCA, INCLUYE AJUSTE A LOS ESTUDIOS Y DISEÑOS DEL MUNICIPIO DE SASAIMA CUNDINAMARCA | F17: si | G17: si | H17: SI | I17: INARCO P y C SAS | J17: 43131 | K17: =L17*W21 -> 2.0477525e+09 | L17: 2621.15 | M17: 1 | N17: =L17*M17 -> 2621.15 | O17: =+IF(AND(H17="SI",G17="SI"),"CUMPLE","NO CUMPLE") -> CUMPLE | R17: =+(N17+N19+N21)/A17 -> 0.95746437 | V17: 2021 | W17: 908526
B18: CTO 2 | C18: INARCO RUP 3 SIRIUS RUP 6 | D18: FISCALIA GENERAL DE LA NACION | E18: CONTRATAR POR EL SISTEMA DE PRECIOS UNITARIOS FIJOS SIN FORMULA DE REAJUSTE, EL MANTENIMIENTO, MEJORAMIENTO, ADECUACIONES, PREVENTIVAS Y CORRECTIVAS DE LAS SEDES DE LA FISCALIA GENERALDE LA NACION REGIOMNAL NORORIENTAL | F18: si | G18: si | H18: SI | I18: INARCO P y C SAS 40% SIRIUS INGNIERIA SAS 60% | J18: 44916 | K18: =L18*W16 -> 871670000 | L18: 871.67 | M18: 1 | N18: =L18*M18 -> 871.67 | O18: =+IF(AND(H18="SI",G18="SI"),"CUMPLE","NO CUMPLE") -> CUMPLE | R18: =+N18/A17 -> 0.2430622 | T18: 120701530
B19: CTO 3 | C19: INARCO RUP 4 SIRIUS RUP 7 | D19: ARMADA NACIONAL - BASE NAVAL ARC ORINOQUIA | E19: MANTENIMIENTO PREVENTIVO Y/O CORRECTIVO A TODO COSTO DE LA INFRAESTRUCTURA FISICA Y DE SANEAMIENTO, DE LAS UNIDADES ORGANICAS DE LA FUERZA NAVAL DEL ORIENTE | F19: si | G19: si | H19: SI | I19: INARCO P y C SAS 40% SIRIUS INGNIERIA SAS 60% | J19: 44905 | K19: =L19*W16 -> 765240000 | L19: 765.24 | M19: 1 | N19: =L19*M19 -> 765.24 | O19: =+IF(AND(H19="SI",G19="SI"),"CUMPLE","NO CUMPLE") -> CUMPLE | S19: =+K19/L19 -> 1000000 | T19: =+T18/S19 -> 120.70153 | V19: 2020 | W19: 877803
B20: CTO 4 | C20: INARCO RUP 8 | D20: FAC | E20: MANTENIMIENTO PREVENTIVO, CORRECTIVO, MEJORATIVO Y ADQUISICIÓN DE EQUIPOS PARA LAS INSTALACIONES AERONAUTICAS Y NO AERONAUTICAS DEL CACOM-5" | F20: si | G20: si | H20: SI | I20: INARCO P y C SAS | J20: 44902 | K20: =W16 -> 1000000 | L20: 812.58 | M20: 1 | N20: =IF(AND(G20="SI",H20="SI"),(L20*M20),0) -> 812.58 | O20: =+IF(AND(H20="SI",G20="SI"),"CUMPLE","NO CUMPLE") -> CUMPLE | R20: =+N20/A17 -> 0.22658516 | T20: =870000000+85105216+1552307270+617918154+295489219 -> 3420819859 | V20: 2019 | W20: 828116
B21: CTO 5 | C21: INARCO RUP 1 | D21: AERONAUTICA CIVIL | E21: CONTRATAR EL MANTENIMIENTO DE LAS TORRES DE CONTROL DE LOS AEROPUERTOS DE RIONEGRO - ATIOQUIA, MONTERIA - CORDOBA Y CAREPA ANTIOQUIA | F21: si | G21: si | H21: SI | I21: INARCO P y C SAS | J21: 42930 | K21: =L21*W22 -> 34871883 | L21: 47.27 | M21: 1 | N21: =IF(AND(G21="SI",H21="SI"),(L21*M21),0) -> 47.27 | O21: =+IF(AND(H21="SI",G21="SI"),"CUMPLE","NO CUMPLE") -> CUMPLE | S21: =+K21/L21 -> 737717 | T21: =+T20/S21 -> 4637.0354 | V21: 2018 | W21: 781242
B22: CTO 6 | C22: INARCO RUP14 SIRIUS RUP11 | D22: AERONAUTICA CIVIL | E22: REALIZAR EL MANTENIMIENTO LADO TIERRA DEL AEROPUERTO ALFREDO VASQUEZ COBO DE LETICIA, AMAZONAS. | F22: si | G22: si | H22: SI | I22: INARCO P y C SAS 50% SIRIUS INGNIERIA SAS 50% | J22: 45314 | K22: =L22*W13 -> 626795000 | L22: 482.15 | M22: 1 | N22: =IF(AND(G22="SI",H22="SI"),(L22*M22),0) -> 482.15 | O22: =+IF(AND(H22="SI",G22="SI"),"CUMPLE","NO CUMPLE") -> CUMPLE | R22: =+N22/A16 -> #VALUE! | V22: 2017 | W22: 737717
B23: CTO 7 | C23: INARCO RUP96 | D23: BASE NAVAL ARC ORINOQUIA | E23: MANTENIMIENTO DE LA INFRAESTRUCTURA FISICA Y DE SANEAMIENTO DE LAS UNIDADES ORGANICAS DE LA FUERZA NAVAL DEL ORIENTE | F23: si | G23: si | H23: SI | I23: INARCO P y C SAS | J23: 44195 | K23: =W23*W19 -> 647570195751 | L23: 642.66 | M23: 0.9 | N23: =IF(AND(G23="SI",H23="SI"),(L23*M23),0) -> 578.394 | O23: =+IF(AND(H23="SI",G23="SI"),"CUMPLE","NO CUMPLE") -> CUMPLE | R23: =+N23/A17 -> 0.16128319 | V23: 2017 | W23: 737717
N24: =SUM(N17:N23) -> 6178.454 | O24: =+IF(OR(O18="CUMPLE",O23="CUMPLE",O21="CUMPLE",O20="CUMPLE",O19="CUMPLE",O17="CUMPLE")*AND(N24>=A17),"CUMPLE","NO CUMPLE") -> CUMPLE | V24: 2015 | W24: 644350
A25: EVALUACION EXPERIENCIA GENERAL PROPONENTE | V25: 2014 | W25: 616000
A26: EXPERIENCIA ESPECIFICA PROPONENTE | V26: 2007 | W26: 433700
A27: El valor del contrato en SMMLV de uno (1) de los contratos válidos aportados para la acreditación de la experiencia general, deberá ser igual o mayor al 50% del valor del PRESUPUESTO OFICIAL (PO) del presente Proceso de Contratación. Por lo menos uno (1) de los contratos válidos aportados como experiencia general deberá acreditar la CONSTRUCCCION O RECONSTRUCCIÓN O AMPLIACIÓN O CONSERVACIÓN O ADECUACIÓN O MANTENIMIENTO O REFORZAMIENTO ESTRUCTURAL O REHABILITACIÓN ESTRUCTURAL DE UNA TORRE DE CONTROL AEROPORTUARIA | V27: 2023 | W27: 1160000
A28: 50% PO | B28: CTO´S | C28: No. CONSECUTIVO EN EL RUP | D28: CONTRATANTE | F28: PRESENTA DOCUMENTOS ENLISTADOS | G28: CUMPLE CODIGOS 72121100 72151500 72103300 72121400 | H28: CUMPLE EXPERIENCIA? | I28: QUIEN APORTA LA EXPERIENCIA? | J28: AÑO DE TERMINACION DEL CONTRATO | K28: VALOR TOTAL EN PESOS (2007) | L28: VALOR TOTAL SMMLV - RUP | M28: % PARTICIPACION | N28: VALOR TOTAL AFECTADO | O28: CUMPLE / NO CUMPLE | V28: 2022 | W28: 1000000
A29: =A17*50% -> 1793.1007 | B29: CTO 1 | C29: INARCO RUP 1 | D29: AERONAUTICA CIVIL | E29: CONTRATAR EL MANTENIMIENTO DE LAS TORRES DE CONTROL DE LOS AEROPUERTOS DE RIONEGRO - ATIOQUIA, MONTERIA - CORDOBA Y CAREPA ANTIOQUIA | F29: si | G29: si | H29: SI | I29: INARCO P y C SAS | J29: 42930 | K29: =L29*W23 -> 34871883 | L29: 47.27 | M29: 1 | N29: =L29*M29 -> 47.27 | O29: =+IF(AND(H29="SI",G29="SI"),"CUMPLE","NO CUMPLE") -> CUMPLE
B30: CTO 2 | C30: INARCO RUP 5 | D30: ALCALDIA DE SASAIMA | E30: MANTENIMIENTO,ADECUACION,CONSERVACION Y CONSTRUCCION DE BIENES INMUEBLES (AUDITORIO, PLAZA DE TOROS, BAÑOS PUBLICOS, COCINA PLAZA, HOGAR COMUNITARIO Y TIENDA DEL CAFÉ)DEL MUNICIPIO DE SASAIMA CUNDINAMARCA, INCLUYE AJUSTE A LOS ESTUDIOS Y DISEÑOS DEL MUNICIPIO DE SASAIMA CUNDINAMARCA | F30: si | G30: si | H30: SI | I30: INARCO P y C SAS | J30: 43131 | K30: =L30*W34 -> 1614628400 | L30: 2621.15 | M30: 1 | N30: =L30*M30 -> 2621.15 | O30: =+IF(AND(H30="SI",G30="SI"),"CUMPLE","NO CUMPLE") -> CUMPLE | R30: =+IF(OR(O30="CUMPLE")*AND(N30>=$R$16),"CUMPLE","NO CUMPLE") -> CUMPLE | V30: 2021 | W30: 908526
V31: 2015 | W31: 644350
A32: EVALUACION OFERTA ECONOMICA | N32: =SUM(N30) -> 2621.15 | O32: =+IF(AND(O30="CUMPLE",O29="CUMPLE")*AND(N32>=A29),"CUMPLE","NO CUMPLE") -> CUMPLE | V32: 2014 | W32: 616000
L34: PUNTAJE ASIGNADO | N34: 0 | O34: =O32 -> CUMPLE | V34: 2014 | W34: 616000
V35: 2012 | W35: 566700
V36: 2011 | W36: 535600
V37: 2010 | W37: 515000
V38: 2002 | W38: 309000
A39: EVALUACIÓN APOYO A LA INDUSTRIA NACIONAL( MAX 20 PUNTOS) NUMERAL 4.3. | V39: 2001 | W39: 286000
A40: SERVICIOS NACIONALES | C40: Para que el proponente obtenga puntaje por servicios nacionales debe presentar: A. Persona natural colombiana: La cédula de ciudadanía del proponente. B. Persona natural extranjera residente en Colombia: La visa de residencia que le permita la ejecución del objeto contractual de conformidad con la ley. C. Persona jurídica constituida en Colombia: el certificado de existencia y representación legal emitido por las Cámaras de Comercio. | M40: PUNTAJE ASIGNADO | V40: 2000 | W40: 260100
M41: CUMPLE | V41: 1999 | W41: 236438
V42: 1998 | W42: 203825
V43: 1997 | W43: 172005
A44: PROPONENTE EXTRANJERO PUNTAJE POR TRATO NACIONAL | C44: Para que el proponente extranjero obtenga puntaje por trato nacional debe acreditar que los servicios son originarios de los estados mencionados en la sección de acuerdos comerciales aplicables al presente proceso de contratación, información que se acreditará con los documentos que aporte el proponente extranjero para acreditar su domicilio. Para asignar el puntaje por servicios nacionales o por trato nacional el proponente nacional o extranjero con trato nacional no deben presentar el Formato 7 – Puntaje de Industria Nacional. Únicamente deberán presentar los documentos señalados en esta sección. | V44: 1996 | W44: 142125
M45: 20 | V45: 1996 | W45: 142125
C46: NOTA: La entidad asignará veinte (20) puntos a un proponente plural cuando todos sus integrantes cumplan con las anteriores condiciones. Cuando uno de sus integrantes no cumpla con las condiciones descritas no obtendrá puntaje por servicios nacionales o trato Nacional. El Formato 7 – Puntaje de Industria Nacional únicamente debe ser aportado por los proponentes extranjeros sin derecho a trato nacional que opten por incorporar personal calificado. En el evento que un proponente nacional o extranjero con trato nacional lo presente, no será una razón para no otorgar el puntaje de promoción de servicios nacionales o con trato nacional. | V46: 1996 | W46: 142125
V47: 2009 | W47: 496900
A48: EVALUACIÓN VINCULACIÓN DE PERSONAS CON DISCAPACIDAD. (MAX 1 PUNTO) NUMERAL 4.4. | V48: 2005 | W48: 381500
A49: La entidad asignará un (1) punto al proponente que acredite el número mínimo de personas con discapacidad de acuerdo con el número total de trabajadores de la planta de su personal en los términos señalados en el artículo 2.2.1.2.4.2.6. del Decreto 1082 de 2015 (adicionado por el Decreto 392 de 2018). | M49: PUNTAJE ASIGNADO | V49: 2004 | W49: 358000
A50: Para esto debe presentar: i) el Formato 6 – Vinculación de personas en condición de discapacidad suscrito por la persona natural, el representante legal o el revisor fiscal, según corresponda en el cual certifique el número total de trabajadores vinculados a la planta de personal del proponente o sus integrantes a la fecha de cierre del proceso de selección, ii) acreditar el número mínimo de personas con discapacidad en su planta de personal, de conformidad con lo señalado en el certificado expedido por el Ministerio de Trabajo, el cual deberá estar vigente a la fecha de cierre del proceso de selección. | M50: CUMPLE | V50: 2003 | W50: 332000
A51: Para los proponentes plurales, la entidad tendrá en cuenta la planta de personal del integrante del proponente plural que aporte como mínimo el cuarenta por ciento (40%) de la experiencia requerida para el proceso de contratación. Este porcentaje de experiencia se tomará sobre el “Valor mínimo a certificar (como % del presupuesto oficial expresado en SMMLV)” de conformidad con el numeral 3.8.1, sin importar si la experiencia es general o específica. | M51: 1 | V51: 2003 | W51: 332000
A52: FACTOR DE CALIDAD (19 PTS)
A53: (i) implementación del programa de gerencia de proyectos (19) La entidad asignará 19 puntos, al proponente que se comprometa a instaurar un programa de gerencia de proyectos mediante la suscripción del Formato 7A – Programa de gerencia de proyectos, en el cual bajo la gravedad de juramento conste el compromiso que en este sentido asume. | M53: CUMPLE | O53: 19
A54: EMPRENDIMIENTO MUJERES
A55: Para que el Proponente obtenga este puntaje debe diligenciar el Formato 12 – Acreditación de emprendimientos y empresas de mujeres y aportar la documentación requerida. Tratándose de Proponentes Plurales este puntaje solo se otorgará si por lo menos uno de los integrantes acredita la calidad de emprendimientos y empresas de mujeres y tiene una participación igual o superior al diez por ciento (10 %) en el Consorcio o en la Unión Temporal. | M55: CUMPLE | O55: 0.25
A56: MiPYME
A57: Así las cosas, para obtener el puntaje, el Proponente entregará copia del certificado del Registro Único de Proponentes, el cual deberá encontrarse vigente y en firme al momento de su presentación Tratándose de Proponentes Plurales este puntaje se otorgará si por lo menos uno de los integrantes acredita la calidad de Mipyme y tiene una participación igual o superior al diez por ciento (10 %) en el Consorcio o en la Unión Temporal | M57: CUMPLE | O57: 0.25
A58: OBRAS CIVILES INCONCLUSAS
A59: Las Entidades Estatales deben consultar y analizar las anotaciones vigentes que reposen en el Registro Nacional de Obras Civiles Inconclusas, de que trata la Ley 2020 de 2020. En el evento que las personas naturales o jurídicas, nacionales o extranjeras domiciliadas o con sucursal en Colombia, o integrantes de Proponentes Plurales, cuenten con alguna anotación vigente de obra civil inconclusa, en el mencionado registro, se descontará un (1) punto de la sumatoria obtenida en relación con el factor de calidad. En todo caso, no se descontará el puntaje en los términos previstos en el inciso anterior cuando el Proponente no oferte el factor de calidad, por lo que éste obtendrá cero (0) puntos en este criterio de evaluación. En esta circunstancia, la Entidad no podrá reducir el puntaje de la sumatoria obtenida en los demás factores de ponderación. | O59: 0
A60: CUMPLE / NO CUMPLE | I60: CUMPLE | V60: 1995 | W60: 118934
A61: EVALUACION FINAL | I61: CUMPLE | M61: =+O57+O55+O53+M51+M45+O59 -> 40.5 | V61: 1994 | W61: 98700
A62: Observaciones: | V62: 1993 | W62: 81510
V63: 1992 | W63: 65190
V64: 1991 | W64: 51720
V65: 1990 | W65: 41025
A76: 3108041163 | B76: OBJETO | C76: REALIZAR EL MANTENIMIENTO DE LA INFRAESTRUCTURA FISICA LADO TIERRA, INCLUYENDO SISTEMAS AEROPORTUARIOS DEL AEROPUERTO VASQUEZ COBO DE LA CIUDAD DE LETICIA (VF)

Sheet 6
A1: UNIDAD ADMINISTRATIVA ESPECIAL DE AERONAUTICA CIVIL | U1: 1 | V1: 20 | W1: 5
A2: 24001240 H4 2024 | Q2: SI | R2: CUMPLE | U2: 0 | V2: 5 | W2: 0
A3: REALIZAR EL MANTENIMIENTO DE LA INFRAESTRUCTURA FISICA LADO TIERRA, INCLUYENDO SISTEMAS AEROPORTUARIOS DEL AEROPUERTO VASQUEZ COBO DE LA CIUDAD DE LETICIA (VF) | Q3: NO | R3: NO CUMPLE | V3: 0
A4: 6 | B4: =_xlfn.XLOOKUP(A4,RESUMEN!$A$3:$A$19,RESUMEN!$C$3:$C$19) -> CONSORCIO INFRAESTRUCTURA MEJORADA 2025 | F4: % PO | I4: APORTANTE DE LA EXPERIENCIA - GENERAL | P4: =+I4 -> APORTANTE DE LA EXPERIENCIA - GENERAL | R4: 10
I5: GRUPO EMPRESARIAL CONCAS S.A.S. / NIT: 901.028.153-9 | O5: 0.9 | P5: =+I7 -> 0 | R5: 0
I6: CACR INGENIERIA Y CONSTRUCCIONES S.A.S. / NIT: 900.574.256-6 | O6: 0.1 | P6: =+I6 -> CACR INGENIERIA Y CONSTRUCCIONES S.A.S. / NIT: 900.574.256-6
P7: =+#REF! -> #REF!
F8: De 1 hasta 2 | H8: 0.75 | P8: =+I8 -> 0
F9: De 3 hasta 4 | H9: 1.2 | P9: =+I9 -> 0
F10: Hasta 5 | H10: 1.5 | I10: TOTAL | O10: =+SUM(O5:O9) -> 1
A11: CODIGOS | B11: 72121100 72151500 72103300 72121400 | C11: PRESUPUESTO A EVALUAR (P.O) | I11: 3108041163 | J11: PO SMMLV | M11: =I11/W13 -> 2390.8009 | R11: Registro Nacional de Obras Civiles Inconclusas
A13: REQUISITOS HABILITANTES (CUMPLE /NO CUMPLE) | V13: 2024 | W13: 1300000
A14: EXPERIENCIA GENERAL PROPONENTE
A15: OBRAS DE CONSTRUCCCION O RECONSTRUCCIÓN O AMPLIACIÓN O CONSERVACIÓN O ADECUACIÓN O MANTENIMIENTO O REFORZAMIENTO ESTRUCTURAL O REHABILITACIÓN ESTRUCTURAL DE: EDIFICACIONES NO RESIDENCIALES. | V15: 2023 | W15: 1160000
A16: % PO | B16: CTO´S | C16: No. CONSECUTIVO EN EL RUP | D16: CONTRATANTE | E16: INFO DEL CONTRATO | F16: PRESENTA DOCUMENTOS ENLISTADOS | G16: CUMPLE CODIGOS 72121100 72151500 72103300 72121400 | H16: CUMPLE EXPERIENCIA? | I16: QUIEN APORTA LA EXPERIENCIA? | J16: AÑO DE TERMINACION DEL CONTRATO | K16: VALOR TOTAL EN PESOS | L16: VALOR TOTAL SMMLV - RUP | M16: % PARTICIPACION | N16: VALOR TOTAL AFECTADO | O16: CUMPLE / NO CUMPLE | V16: 2022 | W16: 1000000
A17: =+M11*H8 -> 1793.1007 | B17: CTO 1 | C17: 6 | D17: MUNICIPIO BARRANCA DE UPIA - META | E17: 129 DE 2014 CONSTRUCCIÓN DE DOS BLOQUES DE SEIS (6) AULAS A Y B CON RAMPAS DE ACCESO Y ESCALERA DE ACCESO EN BLOQUE B EN EL COLEGIO FRANCISCO WALTER, MUNICIPIO DE BARRANCA DE UPÍA – META. | F17: SI | G17: SI | H17: SI | I17: CACR INGENIERIA Y CONSTRUCCIONE S S.A.S | J17: 28/12/2014 | K17: 1.4625018e+09 | L17: 2121.24 | M17: 0.99 | N17: =L17*M17 -> 2100.0276 | O17: =+IF(AND(H17="SI",G17="SI"),"CUMPLE","NO CUMPLE") -> CUMPLE | R17: =+((N17*M17)+N20)/A17 -> 1.1594593 | V17: 2021 | W17: 908526
B18: CTO 2 | C18: 71 | D18: UNIDAD ADMINISTRATIVA ESPECIAL DE AERONÁUTICA CIVIL - AEROCIVIL | E18: 22001163-H4 DE 2022 MANTENER LAS EDIFICACIONES DE TORRE DE CONTROL, BASE SEI, CANILES, CASA DE PLANTAS Y TERMINAL DEL AEROPUERTO FABIO LEON BENTLEY DE MITU | F18: SI | G18: SI | H18: SI | I18: GRUPO EMPRESARIAL CONCAS S.A.S | J18: 44877 | K18: 4.6606985e+08 | L18: 466.06 | M18: 1 | N18: =L18*M18 -> 466.06 | O18: =+IF(AND(H18="SI",G18="SI"),"CUMPLE","NO CUMPLE") -> CUMPLE | R18: =+(N17*M18)/A17 -> 1.1711711
B19: CTO 3 | N19: =L19*M19 -> 0 | O19: =+IF(AND(H19="SI",G19="SI"),"CUMPLE","NO CUMPLE") -> NO CUMPLE | R19: =((N17*M19)+N21)/A17 -> 0
B20: CTO 4 | N20: =IF(AND(G20="SI",H20="SI"),(L20*M20),0) -> 0 | O20: =+IF(AND(H20="SI",G20="SI"),"CUMPLE","NO CUMPLE") -> NO CUMPLE
B21: CTO 5 | N21: =IF(AND(G21="SI",H21="SI"),(L21*M21),0) -> 0 | O21: =+IF(AND(H21="SI",G21="SI"),"CUMPLE","NO CUMPLE") -> NO CUMPLE | V21: 2020 | W21: 877803
B22: CTO 6 | N22: =IF(AND(G22="SI",H22="SI"),(L22*M22),0) -> 0 | O22: =+IF(AND(H22="SI",G22="SI"),"CUMPLE","NO CUMPLE") -> NO CUMPLE | R22: =+N22/A17 -> 0 | V22: 2019 | W22: 828116
N23: =SUM(N17:N22) -> 2566.0876 | O23: =+IF(OR(O18="CUMPLE",O22="CUMPLE",O21="CUMPLE",O20="CUMPLE",O19="CUMPLE",O17="CUMPLE")*AND(N23>=A17),"CUMPLE","NO CUMPLE") -> CUMPLE | V23: 2018 | W23: 781242
A24: EVALUACION EXPERIENCIA GENERAL PROPONENTE | V24: 2017 | W24: 737717
A25: EXPERIENCIA ESPECIFICA PROPONENTE | V25: 2015 | W25: 644350
A26: El valor del contrato en SMMLV de uno (1) de los contratos válidos aportados para la acreditación de la experiencia general, deberá ser igual o mayor al 50% del valor del PRESUPUESTO OFICIAL (PO) del presente Proceso de Contratación. Por lo menos uno (1) de los contratos válidos aportados como experiencia general deberá acreditar la CONSTRUCCCION O RECONSTRUCCIÓN O AMPLIACIÓN O CONSERVACIÓN O ADECUACIÓN O MANTENIMIENTO O REFORZAMIENTO ESTRUCTURAL O REHABILITACIÓN ESTRUCTURAL DE UNA TORRE DE CONTROL AEROPORTUARIA | V26: 2014 | W26: 616000
A27: 50% PO | B27: CTO´S | C27: No. CONSECUTIVO EN EL RUP | D27: CONTRATANTE | F27: PRESENTA DOCUMENTOS ENLISTADOS | G27: CUMPLE CODIGOS 72121100 72151500 72103300 72121400 | H27: CUMPLE EXPERIENCIA? | I27: QUIEN APORTA LA EXPERIENCIA? | J27: AÑO DE TERMINACION DEL CONTRATO | K27: VALOR TOTAL EN PESOS (2007) | L27: VALOR TOTAL SMMLV - RUP | M27: % PARTICIPACION | N27: VALOR TOTAL AFECTADO | O27: CUMPLE / NO CUMPLE | V27: 2007 | W27: 433700
A28: =A17*50% -> 896.55034 | B28: CTO 1 | C28: 71 | D28: UNIDAD ADMINISTRATIVA ESPECIAL DE AERONÁUTICA CIVIL - AEROCIVIL | E28: 22001163-H4 DE 2022 MANTENER LAS EDIFICACIONES DE TORRE DE CONTROL, BASE SEI, CANILES, CASA DE PLANTAS Y TERMINAL DEL AEROPUERTO FABIO LEON BENTLEY DE MITU | F28: SI | G28: SI | H28: SI | I28: GRUPO EMPRESARIAL CONCAS S.A.S | J28: 44877 | K28: 4.6606985e+08 | L28: 466.06 | M28: 1 | N28: =L28*M28 -> 466.06 | O28: =+IF(AND(H28="SI",G28="SI"),"CUMPLE","NO CUMPLE") -> CUMPLE | V28: 2023 | W28: 1160000
B29: CTO 2 | C29: 6 | D29: MUNICIPIO BARRANCA DE UPIA - META | E29: 129 DE 2014 CONSTRUCCIÓN DE DOS BLOQUES DE SEIS (6) AULAS A Y B CON RAMPAS DE ACCESO Y ESCALERA DE ACCESO EN BLOQUE B EN EL COLEGIO FRANCISCO WALTER, MUNICIPIO DE BARRANCA DE UPÍA – META. | F29: SI | G29: SI | H29: SI | I29: CACR INGENIERIA Y CONSTRUCCIONE S S.A.S | J29: 28/12/2014 | K29: 1.4625018e+09 | L29: 2121.24 | M29: 0.99 | N29: =L29*M29 -> 2100.0276 | O29: =+IF(AND(H29="SI",G29="SI"),"CUMPLE","NO CUMPLE") -> CUMPLE | V29: 2022 | W29: 1000000
A31: EVALUACION OFERTA ECONOMICA | N31: =SUM(N29) -> 2100.0276 | O31: =+IF(AND(O29="CUMPLE",O28="CUMPLE")*AND(N31>=A28),"CUMPLE","NO CUMPLE") -> CUMPLE | R31: =+IF(OR(O31="CUMPLE")*AND(N31>=$R$16),"CUMPLE","NO CUMPLE") -> CUMPLE | V31: 2021 | W31: 908526
V32: 2015 | W32: 644350
L33: PUNTAJE ASIGNADO | N33: 0 | O33: =O31 -> CUMPLE | V33: 2014 | W33: 616000
V35: 2014 | W35: 616000
V36: 2012 | W36: 566700
V37: 2011 | W37: 535600
A38: EVALUACIÓN APOYO A LA INDUSTRIA NACIONAL( MAX 20 PUNTOS) NUMERAL 4.3. | V38: 2010 | W38: 515000
A39: SERVICIOS NACIONALES | C39: Para que el proponente obtenga puntaje por servicios nacionales debe presentar: A. Persona natural colombiana: La cédula de ciudadanía del proponente. B. Persona natural extranjera residente en Colombia: La visa de residencia que le permita la ejecución del objeto contractual de conformidad con la ley. C. Persona jurídica constituida en Colombia: el certificado de existencia y representación legal emitido por las Cámaras de Comercio. | M39: PUNTAJE ASIGNADO | V39: 2002 | W39: 309000
M40: CUMPLE | V40: 2001 | W40: 286000
V41: 2000 | W41: 260100
V42: 1999 | W42: 236438
A43: PROPONENTE EXTRANJERO PUNTAJE POR TRATO NACIONAL | C43: Para que el proponente extranjero obtenga puntaje por trato nacional debe acreditar que los servicios son originarios de los estados mencionados en la sección de acuerdos comerciales aplicables al presente proceso de contratación, información que se acreditará con los documentos que aporte el proponente extranjero para acreditar su domicilio. Para asignar el puntaje por servicios nacionales o por trato nacional el proponente nacional o extranjero con trato nacional no deben presentar el Formato 7 – Puntaje de Industria Nacional. Únicamente deberán presentar los documentos señalados en esta sección. | V43: 1998 | W43: 203825
M44: 20 | V44: 1997 | W44: 172005
C45: NOTA: La entidad asignará veinte (20) puntos a un proponente plural cuando todos sus integrantes cumplan con las anteriores condiciones. Cuando uno de sus integrantes no cumpla con las condiciones descritas no obtendrá puntaje por servicios nacionales o trato Nacional. El Formato 7 – Puntaje de Industria Nacional únicamente debe ser aportado por los proponentes extranjeros sin derecho a trato nacional que opten por incorporar personal calificado. En el evento que un proponente nacional o extranjero con trato nacional lo presente, no será una razón para no otorgar el puntaje de promoción de servicios nacionales o con trato nacional. | V45: 1996 | W45: 142125
V46: 1996 | W46: 142125
A47: EVALUACIÓN VINCULACIÓN DE PERSONAS CON DISCAPACIDAD. (MAX 1 PUNTO) NUMERAL 4.4. | V47: 1996 | W47: 142125
A48: La entidad asignará un (1) punto al proponente que acredite el número mínimo de personas con discapacidad de acuerdo con el número total de trabajadores de la planta de su personal en los términos señalados en el artículo 2.2.1.2.4.2.6. del Decreto 1082 de 2015 (adicionado por el Decreto 392 de 2018). | M48: PUNTAJE ASIGNADO | V48: 2009 | W48: 496900
A49: Para esto debe presentar: i) el Formato 6 – Vinculación de personas en condición de discapacidad suscrito por la persona natural, el representante legal o el revisor fiscal, según corresponda en el cual certifique el número total de trabajadores vinculados a la planta de personal del proponente o sus integrantes a la fecha de cierre del proceso de selección, ii) acreditar el número mínimo de personas con discapacidad en su planta de personal, de conformidad con lo señalado en el certificado expedido por el Ministerio de Trabajo, el cual deberá estar vigente a la fecha de cierre del proceso de selección. | M49: CUMPLE | V49: 2005 | W49: 381500
A50: Para los proponentes plurales, la entidad tendrá en cuenta la planta de personal del integrante del proponente plural que aporte como mínimo el cuarenta por ciento (40%) de la experiencia requerida para el proceso de contratación. Este porcentaje de experiencia se tomará sobre el “Valor mínimo a certificar (como % del presupuesto oficial expresado en SMMLV)” de conformidad con el numeral 3.8.1, sin importar si la experiencia es general o específica. | M50: 1 | V50: 2004 | W50: 358000
A51: FACTOR DE CALIDAD (19 PTS) | V51: 2003 | W51: 332000
A52: (i) implementación del programa de gerencia de proyectos (19) La entidad asignará 19 puntos, al proponente que se comprometa a instaurar un programa de gerencia de proyectos mediante la suscripción del Formato 7A – Programa de gerencia de proyectos, en el cual bajo la gravedad de juramento conste el compromiso que en este sentido asume. | M52: CUMPLE | O52: 19 | V52: 2003 | W52: 332000
A53: EMPRENDIMIENTO MUJERES
A54: Para que el Proponente obtenga este puntaje debe diligenciar el Formato 12 – Acreditación de emprendimientos y empresas de mujeres y aportar la documentación requerida. Tratándose de Proponentes Plurales este puntaje solo se otorgará si por lo menos uno de los integrantes acredita la calidad de emprendimientos y empresas de mujeres y tiene una participación igual o superior al diez por ciento (10 %) en el Consorcio o en la Unión Temporal. | M54: CUMPLE | O54: 0.25
A55: MiPYME
A56: Así las cosas, para obtener el puntaje, el Proponente entregará copia del certificado del Registro Único de Proponentes, el cual deberá encontrarse vigente y en firme al momento de su presentación Tratándose de Proponentes Plurales este puntaje se otorgará si por lo menos uno de los integrantes acredita la calidad de Mipyme y tiene una participación igual o superior al diez por ciento (10 %) en el Consorcio o en la Unión Temporal | M56: CUMPLE | O56: 0.25
A57: OBRAS CIVILES INCONCLUSAS
A58: Las Entidades Estatales deben consultar y analizar las anotaciones vigentes que reposen en el Registro Nacional de Obras Civiles Inconclusas, de que trata la Ley 2020 de 2020. En el evento que las personas naturales o jurídicas, nacionales o extranjeras domiciliadas o con sucursal en Colombia, o integrantes de Proponentes Plurales, cuenten con alguna anotación vigente de obra civil inconclusa, en el mencionado registro, se descontará un (1) punto de la sumatoria obtenida en relación con el factor de calidad. En todo caso, no se descontará el puntaje en los términos previstos en el inciso anterior cuando el Proponente no oferte el factor de calidad, por lo que éste obtendrá cero (0) puntos en este criterio de evaluación. En esta circunstancia, la Entidad no podrá reducir el puntaje de la sumatoria obtenida en los demás factores de ponderación. | O58: 0
A59: CUMPLE / NO CUMPLE | I59: CUMPLE
A60: EVALUACION FINAL | I60: CUMPLE | M60: =+O56+O54+O52+M50+M44+O58 -> 40.5
A61: Observaciones: | V61: 1995 | W61: 118934
V62: 1994 | W62: 98700
V63: 1993 | W63: 81510
V64: 1992 | W64: 65190
V65: 1991 | W65: 51720
V66: 1990 | W66: 41025
A75: 3108041163 | B75: OBJETO | C75: REALIZAR EL MANTENIMIENTO DE LA INFRAESTRUCTURA FISICA LADO TIERRA, INCLUYENDO SISTEMAS AEROPORTUARIOS DEL AEROPUERTO VASQUEZ COBO DE LA CIUDAD DE LETICIA (VF)

Sheet 7
A1: UNIDAD ADMINISTRATIVA ESPECIAL DE AERONAUTICA CIVIL | U1: 1 | V1: 20 | W1: 5
A2: 24001240 H4 2024 | Q2: SI | R2: CUMPLE | U2: 0 | V2: 5 | W2: 0
A3: REALIZAR EL MANTENIMIENTO DE LA INFRAESTRUCTURA FISICA LADO TIERRA, INCLUYENDO SISTEMAS AEROPORTUARIOS DEL AEROPUERTO VASQUEZ COBO DE LA CIUDAD DE LETICIA (VF) | Q3: NO | R3: NO CUMPLE | V3: 0
A4: 7 | B4: =_xlfn.XLOOKUP(A4,RESUMEN!$A$3:$A$19,RESUMEN!$C$3:$C$19) -> CONSORCIO AEROCERIAS | F4: % PO | I4: APORTANTE DE LA EXPERIENCIA - GENERAL | P4: =+I4 -> APORTANTE DE LA EXPERIENCIA - GENERAL | R4: 10
I5: DIMAR OBRAS DE INGENIERIA S.A.S. NIT. 901.474272-9 | O5: 0.5 | P5: =+I7 -> 0 | R5: 0
I6: IP INVERSIONES Y PROYECTOS S.A.S. NIT. 901.267.297-5 | O6: 0.5 | P6: =+I6 -> IP INVERSIONES Y PROYECTOS S.A.S. NIT. 901.267.297-5
P7: =+#REF! -> #REF!
F8: De 1 hasta 2 | H8: 0.75 | P8: =+I8 -> 0
F9: De 3 hasta 4 | H9: 1.2 | P9: =+I9 -> 0
F10: Hasta 5 | H10: 1.5 | I10: TOTAL | O10: =+SUM(O5:O9) -> 1
A11: CODIGOS | B11: 72121100 72151500 72103300 72121400 | C11: PRESUPUESTO A EVALUAR (P.O) | I11: 3108041163 | J11: PO SMMLV | M11: =I11/W13 -> 2390.8009 | R11: Registro Nacional de Obras Civiles Inconclusas
A13: REQUISITOS HABILITANTES (CUMPLE /NO CUMPLE) | V13: 2024 | W13: 1300000
A14: EXPERIENCIA GENERAL PROPONENTE
A15: OBRAS DE CONSTRUCCCION O RECONSTRUCCIÓN O AMPLIACIÓN O CONSERVACIÓN O ADECUACIÓN O MANTENIMIENTO O REFORZAMIENTO ESTRUCTURAL O REHABILITACIÓN ESTRUCTURAL DE: EDIFICACIONES NO RESIDENCIALES. | V15: 2023 | W15: 1160000
A16: % PO | B16: CTO´S | C16: No. CONSECUTIVO EN EL RUP | D16: CONTRATANTE | E16: INFO DEL CONTRATO | F16: PRESENTA DOCUMENTOS ENLISTADOS | G16: CUMPLE CODIGOS 72121100 72151500 72103300 72121400 | H16: CUMPLE EXPERIENCIA? | I16: QUIEN APORTA LA EXPERIENCIA? | J16: AÑO DE TERMINACION DEL CONTRATO | K16: VALOR TOTAL EN PESOS | L16: VALOR TOTAL SMMLV - RUP | M16: % PARTICIPACION | N16: VALOR TOTAL AFECTADO | O16: CUMPLE / NO CUMPLE | R16: =M11*0.3 -> 717.24027 | S16: 30% PO | V16: 2022 | W16: 1000000
A17: =+M11*H9 -> 2868.9611 | B17: CTO 1 | C17: 3 | D17: AERONAUTICA CIVIL | E17: 22001088 H4 23400C1047 REALIZAR MANTENIMIENTO DE LA INFRAESTRUCTURA AEROPORTUARIA DE LAS AREAS A CARGO DE LA AEROCIVIL EN EL AEROPUERTO DE RIONEGRO | F17: SI | G17: SI | H17: SI | I17: DIMAR OBRAS DE INGENIERIA S.A.S. | J17: 15/12/2022 | L17: 242.27 | M17: 0.5 | N17: =L17*M17 -> 121.135 | O17: =+IF(AND(H17="SI",G17="SI"),"CUMPLE","NO CUMPLE") -> CUMPLE | R17: =+N17/A17 -> 0.042222601 | V17: 2021 | W17: 908526
B18: CTO 2 | C18: 16 | D18: EMPRESA INMOBILIARIA CUNDINAMARQUESA | E18: CONTRATO DE OBRA CIVIL No. 042 - 12 REALIZAR LAS OBRAS DE REMODELACION Y ADECUACION DE ALGUNAS AREAS DENTRO DEL CENTRO DE ALTO RENDIMIENTO DE CUNDINAMARCA, UBICADO EN LA CALLE 15 No. 19-65 DEL MUNICIPIO DE FUSAGASUGA (CUNDINAMARCA) | F18: SI | G18: SI | H18: SI | I18: IP INVERSIONES Y PROYECTOS S.A.S. | J18: 41280 | L18: 5284.77 | M18: 0.6 | N18: =L18*M18 -> 3170.862 | O18: =+IF(AND(H18="SI",G18="SI"),"CUMPLE","NO CUMPLE") -> CUMPLE | R18: =+N18/A17 -> 1.1052301
B19: CTO 3 | C19: 5 | D19: POLICIA NACIONAL | E19: 06-6-10208-22 MANTENIMIENTO PREVENTIVO Y CORRECTIVO PARA LAS INSTALACIONES DE LA POLICIA NACIONAL, CON EJECUCION POR TRACTO SUCESIVO, A PRECIOS UNITARIOS FIJOS SIN FORMULA DE REAJUSTE | F19: SI | G19: SI | H19: SI | I19: DIMAR OBRAS DE INGENIERIA S.A.S. | J19: 31/08/2023 | L19: 1166.89 | M19: 0.5 | N19: =L19*M19 -> 583.445 | O19: =+IF(AND(H19="SI",G19="SI"),"CUMPLE","NO CUMPLE") -> CUMPLE | V19: 2020 | W19: 877803
B20: CTO 4 | C20: 48 | D20: INSTITUTO NACIONAL DE MEDICINA LEGAL Y CIENCIAS | E20: 364-SG-2014 CONSTRUCCION Y DOTACION SEDE MEDICINA LEGAL SECCIONAL MAGDALENA SANTA MARTA - PRIMERA ETAPA | F20: SI | G20: SI | H20: SI | I20: IP INVERSIONES Y PROYECTOS S.A.S. | J20: 42106 | L20: 3611.19 | M20: 0.6 | N20: =L20*M20 -> 2166.714 | O20: =+IF(AND(H20="SI",G20="SI"),"CUMPLE","NO CUMPLE") -> CUMPLE | V20: 2019 | W20: 828116
B21: CTO 5 | N21: =IF(AND(G21="SI",H21="SI"),(L21*M21),0) -> 0 | O21: =+IF(AND(H21="SI",G21="SI"),"CUMPLE","NO CUMPLE") -> NO CUMPLE | V21: 2018 | W21: 781242
B22: CTO 6 | N22: =IF(AND(G22="SI",H22="SI"),(L22*M22),0) -> 0 | O22: =+IF(AND(H22="SI",G22="SI"),"CUMPLE","NO CUMPLE") -> NO CUMPLE | V22: 2017 | W22: 737717
N23: =SUM(N17:N22) -> 6042.156 | O23: =+IF(OR(O18="CUMPLE",O22="CUMPLE",O21="CUMPLE",O20="CUMPLE",O19="CUMPLE",O17="CUMPLE")*AND(N23>=A17),"CUMPLE","NO CUMPLE") -> CUMPLE | V23: 2015 | W23: 644350
A24: EVALUACION EXPERIENCIA GENERAL PROPONENTE | V24: 2014 | W24: 616000
A25: EXPERIENCIA ESPECIFICA PROPONENTE | V25: 2007 | W25: 433700
A26: El valor del contrato en SMMLV de uno (1) de los contratos válidos aportados para la acreditación de la experiencia general, deberá ser igual o mayor al 50% del valor del PRESUPUESTO OFICIAL (PO) del presente Proceso de Contratación. Por lo menos uno (1) de los contratos válidos aportados como experiencia general deberá acreditar la CONSTRUCCCION O RECONSTRUCCIÓN O AMPLIACIÓN O CONSERVACIÓN O ADECUACIÓN O MANTENIMIENTO O REFORZAMIENTO ESTRUCTURAL O REHABILITACIÓN ESTRUCTURAL DE UNA TORRE DE CONTROL AEROPORTUARIA | V26: 2023 | W26: 1160000
A27: 50% PO | B27: CTO´S | C27: No. CONSECUTIVO EN EL RUP | D27: CONTRATANTE | E27: INFO DEL CONTRATO | F27: PRESENTA DOCUMENTOS ENLISTADOS | G27: CUMPLE CODIGOS 72121100 72151500 72103300 72121400 | H27: CUMPLE EXPERIENCIA? | I27: QUIEN APORTA LA EXPERIENCIA? | J27: AÑO DE TERMINACION DEL CONTRATO | K27: VALOR TOTAL EN PESOS (2007) | L27: VALOR TOTAL SMMLV - RUP | M27: % PARTICIPACION | N27: VALOR TOTAL AFECTADO | O27: CUMPLE / NO CUMPLE | V27: 2022 | W27: 1000000
A28: =A17*50% -> 1434.4805 | B28: CTO 1 | C28: 3 | D28: AERONAUTICA CIVIL | E28: 22001088 H4 23400C1047 REALIZAR MANTENIMIENTO DE LA INFRAESTRUCTURA AEROPORTUARIA DE LAS AREAS A CARGO DE LA AEROCIVIL EN EL AEROPUERTO DE RIONEGRO | F28: SI | G28: SI | H28: SI | I28: DIMAR OBRAS DE INGENIERIA S.A.S. | J28: 15/12/2022 | L28: 242.27 | M28: 0.5 | N28: =L28*M28 -> 121.135 | O28: =+IF(AND(H28="SI",G28="SI"),"CUMPLE","NO CUMPLE") -> CUMPLE
B29: CTO 2 | C29: 16 | D29: EMPRESA INMOBILIARIA CUNDINAMARQUESA | E29: CONTRATO DE OBRA CIVIL No. 042 - 12 REALIZAR LAS OBRAS DE REMODELACION Y ADECUACION DE ALGUNAS AREAS DENTRO DEL CENTRO DE ALTO RENDIMIENTO DE CUNDINAMARCA, UBICADO EN LA CALLE 15 No. 19-65 DEL MUNICIPIO DE FUSAGASUGA (CUNDINAMARCA) | F29: SI | G29: SI | H29: SI | I29: IP INVERSIONES Y PROYECTOS S.A.S. | J29: 41280 | L29: 5284.77 | M29: 0.6 | N29: =L29*M29 -> 3170.862 | O29: =+IF(AND(H29="SI",G29="SI"),"CUMPLE","NO CUMPLE") -> CUMPLE | R29: =+IF(OR(O29="CUMPLE")*AND(N29>=$R$16),"CUMPLE","NO CUMPLE") -> CUMPLE | V29: 2021 | W29: 908526
V30: 2015 | W30: 644350
A31: EVALUACION OFERTA ECONOMICA | N31: =SUM(N29) -> 3170.862 | O31: =+IF(AND(O29="CUMPLE",O28="CUMPLE")*AND(N31>=A28),"CUMPLE","NO CUMPLE") -> CUMPLE | V31: 2014 | W31: 616000
L33: PUNTAJE ASIGNADO | N33: 0 | O33: =O31 -> CUMPLE | V33: 2014 | W33: 616000
V34: 2012 | W34: 566700
V35: 2011 | W35: 535600
V36: 2010 | W36: 515000
V37: 2002 | W37: 309000
A38: EVALUACIÓN APOYO A LA INDUSTRIA NACIONAL( MAX 20 PUNTOS) NUMERAL 4.3. | V38: 2001 | W38: 286000
A39: SERVICIOS NACIONALES | C39: Para que el proponente obtenga puntaje por servicios nacionales debe presentar: A. Persona natural colombiana: La cédula de ciudadanía del proponente. B. Persona natural extranjera residente en Colombia: La visa de residencia que le permita la ejecución del objeto contractual de conformidad con la ley. C. Persona jurídica constituida en Colombia: el certificado de existencia y representación legal emitido por las Cámaras de Comercio. | M39: PUNTAJE ASIGNADO | V39: 2000 | W39: 260100
M40: CUMPLE | V40: 1999 | W40: 236438
V41: 1998 | W41: 203825
V42: 1997 | W42: 172005
A43: PROPONENTE EXTRANJERO PUNTAJE POR TRATO NACIONAL | C43: Para que el proponente extranjero obtenga puntaje por trato nacional debe acreditar que los servicios son originarios de los estados mencionados en la sección de acuerdos comerciales aplicables al presente proceso de contratación, información que se acreditará con los documentos que aporte el proponente extranjero para acreditar su domicilio. Para asignar el puntaje por servicios nacionales o por trato nacional el proponente nacional o extranjero con trato nacional no deben presentar el Formato 7 – Puntaje de Industria Nacional. Únicamente deberán presentar los documentos señalados en esta sección. | V43: 1996 | W43: 142125
M44: 20 | V44: 1996 | W44: 142125
C45: NOTA: La entidad asignará veinte (20) puntos a un proponente plural cuando todos sus integrantes cumplan con las anteriores condiciones. Cuando uno de sus integrantes no cumpla con las condiciones descritas no obtendrá puntaje por servicios nacionales o trato Nacional. El Formato 7 – Puntaje de Industria Nacional únicamente debe ser aportado por los proponentes extranjeros sin derecho a trato nacional que opten por incorporar personal calificado. En el evento que un proponente nacional o extranjero con trato nacional lo presente, no será una razón para no otorgar el puntaje de promoción de servicios nacionales o con trato nacional. | V45: 1996 | W45: 142125
V46: 2009 | W46: 496900
A47: EVALUACIÓN VINCULACIÓN DE PERSONAS CON DISCAPACIDAD. (MAX 1 PUNTO) NUMERAL 4.4. | V47: 2005 | W47: 381500
A48: La entidad asignará un (1) punto al proponente que acredite el número mínimo de personas con discapacidad de acuerdo con el número total de trabajadores de la planta de su personal en los términos señalados en el artículo 2.2.1.2.4.2.6. del Decreto 1082 de 2015 (adicionado por el Decreto 392 de 2018). | M48: PUNTAJE ASIGNADO | V48: 2004 | W48: 358000
A49: Para esto debe presentar: i) el Formato 6 – Vinculación de personas en condición de discapacidad suscrito por la persona natural, el representante legal o el revisor fiscal, según corresponda en el cual certifique el número total de trabajadores vinculados a la planta de personal del proponente o sus integrantes a la fecha de cierre del proceso de selección, ii) acreditar el número mínimo de personas con discapacidad en su planta de personal, de conformidad con lo señalado en el certificado expedido por el Ministerio de Trabajo, el cual deberá estar vigente a la fecha de cierre del proceso de selección. | M49: NO CUMPLE | V49: 2003 | W49: 332000
A50: Para los proponentes plurales, la entidad tendrá en cuenta la planta de personal del integrante del proponente plural que aporte como mínimo el cuarenta por ciento (40%) de la experiencia requerida para el proceso de contratación. Este porcentaje de experiencia se tomará sobre el “Valor mínimo a certificar (como % del presupuesto oficial expresado en SMMLV)” de conformidad con el numeral 3.8.1, sin importar si la experiencia es general o específica. | M50: 0 | V50: 2003 | W50: 332000
A51: FACTOR DE CALIDAD (19 PTS)
A52: (i) implementación del programa de gerencia de proyectos (19) La entidad asignará 19 puntos, al proponente que se comprometa a instaurar un programa de gerencia de proyectos mediante la suscripción del Formato 7A – Programa de gerencia de proyectos, en el cual bajo la gravedad de juramento conste el compromiso que en este sentido asume. | M52: CUMPLE | O52: 19
A53: EMPRENDIMIENTO MUJERES
A54: Para que el Proponente obtenga este puntaje debe diligenciar el Formato 12 – Acreditación de emprendimientos y empresas de mujeres y aportar la documentación requerida. Tratándose de Proponentes Plurales este puntaje solo se otorgará si por lo menos uno de los integrantes acredita la calidad de emprendimientos y empresas de mujeres y tiene una participación igual o superior al diez por ciento (10 %) en el Consorcio o en la Unión Temporal. | M54: CUMPLE | O54: 0.25 | S54: 1
A55: MiPYME
A56: Así las cosas, para obtener el puntaje, el Proponente entregará copia del certificado del Registro Único de Proponentes, el cual deberá encontrarse vigente y en firme al momento de su presentación Tratándose de Proponentes Plurales este puntaje se otorgará si por lo menos uno de los integrantes acredita la calidad de Mipyme y tiene una participación igual o superior al diez por ciento (10 %) en el Consorcio o en la Unión Temporal | M56: CUMPLE | O56: 0.25
A57: OBRAS CIVILES INCONCLUSAS
A58: Las Entidades Estatales deben consultar y analizar las anotaciones vigentes que reposen en el Registro Nacional de Obras Civiles Inconclusas, de que trata la Ley 2020 de 2020. En el evento que las personas naturales o jurídicas, nacionales o extranjeras domiciliadas o con sucursal en Colombia, o integrantes de Proponentes Plurales, cuenten con alguna anotación vigente de obra civil inconclusa, en el mencionado registro, se descontará un (1) punto de la sumatoria obtenida en relación con el factor de calidad. En todo caso, no se descontará el puntaje en los términos previstos en el inciso anterior cuando el Proponente no oferte el factor de calidad, por lo que éste obtendrá cero (0) puntos en este criterio de evaluación. En esta circunstancia, la Entidad no podrá reducir el puntaje de la sumatoria obtenida en los demás factores de ponderación. | O58: 0
A59: CUMPLE / NO CUMPLE | I59: CUMPLE | V59: 1995 | W59: 118934
A60: EVALUACION FINAL | I60: CUMPLE | M60: =+O56+O54+O52+M50+M44+O58 -> 39.5 | V60: 1994 | W60: 98700
A61: Observaciones: - NO CUMPLE EVALUACIÓN DE PERSONAS CON DISCAPACIDAD DEBIDO A QUE EL CERTIFICADO DE MINTRABAJO NO CUMPLE CON VIGENCIA DE 6 MESES. | V61: 1993 | W61: 81510
V62: 1992 | W62: 65190
V63: 1991 | W63: 51720
V64: 1990 | W64: 41025
A75: 3108041163 | B75: OBJETO | C75: REALIZAR EL MANTENIMIENTO DE LA INFRAESTRUCTURA FISICA LADO TIERRA, INCLUYENDO SISTEMAS AEROPORTUARIOS DEL AEROPUERTO VASQUEZ COBO DE LA CIUDAD DE LETICIA (VF)

Sheet 8
A1: UNIDAD ADMINISTRATIVA ESPECIAL DE AERONAUTICA CIVIL | U1: 1 | V1: 20 | W1: 5
A2: 24001240 H4 2024 | Q2: SI | R2: CUMPLE | U2: 0 | V2: 5 | W2: 0
A3: REALIZAR EL MANTENIMIENTO DE LA INFRAESTRUCTURA FISICA LADO TIERRA, INCLUYENDO SISTEMAS AEROPORTUARIOS DEL AEROPUERTO VASQUEZ COBO DE LA CIUDAD DE LETICIA (VF) | Q3: NO | R3: NO CUMPLE | V3: 0
A4: 8 | B4: =_xlfn.XLOOKUP(A4,RESUMEN!$A$3:$A$19,RESUMEN!$C$3:$C$19) -> CONSORCIO OBRAS RJ | F4: % PO | I4: APORTANTE DE LA EXPERIENCIA - GENERAL | P4: =+I4 -> APORTANTE DE LA EXPERIENCIA - GENERAL | R4: 10
I5: XXXXXXXXXX | O5: X | P5: =+I7 -> XXXXXXXXXXXXX | R5: 0
I6: XXXXXXXXXXXXX | O6: X | P6: =+I6 -> XXXXXXXXXXXXX
I7: XXXXXXXXXXXXX | O7: X | P7: =+#REF! -> #REF!
F8: De 1 hasta 2 | H8: 0.75 | P8: =+I8 -> 0
F9: De 3 hasta 4 | H9: 1.2 | P9: =+I9 -> 0
F10: Hasta 5 | H10: 1.5 | I10: TOTAL | O10: =+SUM(O5:O9) -> 0
A11: CODIGOS | B11: 72121100 72151500 72103300 72121400 | C11: PRESUPUESTO A EVALUAR (P.O) | I11: 3108041163 | J11: PO SMMLV | M11: =I11/W13 -> 2390.8009 | R11: Registro Nacional de Obras Civiles Inconclusas
A13: REQUISITOS HABILITANTES (CUMPLE /NO CUMPLE) | V13: 2024 | W13: 1300000
A14: EXPERIENCIA GENERAL PROPONENTE
A15: OBRAS DE CONSTRUCCCION O RECONSTRUCCIÓN O AMPLIACIÓN O CONSERVACIÓN O ADECUACIÓN O MANTENIMIENTO O REFORZAMIENTO ESTRUCTURAL O REHABILITACIÓN ESTRUCTURAL DE: EDIFICACIONES NO RESIDENCIALES. | V15: 2023 | W15: 1160000
A16: % PO | B16: CTO´S | C16: No. CONSECUTIVO EN EL RUP | D16: CONTRATANTE | E16: INFO DEL CONTRATO | F16: PRESENTA DOCUMENTOS ENLISTADOS | G16: CUMPLE CODIGOS 72121100 72151500 72103300 72121400 | H16: CUMPLE EXPERIENCIA? | I16: QUIEN APORTA LA EXPERIENCIA? | J16: AÑO DE TERMINACION DEL CONTRATO | K16: VALOR TOTAL EN PESOS | L16: VALOR TOTAL SMMLV - RUP | M16: % PARTICIPACION | N16: VALOR TOTAL AFECTADO | O16: CUMPLE / NO CUMPLE | R16: =M11*0.3 -> 717.24027 | S16: 30% PO | V16: 2022 | W16: 1000000
A17: =+M11*H9 -> 2868.9611 | B17: CTO 1 | C17: RAELJA INGENIERÍA S.A.S. RUP 81 | D17: INSTITUTO COLOMBIANO DE CREDITO EDUCATIVO Y ESTUDIOS TECNICOS EN EL EXTERIOR "MARIANO OSPINA PEREZ" - ICETEX | E17: CONTRATAR A PRECIOS UNITARIOS, SIN FORMULA DE AJUSTE, LAS OBRAS DE ADECUACION FISICA, ELECTRICA Y DOTACION CON INSTALACION DEL NUEVO PUNTO DE ATENCION DEL ICETEX, UBICADO EN LA CALLE 57 No 8-69 LOCALES 46,48 Y 50 EN LA CIUDAD DE BOGOTA | F17: SI | G17: SI | H17: SI | I17: RAELJA INGENIERÍA S.A.S. | J17: 42737 | K17: =L17*W22 -> 6.560296e+08 | L17: 889.27 | M17: 1 | N17: =L17*M17 -> 889.27 | O17: =+IF(AND(H17="SI",G17="SI"),"CUMPLE","NO CUMPLE") -> CUMPLE | R17: =+IF(OR(O17="CUMPLE")*AND(N17>=$R$16),"CUMPLE","NO CUMPLE") -> CUMPLE | S17: =+K17/W16 -> 656.0296 | V17: 2021 | W17: 908526
B18: CTO 2 | C18: RAELJA INGENIERÍA S.A.S. RUP 92 | D18: INSTITUTO COLOMBIANO AGROPECUARIO - ICA | E18: ADECUACION Y MANTENIMIENTO DEL LABORATORIO NACIONAL DE INSUMOS AGRICOLAS - LANIA, LABORATORIO NACIONAL DE INSUMOS PECUARIOS - LANIP, ESTACION DE CUARENTENA VEGETAL LANIP, AREA ADMINISTRATIVA LNDV. LABORATORIO NACIONAL DE DIAGNOSTICO VETERINARIO Y AREA GRUPO DE GESTION CALIDAD ANALITICA, LNDV. | F18: SI | G18: SI | H18: SI | I18: RAELJA INGENIERÍA S.A.S. | J18: 44561 | K18: =L18*W17 -> 1.9411021e+09 | L18: 2136.54 | M18: 1 | N18: =L18*M18 -> 2136.54 | O18: =+IF(AND(H18="SI",G18="SI"),"CUMPLE","NO CUMPLE") -> CUMPLE
B19: CTO 3 | C19: RAELJA INGENIERÍA S.A.S. RUP 110 | D19: UNIDAD ADMINISTRATIVA ESPECIAL AERONAUTICA CIVIL - AEROCIVIL | E19: MANTENIMIENTO, CONSERVACION Y ADECUACION DE LA INFRAESTRUCTURA AEROPORTUARIA DE LOS AEROPUERTOS DE FLANDES, CHAPARRAL, NEIVA, MARIQUITA, IBAGUE Y PITALITO. | F19: SI | G19: SI | H19: SI | I19: RAELJA INGENIERÍA S.A.S. | J19: 43045 | K19: =$L$19*$W$22 -> 3.8212265e+08 | L19: 517.98 | M19: 1 | N19: =L19*M19 -> 517.98 | O19: =+IF(AND(H19="SI",G19="SI"),"CUMPLE","NO CUMPLE") -> CUMPLE | R19: =+IF(OR(O19="CUMPLE")*AND(N19>=$R$16),"CUMPLE","NO CUMPLE") -> NO CUMPLE | S19: =+K19/W34 -> 674.29443 | T19: Ok | V19: 2020 | W19: 877803
B20: CTO 4 | C20: JOPB INGENIERÍA S.A.S. RUP 83 | D20: MUNICIPIO DE IBAGUE | E20: CONTRATAR EL MANTENIMIENTO PREVENTIVO Y CORRECTIVO DE LOS BIENES INMUEBLES A CARGO DE LA SECRETARÍA ADMINISTRATIVA DE LA ALCALDÍA DE IBAGUÉ. | F20: SI | G20: SI | H20: SI | I20: JOPB INGENIERÍA S.A.S. | J20: 44908 | K20: =L20*W16 -> 754880000 | L20: 754.88 | M20: 1 | N20: =L20*M20 -> 754.88 | O20: =+IF(AND(H20="SI",G20="SI"),"CUMPLE","NO CUMPLE") -> CUMPLE | R20: =+IF(OR(O20="CUMPLE")*AND(N20>=$R$16),"CUMPLE","NO CUMPLE") -> CUMPLE | T20: Ok | V20: 2019 | W20: 828116
B21: CTO 5 | R21: =+IF(OR(O21="CUMPLE")*AND(N21>=$R$16),"CUMPLE","NO CUMPLE") -> NO CUMPLE | V21: 2018 | W21: 781242
B22: CTO 6 | R22: =+IF(OR(O22="CUMPLE")*AND(N22>=$R$16),"CUMPLE","NO CUMPLE") -> NO CUMPLE | V22: 2017 | W22: 737717
N23: =SUM(N17:N22) -> 4298.67 | O23: =+IF(OR(O18="CUMPLE",O22="CUMPLE",O21="CUMPLE",O20="CUMPLE",O19="CUMPLE",O17="CUMPLE")*AND(N23>=A17),"CUMPLE","NO CUMPLE") -> CUMPLE | V23: 2015 | W23: 644350
A24: EVALUACION EXPERIENCIA GENERAL PROPONENTE | V24: 2014 | W24: 616000
A25: EXPERIENCIA ESPECIFICA PROPONENTE | T25: =1949500000+6451200000 -> 8400700000 | V25: 2007 | W25: 433700
A26: El valor del contrato en SMMLV de uno (1) de los contratos válidos aportados para la acreditación de la experiencia general, deberá ser igual o mayor al 50% del valor del PRESUPUESTO OFICIAL (PO) del presente Proceso de Contratación. Por lo menos uno (1) de los contratos válidos aportados como experiencia general deberá acreditar la CONSTRUCCCION O RECONSTRUCCIÓN O AMPLIACIÓN O CONSERVACIÓN O ADECUACIÓN O MANTENIMIENTO O REFORZAMIENTO ESTRUCTURAL O REHABILITACIÓN ESTRUCTURAL DE UNA TORRE DE CONTROL AEROPORTUARIA | S26: =+T26*0.9 -> 17432.857 | T26: =+T25/W25 -> 19369.841 | V26: 2023 | W26: 1160000
A27: 50% PO | B27: CTO´S | C27: No. CONSECUTIVO EN EL RUP | D27: CONTRATANTE | F27: PRESENTA DOCUMENTOS ENLISTADOS | G27: CUMPLE CODIGOS721211 721214 | H27: CUMPLE EXPERIENCIA? | I27: QUIEN APORTA LA EXPERIENCIA? | J27: AÑO DE TERMINACION DEL CONTRATO | K27: VALOR TOTAL EN PESOS (2007) | L27: VALOR TOTAL SMMLV - RUP | M27: % PARTICIPACION | N27: VALOR TOTAL AFECTADO | O27: CUMPLE / NO CUMPLE | R27: =#REF!/2 -> #REF! | S27: 50% PO | V27: 2022 | W27: 1000000
A28: =A17*50% -> 1434.4805 | B28: CTO 3 | C28: RAELJA INGENIERÍA S.A.S. RUP 110 | D28: UNIDAD ADMINISTRATIVA ESPECIAL AERONAUTICA CIVIL - AEROCIVIL | E28: MANTENIMIENTO, CONSERVACION Y ADECUACION DE LA INFRAESTRUCTURA AEROPORTUARIA DE LOS AEROPUERTOS DE FLANDES, CHAPARRAL, NEIVA, MARIQUITA, IBAGUE Y PITALITO. | F28: SI | G28: SI | H28: SI | I28: RAELJA INGENIERÍA S.A.S. | J28: 43045 | K28: =$L$19*$W$22 -> 3.8212265e+08 | L28: 517.98 | M28: 1 | N28: =L28*M28 -> 517.98 | O28: =+IF(AND(H28="SI",G28="SI"),"CUMPLE","NO CUMPLE") -> CUMPLE
B29: CTO 2 | C29: RAELJA INGENIERÍA S.A.S. RUP 92 | D29: INSTITUTO COLOMBIANO AGROPECUARIO - ICA | E29: ADECUACION Y MANTENIMIENTO DEL LABORATORIO NACIONAL DE INSUMOS AGRICOLAS - LANIA, LABORATORIO NACIONAL DE INSUMOS PECUARIOS - LANIP, ESTACION DE CUARENTENA VEGETAL LANIP, AREA ADMINISTRATIVA LNDV. LABORATORIO NACIONAL DE DIAGNOSTICO VETERINARIO Y AREA GRUPO DE GESTION CALIDAD ANALITICA, LNDV. | F29: SI | G29: SI | H29: SI | I29: RAELJA INGENIERÍA S.A.S. | J29: 44561 | K29: =L29*W28 -> 0 | L29: 2136.54 | M29: 1 | N29: =L29*M29 -> 2136.54 | O29: =+IF(AND(H29="SI",G29="SI"),"CUMPLE","NO CUMPLE") -> CUMPLE | R29: =+IF(OR(O29="CUMPLE")*AND(N29>=$R$16),"CUMPLE","NO CUMPLE") -> CUMPLE | V29: 2021 | W29: 908526
V30: 2015 | W30: 644350
A31: EVALUACION OFERTA ECONOMICA | N31: =SUM(N29) -> 2136.54 | O31: =+IF(AND(O29="CUMPLE",O28="CUMPLE")*AND(N31>=A28),"CUMPLE","NO CUMPLE") -> CUMPLE | V31: 2014 | W31: 616000
L33: PUNTAJE ASIGNADO | N33: 0 | O33: =O31 -> CUMPLE | V33: 2014 | W33: 616000
V34: 2012 | W34: 566700
V35: 2011 | W35: 535600
V36: 2010 | W36: 515000
V37: 2002 | W37: 309000
A38: EVALUACIÓN APOYO A LA INDUSTRIA NACIONAL( MAX 20 PUNTOS) NUMERAL 4.3. | V38: 2001 | W38: 286000
A39: SERVICIOS NACIONALES | C39: Para que el proponente obtenga puntaje por servicios nacionales debe presentar: A. Persona natural colombiana: La cédula de ciudadanía del proponente. B. Persona natural extranjera residente en Colombia: La visa de residencia que le permita la ejecución del objeto contractual de conformidad con la ley. C. Persona jurídica constituida en Colombia: el certificado de existencia y representación legal emitido por las Cámaras de Comercio. | M39: PUNTAJE ASIGNADO | V39: 2000 | W39: 260100
M40: CUMPLE | V40: 1999 | W40: 236438
V41: 1998 | W41: 203825
V42: 1997 | W42: 172005
A43: PROPONENTE EXTRANJERO PUNTAJE POR TRATO NACIONAL | C43: Para que el proponente extranjero obtenga puntaje por trato nacional debe acreditar que los servicios son originarios de los estados mencionados en la sección de acuerdos comerciales aplicables al presente proceso de contratación, información que se acreditará con los documentos que aporte el proponente extranjero para acreditar su domicilio. Para asignar el puntaje por servicios nacionales o por trato nacional el proponente nacional o extranjero con trato nacional no deben presentar el Formato 7 – Puntaje de Industria Nacional. Únicamente deberán presentar los documentos señalados en esta sección. | V43: 1996 | W43: 142125
M44: 20 | V44: 1996 | W44: 142125
C45: NOTA: La entidad asignará veinte (20) puntos a un proponente plural cuando todos sus integrantes cumplan con las anteriores condiciones. Cuando uno de sus integrantes no cumpla con las condiciones descritas no obtendrá puntaje por servicios nacionales o trato Nacional. El Formato 7 – Puntaje de Industria Nacional únicamente debe ser aportado por los proponentes extranjeros sin derecho a trato nacional que opten por incorporar personal calificado. En el evento que un proponente nacional o extranjero con trato nacional lo presente, no será una razón para no otorgar el puntaje de promoción de servicios nacionales o con trato nacional. | V45: 1996 | W45: 142125
V46: 2009 | W46: 496900
A47: EVALUACIÓN VINCULACIÓN DE PERSONAS CON DISCAPACIDAD. (MAX 1 PUNTO) NUMERAL 4.4. | V47: 2005 | W47: 381500
A48: La entidad asignará un (1) punto al proponente que acredite el número mínimo de personas con discapacidad de acuerdo con el número total de trabajadores de la planta de su personal en los términos señalados en el artículo 2.2.1.2.4.2.6. del Decreto 1082 de 2015 (adicionado por el Decreto 392 de 2018). | M48: PUNTAJE ASIGNADO | V48: 2004 | W48: 358000
A49: Para esto debe presentar: i) el Formato 6 – Vinculación de personas en condición de discapacidad suscrito por la persona natural, el representante legal o el revisor fiscal, según corresponda en el cual certifique el número total de trabajadores vinculados a la planta de personal del proponente o sus integrantes a la fecha de cierre del proceso de selección, ii) acreditar el número mínimo de personas con discapacidad en su planta de personal, de conformidad con lo señalado en el certificado expedido por el Ministerio de Trabajo, el cual deberá estar vigente a la fecha de cierre del proceso de selección. | M49: CUMPLE | V49: 2003 | W49: 332000
A50: Para los proponentes plurales, la entidad tendrá en cuenta la planta de personal del integrante del proponente plural que aporte como mínimo el cuarenta por ciento (40%) de la experiencia requerida para el proceso de contratación. Este porcentaje de experiencia se tomará sobre el “Valor mínimo a certificar (como % del presupuesto oficial expresado en SMMLV)” de conformidad con el numeral 3.8.1, sin importar si la experiencia es general o específica. | M50: 1 | V50: 2003 | W50: 332000
A51: FACTOR DE CALIDAD (19 PTS)
A52: (i) implementación del programa de gerencia de proyectos (19) La entidad asignará 19 puntos, al proponente que se comprometa a instaurar un programa de gerencia de proyectos mediante la suscripción del Formato 7A – Programa de gerencia de proyectos, en el cual bajo la gravedad de juramento conste el compromiso que en este sentido asume. | M52: CUMPLE | O52: 19
A53: EMPRENDIMIENTO MUJERES
A54: Para que el Proponente obtenga este puntaje debe diligenciar el Formato 12 – Acreditación de emprendimientos y empresas de mujeres y aportar la documentación requerida. Tratándose de Proponentes Plurales este puntaje solo se otorgará si por lo menos uno de los integrantes acredita la calidad de emprendimientos y empresas de mujeres y tiene una participación igual o superior al diez por ciento (10 %) en el Consorcio o en la Unión Temporal. | M54: CUMPLE | O54: 0.25
A55: MiPYME
A56: Así las cosas, para obtener el puntaje, el Proponente entregará copia del certificado del Registro Único de Proponentes, el cual deberá encontrarse vigente y en firme al momento de su presentación Tratándose de Proponentes Plurales este puntaje se otorgará si por lo menos uno de los integrantes acredita la calidad de Mipyme y tiene una participación igual o superior al diez por ciento (10 %) en el Consorcio o en la Unión Temporal | M56: CUMPLE | O56: 0.25
A57: OBRAS CIVILES INCONCLUSAS
A58: Las Entidades Estatales deben consultar y analizar las anotaciones vigentes que reposen en el Registro Nacional de Obras Civiles Inconclusas, de que trata la Ley 2020 de 2020. En el evento que las personas naturales o jurídicas, nacionales o extranjeras domiciliadas o con sucursal en Colombia, o integrantes de Proponentes Plurales, cuenten con alguna anotación vigente de obra civil inconclusa, en el mencionado registro, se descontará un (1) punto de la sumatoria obtenida en relación con el factor de calidad. En todo caso, no se descontará el puntaje en los términos previstos en el inciso anterior cuando el Proponente no oferte el factor de calidad, por lo que éste obtendrá cero (0) puntos en este criterio de evaluación. En esta circunstancia, la Entidad no podrá reducir el puntaje de la sumatoria obtenida en los demás factores de ponderación. | O58: 0
A59: CUMPLE / NO CUMPLE | I59: CUMPLE | V59: 1995 | W59: 118934
A60: EVALUACION FINAL | I60: CUMPLE | M60: =+O56+O54+O52+M50+M44+O58 -> 40.5 | V60: 1994 | W60: 98700
A61: Observaciones: | V61: 1993 | W61: 81510
V62: 1992 | W62: 65190
V63: 1991 | W63: 51720
V64: 1990 | W64: 41025
A75: 3108041163 | B75: OBJETO | C75: REALIZAR EL MANTENIMIENTO DE LA INFRAESTRUCTURA FISICA LADO TIERRA, INCLUYENDO SISTEMAS AEROPORTUARIOS DEL AEROPUERTO VASQUEZ COBO DE LA CIUDAD DE LETICIA (VF)

Sheet 9
A1: UNIDAD ADMINISTRATIVA ESPECIAL DE AERONAUTICA CIVIL | U1: 1 | V1: 20 | W1: 5
A2: 24001240 H4 2024 | Q2: SI | R2: CUMPLE | U2: 0 | V2: 5 | W2: 0
A3: REALIZAR EL MANTENIMIENTO DE LA INFRAESTRUCTURA FISICA LADO TIERRA, INCLUYENDO SISTEMAS AEROPORTUARIOS DEL AEROPUERTO VASQUEZ COBO DE LA CIUDAD DE LETICIA (VF) | Q3: NO | R3: NO CUMPLE | V3: 0
A4: 9 | B4: =_xlfn.XLOOKUP(A4,RESUMEN!$A$3:$A$19,RESUMEN!$C$3:$C$19) -> CONSORCIO PLOMERANS | F4: % PO | I4: APORTANTE DE LA EXPERIENCIA - GENERAL | P4: =+I4 -> APORTANTE DE LA EXPERIENCIA - GENERAL | R4: 10
I5: JOSE EDGAR SALINAS MARTINEZ CC 17344965 | O5: 0.89 | P5: =+I7 -> CARLOS ANDRES CANDANOZA REY CC 79983947 | R5: 0
I6: PLOMERIA & MAS S.A.S NIT 901212904-1 | O6: 0.1 | P6: =+I6 -> PLOMERIA & MAS S.A.S NIT 901212904-1
I7: CARLOS ANDRES CANDANOZA REY CC 79983947 | O7: 0.01 | P7: =+#REF! -> #REF!
F8: De 1 hasta 2 | H8: 0.75 | P8: =+I8 -> 0
F9: De 3 hasta 4 | H9: 1.2 | P9: =+I9 -> 0 | S9: =+M11*0.05 -> 119.54004
F10: Hasta 5 | H10: 1.5 | I10: TOTAL | O10: =+SUM(O5:O9) -> 1
A11: CODIGOS | B11: 72121100 72151500 72103300 72121400 | C11: PRESUPUESTO A EVALUAR (P.O) | I11: 3108041163 | J11: PO SMMLV | M11: =I11/W13 -> 2390.8009 | R11: Registro Nacional de Obras Civiles Inconclusas | T11: =+M11*0.5 -> 1195.4004
A13: REQUISITOS HABILITANTES (CUMPLE /NO CUMPLE) | V13: 2024 | W13: 1300000
A14: EXPERIENCIA GENERAL PROPONENTE
A15: OBRAS DE CONSTRUCCCION O RECONSTRUCCIÓN O AMPLIACIÓN O CONSERVACIÓN O ADECUACIÓN O MANTENIMIENTO O REFORZAMIENTO ESTRUCTURAL O REHABILITACIÓN ESTRUCTURAL DE: EDIFICACIONES NO RESIDENCIALES. | V15: 2023 | W15: 1160000
A16: % PO | B16: CTO´S | C16: No. CONSECUTIVO EN EL RUP | D16: CONTRATANTE | E16: INFO DEL CONTRATO | F16: PRESENTA DOCUMENTOS ENLISTADOS | G16: CUMPLE CODIGOS 72121100 72151500 72103300 72121400 | H16: CUMPLE EXPERIENCIA? | I16: QUIEN APORTA LA EXPERIENCIA? | J16: AÑO DE TERMINACION DEL CONTRATO | K16: VALOR TOTAL EN PESOS | L16: VALOR TOTAL SMMLV - RUP | M16: % PARTICIPACION | N16: VALOR TOTAL AFECTADO | O16: CUMPLE / NO CUMPLE | V16: 2022 | W16: 1000000
A17: =+M11*H8 -> 1793.1007 | B17: CTO 1 | C17: 24 | D17: MUNICIPIO DE VISTAHERMOSA | E17: MEJORAMIENTO DE LA INFRAESTRUCTURA DE LOS CENTROS DE SALUD UBICADOS EN LOS CENTROS POBLADOS DE CAMPOALEGRE, PIÑALITO Y SANTO DOMINGO EN EL MUNICIPIO DE VISTAHERMOSA - META | F17: SI | G17: SI | H17: SI | I17: CARLOS ANDRES CANDANOZA REY | J17: 30/03/2015 | K17: 1210697856 | L17: 1970.28 | M17: 0.89 | N17: =L17*M17 -> 1753.5492 | O17: =+IF(AND(H17="SI",G17="SI"),"CUMPLE","NO CUMPLE") -> CUMPLE | R17: =+N17/A17 -> 0.97794241 | V17: 2021 | W17: 908526
B18: CTO 2 | C18: 53 | D18: AERONAUTICA CIVIL | E18: 16000400-H4- 2016 MANTENIMIENTO Y ADECUACION DEL ANTIGUO TERMINAL DEL AEROPUERTO SAN LUIS ALDANA NARIÑO DE LA CIUDAD DE IPIALES | F18: SI | G18: SI | H18: SI | I18: JOSE EDGAR SALINAS MARTINEZ | J18: 30/03/2017 | K18: 1394181026 | L18: 1889.86 | M18: 0.5 | N18: =L18*M18 -> 944.93 | O18: =+IF(AND(H18="SI",G18="SI"),"CUMPLE","NO CUMPLE") -> CUMPLE | R18: =+N18/A17 -> 0.52698101
B19: CTO 3 | N19: =L19*M19 -> 0 | O19: =+IF(AND(H19="SI",G19="SI"),"CUMPLE","NO CUMPLE") -> NO CUMPLE | R19: =+IF(OR(O19="CUMPLE")*AND(N19>=$R$16),"CUMPLE","NO CUMPLE") -> NO CUMPLE | S19: =+K19/W34 -> 0 | T19: Ok | V19: 2020 | W19: 877803
B20: CTO 4 | N20: =IF(AND(G20="SI",H20="SI"),(L20*M20),0) -> 0 | O20: =+IF(AND(H20="SI",G20="SI"),"CUMPLE","NO CUMPLE") -> NO CUMPLE | R20: =+IF(OR(O20="CUMPLE")*AND(N20>=$R$16),"CUMPLE","NO CUMPLE") -> NO CUMPLE | T20: Ok | V20: 2019 | W20: 828116
B21: CTO 5 | N21: =IF(AND(G21="SI",H21="SI"),(L21*M21),0) -> 0 | O21: =+IF(AND(H21="SI",G21="SI"),"CUMPLE","NO CUMPLE") -> NO CUMPLE | R21: =+IF(OR(O21="CUMPLE")*AND(N21>=$R$16),"CUMPLE","NO CUMPLE") -> NO CUMPLE | V21: 2018 | W21: 781242
B22: CTO 6 | N22: =IF(AND(G22="SI",H22="SI"),(L22*M22),0) -> 0 | O22: =+IF(AND(H22="SI",G22="SI"),"CUMPLE","NO CUMPLE") -> NO CUMPLE | R22: =+IF(OR(O22="CUMPLE")*AND(N22>=$R$16),"CUMPLE","NO CUMPLE") -> NO CUMPLE | V22: 2017 | W22: 737717
N23: =SUM(N17:N22) -> 2698.4792 | O23: =+IF(OR(O18="CUMPLE",O22="CUMPLE",O21="CUMPLE",O20="CUMPLE",O19="CUMPLE",O17="CUMPLE")*AND(N23>=A17),"CUMPLE","NO CUMPLE") -> CUMPLE | V23: 2015 | W23: 644350
A24: EVALUACION EXPERIENCIA GENERAL PROPONENTE | V24: 2014 | W24: 616000
A25: EXPERIENCIA ESPECIFICA PROPONENTE | T25: =1949500000+6451200000 -> 8400700000 | V25: 2007 | W25: 433700
A26: El valor del contrato en SMMLV de uno (1) de los contratos válidos aportados para la acreditación de la experiencia general, deberá ser igual o mayor al 50% del valor del PRESUPUESTO OFICIAL (PO) del presente Proceso de Contratación. Por lo menos uno (1) de los contratos válidos aportados como experiencia general deberá acreditar la CONSTRUCCCION O RECONSTRUCCIÓN O AMPLIACIÓN O CONSERVACIÓN O ADECUACIÓN O MANTENIMIENTO O REFORZAMIENTO ESTRUCTURAL O REHABILITACIÓN ESTRUCTURAL DE UNA TORRE DE CONTROL AEROPORTUARIA | S26: =+T26*0.9 -> 17432.857 | T26: =+T25/W25 -> 19369.841 | V26: 2023 | W26: 1160000
A27: 50% PO | B27: CTO´S | C27: No. CONSECUTIVO EN EL RUP | D27: CONTRATANTE | F27: PRESENTA DOCUMENTOS ENLISTADOS | G27: CUMPLE CODIGOS 72121100 72151500 72103300 72121400 | H27: CUMPLE EXPERIENCIA? | I27: QUIEN APORTA LA EXPERIENCIA? | J27: AÑO DE TERMINACION DEL CONTRATO | K27: VALOR TOTAL EN PESOS (2007) | L27: VALOR TOTAL SMMLV - RUP | M27: % PARTICIPACION | N27: VALOR TOTAL AFECTADO | O27: CUMPLE / NO CUMPLE | R27: =#REF!/2 -> #REF! | S27: 50% PO | V27: 2022 | W27: 1000000
A28: =A17*50% -> 896.55034 | B28: CTO 1 | C28: 53 | D28: AERONAUTICA CIVIL | E28: 16000400-H4- 2016 MANTENIMIENTO Y ADECUACION DEL ANTIGUO TERMINAL DEL AEROPUERTO SAN LUIS ALDANA NARIÑO DE LA CIUDAD DE IPIALES | F28: SI | G28: SI | H28: SI | I28: JOSE EDGAR SALINAS MARTINEZ | J28: 30/03/2017 | K28: 1394181026 | L28: 1889.86 | M28: 0.5 | N28: =L28*M28 -> 944.93 | O28: =+IF(AND(H28="SI",G28="SI"),"CUMPLE","NO CUMPLE") -> CUMPLE
B29: CTO 2 | C29: 24 | D29: MUNICIPIO DE VISTAHERMOSA | E29: MEJORAMIENTO DE LA INFRAESTRUCTURA DE LOS CENTROS DE SALUD UBICADOS EN LOS CENTROS POBLADOS DE CAMPOALEGRE, PIÑALITO Y SANTO DOMINGO EN EL MUNICIPIO DE VISTAHERMOSA - META | F29: SI | G29: SI | H29: SI | I29: CARLOS ANDRES CANDANOZA REY | J29: 30/03/2015 | K29: 1210697856 | L29: 1970.28 | M29: 0.89 | N29: =L29*M29 -> 1753.5492 | O29: =+IF(AND(H29="SI",G29="SI"),"CUMPLE","NO CUMPLE") -> CUMPLE | R29: =+IF(OR(O29="CUMPLE")*AND(N29>=$R$16),"CUMPLE","NO CUMPLE") -> CUMPLE | V29: 2021 | W29: 908526
V30: 2015 | W30: 644350
A31: EVALUACION OFERTA ECONOMICA | N31: =SUM(N29) -> 1753.5492 | O31: =+IF(AND(O29="CUMPLE",O28="CUMPLE")*AND(N31>=A28),"CUMPLE","NO CUMPLE") -> CUMPLE | V31: 2014 | W31: 616000
L33: PUNTAJE ASIGNADO | N33: 0 | O33: =O31 -> CUMPLE | V33: 2014 | W33: 616000
V34: 2012 | W34: 566700
V35: 2011 | W35: 535600
V36: 2010 | W36: 515000
V37: 2002 | W37: 309000
A38: EVALUACIÓN APOYO A LA INDUSTRIA NACIONAL( MAX 20 PUNTOS) NUMERAL 4.3. | V38: 2001 | W38: 286000
A39: SERVICIOS NACIONALES | C39: Para que el proponente obtenga puntaje por servicios nacionales debe presentar: A. Persona natural colombiana: La cédula de ciudadanía del proponente. B. Persona natural extranjera residente en Colombia: La visa de residencia que le permita la ejecución del objeto contractual de conformidad con la ley. C. Persona jurídica constituida en Colombia: el certificado de existencia y representación legal emitido por las Cámaras de Comercio. | M39: PUNTAJE ASIGNADO | V39: 2000 | W39: 260100
M40: CUMPLE | V40: 1999 | W40: 236438
V41: 1998 | W41: 203825
V42: 1997 | W42: 172005
A43: PROPONENTE EXTRANJERO PUNTAJE POR TRATO NACIONAL | C43: Para que el proponente extranjero obtenga puntaje por trato nacional debe acreditar que los servicios son originarios de los estados mencionados en la sección de acuerdos comerciales aplicables al presente proceso de contratación, información que se acreditará con los documentos que aporte el proponente extranjero para acreditar su domicilio. Para asignar el puntaje por servicios nacionales o por trato nacional el proponente nacional o extranjero con trato nacional no deben presentar el Formato 7 – Puntaje de Industria Nacional. Únicamente deberán presentar los documentos señalados en esta sección. | V43: 1996 | W43: 142125
M44: 20 | V44: 1996 | W44: 142125
C45: NOTA: La entidad asignará veinte (20) puntos a un proponente plural cuando todos sus integrantes cumplan con las anteriores condiciones. Cuando uno de sus integrantes no cumpla con las condiciones descritas no obtendrá puntaje por servicios nacionales o trato Nacional. El Formato 7 – Puntaje de Industria Nacional únicamente debe ser aportado por los proponentes extranjeros sin derecho a trato nacional que opten por incorporar personal calificado. En el evento que un proponente nacional o extranjero con trato nacional lo presente, no será una razón para no otorgar el puntaje de promoción de servicios nacionales o con trato nacional. | V45: 1996 | W45: 142125
V46: 2009 | W46: 496900
A47: EVALUACIÓN VINCULACIÓN DE PERSONAS CON DISCAPACIDAD. (MAX 1 PUNTO) NUMERAL 4.4. | V47: 2005 | W47: 381500
A48: La entidad asignará un (1) punto al proponente que acredite el número mínimo de personas con discapacidad de acuerdo con el número total de trabajadores de la planta de su personal en los términos señalados en el artículo 2.2.1.2.4.2.6. del Decreto 1082 de 2015 (adicionado por el Decreto 392 de 2018). | M48: PUNTAJE ASIGNADO | V48: 2004 | W48: 358000
A49: Para esto debe presentar: i) el Formato 6 – Vinculación de personas en condición de discapacidad suscrito por la persona natural, el representante legal o el revisor fiscal, según corresponda en el cual certifique el número total de trabajadores vinculados a la planta de personal del proponente o sus integrantes a la fecha de cierre del proceso de selección, ii) acreditar el número mínimo de personas con discapacidad en su planta de personal, de conformidad con lo señalado en el certificado expedido por el Ministerio de Trabajo, el cual deberá estar vigente a la fecha de cierre del proceso de selección. | M49: CUMPLE | V49: 2003 | W49: 332000
A50: Para los proponentes plurales, la entidad tendrá en cuenta la planta de personal del integrante del proponente plural que aporte como mínimo el cuarenta por ciento (40%) de la experiencia requerida para el proceso de contratación. Este porcentaje de experiencia se tomará sobre el “Valor mínimo a certificar (como % del presupuesto oficial expresado en SMMLV)” de conformidad con el numeral 3.8.1, sin importar si la experiencia es general o específica. | M50: 1 | V50: 2003 | W50: 332000
A51: FACTOR DE CALIDAD (19 PTS)
A52: (i) implementación del programa de gerencia de proyectos (19) La entidad asignará 19 puntos, al proponente que se comprometa a instaurar un programa de gerencia de proyectos mediante la suscripción del Formato 7A – Programa de gerencia de proyectos, en el cual bajo la gravedad de juramento conste el compromiso que en este sentido asume. | M52: CUMPLE | O52: 19
A53: EMPRENDIMIENTO MUJERES
A54: Para que el Proponente obtenga este puntaje debe diligenciar el Formato 12 – Acreditación de emprendimientos y empresas de mujeres y aportar la documentación requerida. Tratándose de Proponentes Plurales este puntaje solo se otorgará si por lo menos uno de los integrantes acredita la calidad de emprendimientos y empresas de mujeres y tiene una participación igual o superior al diez por ciento (10 %) en el Consorcio o en la Unión Temporal. | M54: CUMPLE | O54: 0.25
A55: MiPYME
A56: Así las cosas, para obtener el puntaje, el Proponente entregará copia del certificado del Registro Único de Proponentes, el cual deberá encontrarse vigente y en firme al momento de su presentación Tratándose de Proponentes Plurales este puntaje se otorgará si por lo menos uno de los integrantes acredita la calidad de Mipyme y tiene una participación igual o superior al diez por ciento (10 %) en el Consorcio o en la Unión Temporal | M56: CUMPLE | O56: 0.25
A57: OBRAS CIVILES INCONCLUSAS
A58: Las Entidades Estatales deben consultar y analizar las anotaciones vigentes que reposen en el Registro Nacional de Obras Civiles Inconclusas, de que trata la Ley 2020 de 2020. En el evento que las personas naturales o jurídicas, nacionales o extranjeras domiciliadas o con sucursal en Colombia, o integrantes de Proponentes Plurales, cuenten con alguna anotación vigente de obra civil inconclusa, en el mencionado registro, se descontará un (1) punto de la sumatoria obtenida en relación con el factor de calidad. En todo caso, no se descontará el puntaje en los términos previstos en el inciso anterior cuando el Proponente no oferte el factor de calidad, por lo que éste obtendrá cero (0) puntos en este criterio de evaluación. En esta circunstancia, la Entidad no podrá reducir el puntaje de la sumatoria obtenida en los demás factores de ponderación. | O58: 0
A59: CUMPLE / NO CUMPLE | I59: CUMPLE | V59: 1995 | W59: 118934
A60: EVALUACION FINAL | I60: CUMPLE | M60: =+O56+O54+O52+M50+M44+O58 -> 40.5 | V60: 1994 | W60: 98700
A61: Observaciones: | V61: 1993 | W61: 81510
V62: 1992 | W62: 65190
V63: 1991 | W63: 51720
V64: 1990 | W64: 41025
A75: 3108041163 | B75: OBJETO | C75: REALIZAR EL MANTENIMIENTO DE LA INFRAESTRUCTURA FISICA LADO TIERRA, INCLUYENDO SISTEMAS AEROPORTUARIOS DEL AEROPUERTO VASQUEZ COBO DE LA CIUDAD DE LETICIA (VF)

Sheet 10
A1: UNIDAD ADMINISTRATIVA ESPECIAL DE AERONAUTICA CIVIL | U1: 1 | V1: 20 | W1: 5
A2: 24001240 H4 2024 | Q2: SI | R2: CUMPLE | U2: 0 | V2: 5 | W2: 0
A3: MEJORAMIENTO DE PISTA, PLATAFORMA, CALLES DE RODAJE, FRANJAS DE SEGURIDAD, CANALES E INFRAESTRUCTURA COMPLEMENTARIA, INCLUYE SUMINISTRO E INSTALACIÓN DE AYUDAS VISUALES AEROPUERTO SANTIAGO VILA DE FLANDES (VF) | Q3: NO | R3: NO CUMPLE | V3: 0
A4: 10 | B4: =_xlfn.XLOOKUP(A4,RESUMEN!$A$3:$A$19,RESUMEN!$C$3:$C$19) -> CONSORCIO TIERRA LETICIA 1240 | F4: % PO | I4: APORTANTE DE LA EXPERIENCIA - GENERAL | P4: =+I4 -> APORTANTE DE LA EXPERIENCIA - GENERAL | R4: 10
I5: INFINIA S.A.S. NIT. 901.519.839-1 | O5: 0.5 | P5: =+I7 -> 0 | R5: 0
I6: GRUPO FAO S.A.S. NIT. 901.484.861-1 | O6: 0.5 | P6: =+I6 -> GRUPO FAO S.A.S. NIT. 901.484.861-1
P7: =+#REF! -> #REF!
F8: De 1 hasta 2 | H8: 0.75 | P8: =+I8 -> 0
F9: De 3 hasta 4 | H9: 1.2 | P9: =+I9 -> 0
F10: Hasta 5 | H10: 1.5 | I10: TOTAL | O10: =+SUM(O5:O9) -> 1
A11: CODIGOS | B11: 72121100 72151500 72103300 72121400 | C11: PRESUPUESTO A EVALUAR (P.O) | I11: 3108041163 | J11: PO SMMLV | M11: =I11/W13 -> 2390.8009 | R11: Registro Nacional de Obras Civiles Inconclusas
A13: REQUISITOS HABILITANTES (CUMPLE /NO CUMPLE) | V13: 2024 | W13: 1300000
A14: EXPERIENCIA GENERAL PROPONENTE
A15: OBRAS DE CONSTRUCCCION O RECONSTRUCCIÓN O AMPLIACIÓN O CONSERVACIÓN O ADECUACIÓN O MANTENIMIENTO O REFORZAMIENTO ESTRUCTURAL O REHABILITACIÓN ESTRUCTURAL DE: EDIFICACIONES NO RESIDENCIALES. | V15: 2023 | W15: 1160000
A16: % PO | B16: CTO´S | C16: No. CONSECUTIVO EN EL RUP | D16: CONTRATANTE | E16: INFO DEL CONTRATO | F16: PRESENTA DOCUMENTOS ENLISTADOS | G16: CUMPLE CODIGOS 72121100 72151500 72103300 72121400 | H16: CUMPLE EXPERIENCIA? | I16: QUIEN APORTA LA EXPERIENCIA? | J16: AÑO DE TERMINACION DEL CONTRATO | K16: VALOR TOTAL EN PESOS | L16: VALOR TOTAL SMMLV - RUP | M16: % PARTICIPACION | N16: VALOR TOTAL AFECTADO | O16: CUMPLE / NO CUMPLE | V16: 2022 | W16: 1000000
A17: =+M11*H9 -> 2868.9611 | B17: CTO 1 | C17: 3 | D17: AEROCIVIL | E17: 16000316-H4-2016-MANTENIMIENTO DEL TERMINAL, CUARTEL DE BOMBEROS, TORRE DE CONTROL E INFRAESTRUCTURA COMPLEMENTARIA DEL AEROPUERTO GERARDO TOVAR DE BUENAVENTURA | F17: SI | G17: SI | H17: SI | I17: INFINIA S.A.S. | J17: 31/01/2017 | L17: 1094.91 | M17: 1 | N17: =L17*M17 -> 1094.91 | O17: =+IF(AND(H17="SI",G17="SI"),"CUMPLE","NO CUMPLE") -> CUMPLE | R17: =+(N17+N20)/A17 -> 0.66517459 | V17: 2021 | W17: 908526
B18: CTO 2 | C18: 22 | D18: AEROCIVIL | E18: 13000207-OJ-2013-EJECUTAR LAS OBRAS PARA EL MANTENIMIENTO DEL TERMINAL DE PASAJEROS, TORRE DE CONTROL, CENTRO DE AERONAVEGACIÓN DEL CARIBE Y CERRAMIENTO DEL AEROPUERTO ERNESTO CORTISSOZ DE BARRANQUILLA | F18: SI | G18: SI | H18: SI | I18: INFINIA S.A.S. | J18: 21/03/2014 | L18: 4483.63 | M18: 0.34 | N18: =L18*M18 -> 1524.4342 | O18: =+IF(AND(H18="SI",G18="SI"),"CUMPLE","NO CUMPLE") -> CUMPLE | R18: =+(N18+N21)/A17 -> 0.53135409
B19: CTO 3 | C19: 59 | D19: AEROCIVIL | E19: 14000152-OK-2014-LA CONSTRUCCIÓN DEL TERMINAL, TORRE DE CONTROL Y OBRAS DE INFRAESTRUCTURA COMPLEMENTARIAS PARA EL AEROPUERTO ANTONIO NARIÑO DE LA CIUDAD DE PASTO | F19: SI | G19: SI | H19: SI | I19: INFINIA S.A.S. | J19: 24/11/2018 | L19: 44570.11 | M19: 0.6 | N19: =L19*M19 -> 26742.066 | O19: =+IF(AND(H19="SI",G19="SI"),"CUMPLE","NO CUMPLE") -> CUMPLE | R19: =+N19/A17 -> 9.3211672 | V19: 2020 | W19: 877803
B20: CTO 4 | C20: 38 | D20: AEROCIVIL | E20: 20000780-02-H4-REALIZAR EL MANTENIMIENTO LADO AIRE Y LADO TIERRA DEL AEROPUERTO VANGUARDIA DE VILLAVICENCIO META | F20: SI | G20: SI | H20: SI | I20: GRUPO FAO S.A.S. | J20: 28/02/2021 | L20: 1626.9 | M20: 0.5 | N20: =L20*M20 -> 813.45 | O20: =+IF(AND(H20="SI",G20="SI"),"CUMPLE","NO CUMPLE") -> CUMPLE | V20: 2019 | W20: 828116
B21: CTO 5 | N21: =IF(AND(G21="SI",H21="SI"),(L21*M21),0) -> 0 | O21: =+IF(AND(H21="SI",G21="SI"),"CUMPLE","NO CUMPLE") -> NO CUMPLE | V21: 2018 | W21: 781242
B22: CTO 6 | N22: =IF(AND(G22="SI",H22="SI"),(L22*M22),0) -> 0 | O22: =+IF(AND(H22="SI",G22="SI"),"CUMPLE","NO CUMPLE") -> NO CUMPLE | R22: =+N22/A17 -> 0 | V22: 2017 | W22: 737717
N23: =SUM(N17:N22) -> 30174.86 | O23: =+IF(OR(O18="CUMPLE",O22="CUMPLE",O21="CUMPLE",O20="CUMPLE",O19="CUMPLE",O17="CUMPLE")*AND(N23>=A17),"CUMPLE","NO CUMPLE") -> CUMPLE | V23: 2015 | W23: 644350
A24: EVALUACION EXPERIENCIA GENERAL PROPONENTE | V24: 2014 | W24: 616000
A25: EXPERIENCIA ESPECIFICA PROPONENTE | V25: 2007 | W25: 433700
A26: El valor del contrato en SMMLV de uno (1) de los contratos válidos aportados para la acreditación de la experiencia general, deberá ser igual o mayor al 50% del valor del PRESUPUESTO OFICIAL (PO) del presente Proceso de Contratación. Por lo menos uno (1) de los contratos válidos aportados como experiencia general deberá acreditar la CONSTRUCCCION O RECONSTRUCCIÓN O AMPLIACIÓN O CONSERVACIÓN O ADECUACIÓN O MANTENIMIENTO O REFORZAMIENTO ESTRUCTURAL O REHABILITACIÓN ESTRUCTURAL DE UNA TORRE DE CONTROL AEROPORTUARIA | V26: 2023 | W26: 1160000
A27: 50% PO | B27: CTO´S | C27: No. CONSECUTIVO EN EL RUP | D27: CONTRATANTE | F27: PRESENTA DOCUMENTOS ENLISTADOS | G27: CUMPLE CODIGOS 72121100 72151500 72103300 72121400 | H27: CUMPLE EXPERIENCIA? | I27: QUIEN APORTA LA EXPERIENCIA? | J27: AÑO DE TERMINACION DEL CONTRATO | K27: VALOR TOTAL EN PESOS (2007) | L27: VALOR TOTAL SMMLV - RUP | M27: % PARTICIPACION | N27: VALOR TOTAL AFECTADO | O27: CUMPLE / NO CUMPLE | V27: 2022 | W27: 1000000
A28: =A17*50% -> 1434.4805 | B28: CTO 1 | C28: 59 | D28: AEROCIVIL | E28: 14000152-OK-2014-LA CONSTRUCCIÓN DEL TERMINAL, TORRE DE CONTROL Y OBRAS DE INFRAESTRUCTURA COMPLEMENTARIAS PARA EL AEROPUERTO ANTONIO NARIÑO DE LA CIUDAD DE PASTO | F28: SI | G28: SI | H28: SI | I28: INFINIA S.A.S. | J28: 24/11/2018 | L28: 44570.11 | M28: 0.6 | N28: =L28*M28 -> 26742.066 | O28: =+IF(AND(H28="SI",G28="SI"),"CUMPLE","NO CUMPLE") -> CUMPLE
B29: CTO 2 | C29: 22 | D29: AEROCIVIL | E29: 13000207-OJ-2013-EJECUTAR LAS OBRAS PARA EL MANTENIMIENTO DEL TERMINAL DE PASAJEROS, TORRE DE CONTROL, CENTRO DE AERONAVEGACIÓN DEL CARIBE Y CERRAMIENTO DEL AEROPUERTO ERNESTO CORTISSOZ DE BARRANQUILLA | F29: SI | G29: SI | H29: SI | I29: INFINIA S.A.S. | J29: 21/03/2014 | L29: 4483.63 | M29: 0.34 | N29: =L29*M29 -> 1524.4342 | O29: =+IF(AND(H29="SI",G29="SI"),"CUMPLE","NO CUMPLE") -> CUMPLE
R30: =+IF(OR(O30="CUMPLE")*AND(N30>=$R$16),"CUMPLE","NO CUMPLE") -> NO CUMPLE | V30: 2021 | W30: 908526
A31: EVALUACION OFERTA ECONOMICA | N31: =SUM(N29) -> 1524.4342 | O31: =+IF(AND(O29="CUMPLE",O28="CUMPLE")*AND(N31>=A28),"CUMPLE","NO CUMPLE") -> CUMPLE | V31: 2015 | W31: 644350
V32: 2014 | W32: 616000
L33: PUNTAJE ASIGNADO | N33: 0 | O33: =O31 -> CUMPLE
V34: 2014 | W34: 616000
V35: 2012 | W35: 566700
V36: 2011 | W36: 535600
V37: 2010 | W37: 515000
A38: EVALUACIÓN APOYO A LA INDUSTRIA NACIONAL( MAX 20 PUNTOS) NUMERAL 4.3. | V38: 2002 | W38: 309000
A39: SERVICIOS NACIONALES | C39: Para que el proponente obtenga puntaje por servicios nacionales debe presentar: A. Persona natural colombiana: La cédula de ciudadanía del proponente. B. Persona natural extranjera residente en Colombia: La visa de residencia que le permita la ejecución del objeto contractual de conformidad con la ley. C. Persona jurídica constituida en Colombia: el certificado de existencia y representación legal emitido por las Cámaras de Comercio. | M39: PUNTAJE ASIGNADO | V39: 2001 | W39: 286000
M40: CUMPLE | V40: 2000 | W40: 260100
V41: 1999 | W41: 236438
V42: 1998 | W42: 203825
A43: PROPONENTE EXTRANJERO PUNTAJE POR TRATO NACIONAL | C43: Para que el proponente extranjero obtenga puntaje por trato nacional debe acreditar que los servicios son originarios de los estados mencionados en la sección de acuerdos comerciales aplicables al presente proceso de contratación, información que se acreditará con los documentos que aporte el proponente extranjero para acreditar su domicilio. Para asignar el puntaje por servicios nacionales o por trato nacional el proponente nacional o extranjero con trato nacional no deben presentar el Formato 7 – Puntaje de Industria Nacional. Únicamente deberán presentar los documentos señalados en esta sección. | V43: 1997 | W43: 172005
M44: 20 | V44: 1996 | W44: 142125
C45: NOTA: La entidad asignará veinte (20) puntos a un proponente plural cuando todos sus integrantes cumplan con las anteriores condiciones. Cuando uno de sus integrantes no cumpla con las condiciones descritas no obtendrá puntaje por servicios nacionales o trato Nacional. El Formato 7 – Puntaje de Industria Nacional únicamente debe ser aportado por los proponentes extranjeros sin derecho a trato nacional que opten por incorporar personal calificado. En el evento que un proponente nacional o extranjero con trato nacional lo presente, no será una razón para no otorgar el puntaje de promoción de servicios nacionales o con trato nacional. | V45: 1996 | W45: 142125
V46: 1996 | W46: 142125
A47: EVALUACIÓN VINCULACIÓN DE PERSONAS CON DISCAPACIDAD. (MAX 1 PUNTO) NUMERAL 4.4. | V47: 2009 | W47: 496900
A48: La entidad asignará un (1) punto al proponente que acredite el número mínimo de personas con discapacidad de acuerdo con el número total de trabajadores de la planta de su personal en los términos señalados en el artículo 2.2.1.2.4.2.6. del Decreto 1082 de 2015 (adicionado por el Decreto 392 de 2018). | M48: PUNTAJE ASIGNADO | V48: 2005 | W48: 381500
A49: Para esto debe presentar: i) el Formato 6 – Vinculación de personas en condición de discapacidad suscrito por la persona natural, el representante legal o el revisor fiscal, según corresponda en el cual certifique el número total de trabajadores vinculados a la planta de personal del proponente o sus integrantes a la fecha de cierre del proceso de selección, ii) acreditar el número mínimo de personas con discapacidad en su planta de personal, de conformidad con lo señalado en el certificado expedido por el Ministerio de Trabajo, el cual deberá estar vigente a la fecha de cierre del proceso de selección. | M49: CUMPLE | V49: 2004 | W49: 358000
A50: Para los proponentes plurales, la entidad tendrá en cuenta la planta de personal del integrante del proponente plural que aporte como mínimo el cuarenta por ciento (40%) de la experiencia requerida para el proceso de contratación. Este porcentaje de experiencia se tomará sobre el “Valor mínimo a certificar (como % del presupuesto oficial expresado en SMMLV)” de conformidad con el numeral 3.8.1, sin importar si la experiencia es general o específica. | M50: 1 | V50: 2003 | W50: 332000
A51: FACTOR DE CALIDAD (19 PTS) | V51: 2003 | W51: 332000
A52: (i) implementación del programa de gerencia de proyectos (19) La entidad asignará 19 puntos, al proponente que se comprometa a instaurar un programa de gerencia de proyectos mediante la suscripción del Formato 7A – Programa de gerencia de proyectos, en el cual bajo la gravedad de juramento conste el compromiso que en este sentido asume. | M52: CUMPLE | O52: 19
A53: EMPRENDIMIENTO MUJERES
A54: Para que el Proponente obtenga este puntaje debe diligenciar el Formato 12 – Acreditación de emprendimientos y empresas de mujeres y aportar la documentación requerida. Tratándose de Proponentes Plurales este puntaje solo se otorgará si por lo menos uno de los integrantes acredita la calidad de emprendimientos y empresas de mujeres y tiene una participación igual o superior al diez por ciento (10 %) en el Consorcio o en la Unión Temporal. | M54: CUMPLE | O54: 0.25
A55: MiPYME
A56: Así las cosas, para obtener el puntaje, el Proponente entregará copia del certificado del Registro Único de Proponentes, el cual deberá encontrarse vigente y en firme al momento de su presentación Tratándose de Proponentes Plurales este puntaje se otorgará si por lo menos uno de los integrantes acredita la calidad de Mipyme y tiene una participación igual o superior al diez por ciento (10 %) en el Consorcio o en la Unión Temporal | M56: CUMPLE | O56: 0.25
A57: OBRAS CIVILES INCONCLUSAS
A58: Las Entidades Estatales deben consultar y analizar las anotaciones vigentes que reposen en el Registro Nacional de Obras Civiles Inconclusas, de que trata la Ley 2020 de 2020. En el evento que las personas naturales o jurídicas, nacionales o extranjeras domiciliadas o con sucursal en Colombia, o integrantes de Proponentes Plurales, cuenten con alguna anotación vigente de obra civil inconclusa, en el mencionado registro, se descontará un (1) punto de la sumatoria obtenida en relación con el factor de calidad. En todo caso, no se descontará el puntaje en los términos previstos en el inciso anterior cuando el Proponente no oferte el factor de calidad, por lo que éste obtendrá cero (0) puntos en este criterio de evaluación. En esta circunstancia, la Entidad no podrá reducir el puntaje de la sumatoria obtenida en los demás factores de ponderación. | O58: 0
A59: CUMPLE / NO CUMPLE | I59: CUMPLE
A60: EVALUACION FINAL | I60: CUMPLE | M60: =+O56+O54+O52+M50+M44+O58 -> 40.5 | V60: 1995 | W60: 118934
A61: Observaciones: | V61: 1994 | W61: 98700
V62: 1993 | W62: 81510
V63: 1992 | W63: 65190
V64: 1991 | W64: 51720
V65: 1990 | W65: 41025
A75: 3108041163 | B75: OBJETO | C75: REALIZAR EL MANTENIMIENTO DE LA INFRAESTRUCTURA FISICA LADO TIERRA, INCLUYENDO SISTEMAS AEROPORTUARIOS DEL AEROPUERTO VASQUEZ COBO DE LA CIUDAD DE LETICIA (VF)
A76: 51657686057 | B76: OBJETO | C76: MEJORAMIENTO DE PISTA, PLATAFORMA, CALLES DE RODAJE, FRANJAS DE SEGURIDAD, CANALES E INFRAESTRUCTURA COMPLEMENTARIA, INCLUYE SUMINISTRO E INSTALACIÓN DE AYUDAS VISUALES AEROPUERTO SANTIAGO VILA DE FLANDES (VF)

Sheet 11
A1: UNIDAD ADMINISTRATIVA ESPECIAL DE AERONAUTICA CIVIL | U1: 1 | V1: 20 | W1: 5
A2: 24001240 H4 2024 | Q2: SI | R2: CUMPLE | U2: 0 | V2: 5 | W2: 0
A3: REALIZAR EL MANTENIMIENTO DE LA INFRAESTRUCTURA FISICA LADO TIERRA, INCLUYENDO SISTEMAS AEROPORTUARIOS DEL AEROPUERTO VASQUEZ COBO DE LA CIUDAD DE LETICIA (VF) | Q3: NO | R3: NO CUMPLE | V3: 0
A4: 11 | B4: =_xlfn.XLOOKUP(A4,RESUMEN!$A$3:$A$19,RESUMEN!$C$3:$C$19) -> CONSORCIO SC AMAZON | F4: % PO | I4: APORTANTE DE LA EXPERIENCIA - GENERAL | P4: =+I4 -> APORTANTE DE LA EXPERIENCIA - GENERAL | R4: 10
I5: SOCIEDAD COLOMBIANA DE INGENIERIA Y CONSTRUCCION S.A.S - NIT: 901392890-8 | O5: 0.9 | P5: =+I7 -> 0 | R5: 0
I6: CONALTEC INGENIERIA S.A.S - NIT: 900630271-8 | O6: 0.1 | P6: =+I6 -> CONALTEC INGENIERIA S.A.S - NIT: 900630271-8
P7: =+#REF! -> #REF!
F8: De 1 hasta 2 | H8: 0.75 | P8: =+I8 -> 0
F9: De 3 hasta 4 | H9: 1.2 | P9: =+I9 -> 0
F10: Hasta 5 | H10: 1.5 | I10: TOTAL | O10: =+SUM(O5:O9) -> 1
A11: CODIGOS | B11: 72121100 72151500 72103300 72121400 | C11: PRESUPUESTO A EVALUAR (P.O) | I11: 3108041163 | J11: PO SMMLV | M11: =I11/W13 -> 2390.8009 | R11: Registro Nacional de Obras Civiles Inconclusas
A13: REQUISITOS HABILITANTES (CUMPLE /NO CUMPLE) | V13: 2024 | W13: 1300000
A14: EXPERIENCIA GENERAL PROPONENTE
A15: OBRAS DE CONSTRUCCCION O RECONSTRUCCIÓN O AMPLIACIÓN O CONSERVACIÓN O ADECUACIÓN O MANTENIMIENTO O REFORZAMIENTO ESTRUCTURAL O REHABILITACIÓN ESTRUCTURAL DE: EDIFICACIONES NO RESIDENCIALES. | V15: 2023 | W15: 1160000
A16: % PO | B16: CTO´S | C16: No. CONSECUTIVO EN EL RUP | D16: CONTRATANTE | E16: INFO DEL CONTRATO | F16: PRESENTA DOCUMENTOS ENLISTADOS | G16: CUMPLE CODIGOS 72121100 72151500 72103300 72121400 | H16: CUMPLE EXPERIENCIA? | I16: QUIEN APORTA LA EXPERIENCIA? | J16: AÑO DE TERMINACION DEL CONTRATO | K16: VALOR TOTAL EN PESOS | L16: VALOR TOTAL SMMLV - RUP | M16: % PARTICIPACION | N16: VALOR TOTAL AFECTADO | O16: CUMPLE / NO CUMPLE | V16: 2022 | W16: 1000000
A17: =+M11*H8 -> 1793.1007 | B17: CTO 1 | C17: RUP 16 | D17: AEROCIVIL | E17: CONSTRUCCION DEL TERMINAL, TORRE DE CONTROL CUARTEL DE BOMBEROS, OBRAS DE URBANISMO, VIAS DE ACCESO Y PLATAFORMA DEL AEROPUERTO "EL ALCARAVAN" DE LA CIUDAD DE YOPAL, DEL DEPARTAMENTO DEL CASANARE | F17: si | G17: si | H17: SI | I17: SOCIEDAD COLOMBIANA DE INGENIERIA Y CONSTRUCCIÓN S.A.S | J17: 42746 | K17: =L17*W22 -> 8.890398e+10 | L17: 120512.31 | M17: 0.3 | N17: =L17*M17 -> 36153.693 | O17: =+IF(AND(H17="SI",G17="SI"),"CUMPLE","NO CUMPLE") -> CUMPLE | R17: =+K17/L17 -> 737717 | S17: =120111739531.49-503972899-1271680185.61 -> 1.1833609e+11 | T17: =+S17/R17 -> 160408.51 | V17: 2021 | W17: 908526
B18: CTO 2 | C18: RUP 10 | D18: UNIVERSIDAD MILITAR NUEVA GRANADA | E18: REALIZAR LA CONSTRUCCION Y DOTACION DEL MOBILIARIO DEL EDIFICIO DE PSOGRADOS E NVESTIGACION, EN EL CAMPUS NUEVA GRANADA EN CAJICA, SEGÚN LAS ESPECIFICACIONES Y LAS CANTIDADES CONSIGNADA EN EL PRESUPUESTO, POR LA MODALIDAD DE PRECIOS UNITARIOS, DE CONFORMIDAD CON LAS ESPECIFICACIONES Y CANTIDADES SEÑALDAS EN LOS PLIEGOS DE CONDICIONES DE LA INVITACION PUBLICA nO 001 DE 2012 Y SUS ADENDAS, PLANOS ADJUNTOS Y EN LA PROPUESTA DE FECHA 4 DE | F18: si | G18: si | H18: SI | I18: SOCIEDAD COLOMBIANA DE INGENIERIA Y CONSTRUCCIÓN S.A.S | J18: 41995 | K18: =$L$18*$W$24 -> 1.1831561e+10 | L18: 19207.08 | M18: 0.5 | N18: =L18*M18 -> 9603.54 | O18: =+IF(AND(H18="SI",G18="SI"),"CUMPLE","NO CUMPLE") -> CUMPLE | R18: =+W21 -> 781242
B19: CTO 3 | N19: =L19*M19 -> 0 | O19: =+IF(AND(H19="SI",G19="SI"),"CUMPLE","NO CUMPLE") -> NO CUMPLE | V19: 2020 | W19: 877803
B20: CTO 4 | N20: =IF(AND(G20="SI",H20="SI"),(L20*M20),0) -> 0 | O20: =+IF(AND(H20="SI",G20="SI"),"CUMPLE","NO CUMPLE") -> NO CUMPLE | V20: 2019 | W20: 828116
B21: CTO 5 | N21: =IF(AND(G21="SI",H21="SI"),(L21*M21),0) -> 0 | O21: =+IF(AND(H21="SI",G21="SI"),"CUMPLE","NO CUMPLE") -> NO CUMPLE | V21: 2018 | W21: 781242
B22: CTO 6 | N22: =IF(AND(G22="SI",H22="SI"),(L22*M22),0) -> 0 | O22: =+IF(AND(H22="SI",G22="SI"),"CUMPLE","NO CUMPLE") -> NO CUMPLE | V22: 2017 | W22: 737717
N23: =SUM(N17:N22) -> 45757.233 | O23: =+IF(OR(O18="CUMPLE",O22="CUMPLE",O21="CUMPLE",O20="CUMPLE",O19="CUMPLE",O17="CUMPLE")*AND(N23>=A17),"CUMPLE","NO CUMPLE") -> CUMPLE | V23: 2015 | W23: 644350
A24: EVALUACION EXPERIENCIA GENERAL PROPONENTE | V24: 2014 | W24: 616000
A25: EXPERIENCIA ESPECIFICA PROPONENTE | V25: 2007 | W25: 433700
A26: El valor del contrato en SMMLV de uno (1) de los contratos válidos aportados para la acreditación de la experiencia general, deberá ser igual o mayor al 50% del valor del PRESUPUESTO OFICIAL (PO) del presente Proceso de Contratación. Por lo menos uno (1) de los contratos válidos aportados como experiencia general deberá acreditar la CONSTRUCCCION O RECONSTRUCCIÓN O AMPLIACIÓN O CONSERVACIÓN O ADECUACIÓN O MANTENIMIENTO O REFORZAMIENTO ESTRUCTURAL O REHABILITACIÓN ESTRUCTURAL DE UNA TORRE DE CONTROL AEROPORTUARIA | S26: =+T26*0.9 -> 0 | T26: =+T25/W25 -> 0 | V26: 2023 | W26: 1160000
A27: 50% PO | B27: CTO´S | C27: No. CONSECUTIVO EN EL RUP | D27: CONTRATANTE | F27: PRESENTA DOCUMENTOS ENLISTADOS | G27: CUMPLE CODIGOS 72121100 72151500 72103300 72121400 | H27: CUMPLE EXPERIENCIA? | I27: QUIEN APORTA LA EXPERIENCIA? | J27: AÑO DE TERMINACION DEL CONTRATO | K27: VALOR TOTAL EN PESOS (2007) | L27: VALOR TOTAL SMMLV - RUP | M27: % PARTICIPACION | N27: VALOR TOTAL AFECTADO | O27: CUMPLE / NO CUMPLE | R27: =#REF!/2 -> #REF! | S27: 50% PO | V27: 2022 | W27: 1000000
A28: =A17*50% -> 896.55034 | B28: CTO 1 | C28: RUP 16 | D28: AEROCIVIL | E28: ONSTRUCCION DEL TERMINAL, TORRE DE CONTROL CUARTEL DE BOMBEROS, OBRAS DE URBANISMO, VIAS DE ACCESO Y PLATAFORMA DEL AEROPUERTO "EL ALCARAVAN" DE LA CIUDAD DE YOPAL, DEL DEPARTAMENTO DEL CASANARE | F28: si | G28: si | H28: SI | I28: SOCIEDAD COLOMBIANA DE INGENIERIA Y CONSTRUCCIÓN S.A.S | J28: 42746 | K28: =L28*W33 -> 74235582960 | L28: 120512.31 | M28: 0.3 | N28: =L28*M28 -> 36153.693 | O28: =+IF(AND(H28="SI",G28="SI"),"CUMPLE","NO CUMPLE") -> CUMPLE
B29: CTO 2 | C29: RUP 10 | D29: UNIVERSIDAD MILITAR NUEVA GRANADA | E29: REALIZAR LA CONSTRUCCION Y DOTACION DEL MOBILIARIO DEL EDIFICIO DE PSOGRADOS E NVESTIGACION, EN EL CAMPUS NUEVA GRANADA EN CAJICA, SEGÚN LAS ESPECIFICACIONES Y LAS CANTIDADES CONSIGNADA EN EL PRESUPUESTO, POR LA MODALIDAD DE PRECIOS UNITARIOS, DE CONFORMIDAD CON LAS ESPECIFICACIONES Y CANTIDADES SEÑALDAS EN LOS PLIEGOS DE CONDICIONES DE LA INVITACION PUBLICA nO 001 DE 2012 Y SUS ADENDAS, PLANOS ADJUNTOS Y EN LA PROPUESTA DE FECHA 4 DE | F29: si | G29: si | H29: SI | I29: SOCIEDAD COLOMBIANA DE INGENIERIA Y CONSTRUCCIÓN S.A.S | J29: 41995 | K29: =$L$18*$W$24 -> 1.1831561e+10 | L29: 19207.08 | M29: 0.5 | N29: =L29*M29 -> 9603.54 | O29: =+IF(AND(H29="SI",G29="SI"),"CUMPLE","NO CUMPLE") -> CUMPLE | R29: =+IF(OR(O29="CUMPLE")*AND(N29>=$R$16),"CUMPLE","NO CUMPLE") -> CUMPLE | V29: 2021 | W29: 908526
V30: 2015 | W30: 644350
A31: EVALUACION OFERTA ECONOMICA | N31: =SUM(N29) -> 9603.54 | O31: =+IF(AND(O29="CUMPLE",O28="CUMPLE")*AND(N31>=A28),"CUMPLE","NO CUMPLE") -> CUMPLE | V31: 2014 | W31: 616000
L33: PUNTAJE ASIGNADO | N33: 0 | O33: =O31 -> CUMPLE | V33: 2014 | W33: 616000
V34: 2012 | W34: 566700
V35: 2011 | W35: 535600
V36: 2010 | W36: 515000
V37: 2002 | W37: 309000
A38: EVALUACIÓN APOYO A LA INDUSTRIA NACIONAL( MAX 20 PUNTOS) NUMERAL 4.3. | V38: 2001 | W38: 286000
A39: SERVICIOS NACIONALES | C39: Para que el proponente obtenga puntaje por servicios nacionales debe presentar: A. Persona natural colombiana: La cédula de ciudadanía del proponente. B. Persona natural extranjera residente en Colombia: La visa de residencia que le permita la ejecución del objeto contractual de conformidad con la ley. C. Persona jurídica constituida en Colombia: el certificado de existencia y representación legal emitido por las Cámaras de Comercio. | M39: PUNTAJE ASIGNADO | V39: 2000 | W39: 260100
M40: CUMPLE | V40: 1999 | W40: 236438
V41: 1998 | W41: 203825
V42: 1997 | W42: 172005
A43: PROPONENTE EXTRANJERO PUNTAJE POR TRATO NACIONAL | C43: Para que el proponente extranjero obtenga puntaje por trato nacional debe acreditar que los servicios son originarios de los estados mencionados en la sección de acuerdos comerciales aplicables al presente proceso de contratación, información que se acreditará con los documentos que aporte el proponente extranjero para acreditar su domicilio. Para asignar el puntaje por servicios nacionales o por trato nacional el proponente nacional o extranjero con trato nacional no deben presentar el Formato 7 – Puntaje de Industria Nacional. Únicamente deberán presentar los documentos señalados en esta sección. | V43: 1996 | W43: 142125
M44: 20 | V44: 1996 | W44: 142125
C45: NOTA: La entidad asignará veinte (20) puntos a un proponente plural cuando todos sus integrantes cumplan con las anteriores condiciones. Cuando uno de sus integrantes no cumpla con las condiciones descritas no obtendrá puntaje por servicios nacionales o trato Nacional. El Formato 7 – Puntaje de Industria Nacional únicamente debe ser aportado por los proponentes extranjeros sin derecho a trato nacional que opten por incorporar personal calificado. En el evento que un proponente nacional o extranjero con trato nacional lo presente, no será una razón para no otorgar el puntaje de promoción de servicios nacionales o con trato nacional. | V45: 1996 | W45: 142125
V46: 2009 | W46: 496900
A47: EVALUACIÓN VINCULACIÓN DE PERSONAS CON DISCAPACIDAD. (MAX 1 PUNTO) NUMERAL 4.4. | V47: 2005 | W47: 381500
A48: La entidad asignará un (1) punto al proponente que acredite el número mínimo de personas con discapacidad de acuerdo con el número total de trabajadores de la planta de su personal en los términos señalados en el artículo 2.2.1.2.4.2.6. del Decreto 1082 de 2015 (adicionado por el Decreto 392 de 2018). | M48: PUNTAJE ASIGNADO | V48: 2004 | W48: 358000
A49: Para esto debe presentar: i) el Formato 6 – Vinculación de personas en condición de discapacidad suscrito por la persona natural, el representante legal o el revisor fiscal, según corresponda en el cual certifique el número total de trabajadores vinculados a la planta de personal del proponente o sus integrantes a la fecha de cierre del proceso de selección, ii) acreditar el número mínimo de personas con discapacidad en su planta de personal, de conformidad con lo señalado en el certificado expedido por el Ministerio de Trabajo, el cual deberá estar vigente a la fecha de cierre del proceso de selección. | M49: CUMPLE | V49: 2003 | W49: 332000
A50: Para los proponentes plurales, la entidad tendrá en cuenta la planta de personal del integrante del proponente plural que aporte como mínimo el cuarenta por ciento (40%) de la experiencia requerida para el proceso de contratación. Este porcentaje de experiencia se tomará sobre el “Valor mínimo a certificar (como % del presupuesto oficial expresado en SMMLV)” de conformidad con el numeral 3.8.1, sin importar si la experiencia es general o específica. | M50: 1 | V50: 2003 | W50: 332000
A51: FACTOR DE CALIDAD (19 PTS)
A52: (i) implementación del programa de gerencia de proyectos (19) La entidad asignará 19 puntos, al proponente que se comprometa a instaurar un programa de gerencia de proyectos mediante la suscripción del Formato 7A – Programa de gerencia de proyectos, en el cual bajo la gravedad de juramento conste el compromiso que en este sentido asume. | M52: CUMPLE | O52: 19
A53: EMPRENDIMIENTO MUJERES
A54: Para que el Proponente obtenga este puntaje debe diligenciar el Formato 12 – Acreditación de emprendimientos y empresas de mujeres y aportar la documentación requerida. Tratándose de Proponentes Plurales este puntaje solo se otorgará si por lo menos uno de los integrantes acredita la calidad de emprendimientos y empresas de mujeres y tiene una participación igual o superior al diez por ciento (10 %) en el Consorcio o en la Unión Temporal. | M54: CUMPLE | O54: 0.25
A55: MiPYME
A56: Así las cosas, para obtener el puntaje, el Proponente entregará copia del certificado del Registro Único de Proponentes, el cual deberá encontrarse vigente y en firme al momento de su presentación Tratándose de Proponentes Plurales este puntaje se otorgará si por lo menos uno de los integrantes acredita la calidad de Mipyme y tiene una participación igual o superior al diez por ciento (10 %) en el Consorcio o en la Unión Temporal | M56: CUMPLE | O56: 0.25
A57: OBRAS CIVILES INCONCLUSAS
A58: Las Entidades Estatales deben consultar y analizar las anotaciones vigentes que reposen en el Registro Nacional de Obras Civiles Inconclusas, de que trata la Ley 2020 de 2020. En el evento que las personas naturales o jurídicas, nacionales o extranjeras domiciliadas o con sucursal en Colombia, o integrantes de Proponentes Plurales, cuenten con alguna anotación vigente de obra civil inconclusa, en el mencionado registro, se descontará un (1) punto de la sumatoria obtenida en relación con el factor de calidad. En todo caso, no se descontará el puntaje en los términos previstos en el inciso anterior cuando el Proponente no oferte el factor de calidad, por lo que éste obtendrá cero (0) puntos en este criterio de evaluación. En esta circunstancia, la Entidad no podrá reducir el puntaje de la sumatoria obtenida en los demás factores de ponderación. | O58: 0
A59: CUMPLE / NO CUMPLE | I59: CUMPLE | V59: 1995 | W59: 118934
A60: EVALUACION FINAL | I60: CUMPLE | M60: =+O56+O54+O52+M50+M44+O58 -> 40.5 | V60: 1994 | W60: 98700
A61: Observaciones: | V61: 1993 | W61: 81510
V62: 1992 | W62: 65190
V63: 1991 | W63: 51720
V64: 1990 | W64: 41025
A75: 3108041163 | B75: OBJETO | C75: REALIZAR EL MANTENIMIENTO DE LA INFRAESTRUCTURA FISICA LADO TIERRA, INCLUYENDO SISTEMAS AEROPORTUARIOS DEL AEROPUERTO VASQUEZ COBO DE LA CIUDAD DE LETICIA (VF)

Sheet 12
A1: UNIDAD ADMINISTRATIVA ESPECIAL DE AERONAUTICA CIVIL | U1: 1 | V1: 20 | W1: 5
A2: 24001240 H4 2024 | Q2: SI | R2: CUMPLE | U2: 0 | V2: 5 | W2: 0
A3: REALIZAR EL MANTENIMIENTO DE LA INFRAESTRUCTURA FISICA LADO TIERRA, INCLUYENDO SISTEMAS AEROPORTUARIOS DEL AEROPUERTO VASQUEZ COBO DE LA CIUDAD DE LETICIA (VF) | Q3: NO | R3: NO CUMPLE | V3: 0
A4: 12 | B4: =_xlfn.XLOOKUP(A4,RESUMEN!$A$3:$A$19,RESUMEN!$C$3:$C$19) -> H.A.H CONSTRUCCIONES S.A.S | F4: % PO | I4: APORTANTE DE LA EXPERIENCIA - GENERAL | P4: =+I4 -> APORTANTE DE LA EXPERIENCIA - GENERAL | R4: 10
I5: H.A.H CONSTRUCCIONES S.A.S 9004317169 | O5: 1 | P5: =+I7 -> 0 | R5: 0
P6: =+I6 -> 0
P7: =+#REF! -> #REF!
F8: De 1 hasta 2 | H8: 0.75 | P8: =+I8 -> 0
F9: De 3 hasta 4 | H9: 1.2 | P9: =+I9 -> 0
F10: Hasta 5 | H10: 1.5 | I10: TOTAL | O10: =+SUM(O5:O9) -> 1
A11: CODIGOS | B11: 72121100 72151500 72103300 72121400 | C11: PRESUPUESTO A EVALUAR (P.O) | I11: 3108041163 | J11: PO SMMLV | M11: =I11/W13 -> 2390.8009 | R11: Registro Nacional de Obras Civiles Inconclusas
A13: REQUISITOS HABILITANTES (CUMPLE /NO CUMPLE) | V13: 2024 | W13: 1300000
A14: EXPERIENCIA GENERAL PROPONENTE
A15: OBRAS DE CONSTRUCCCION O RECONSTRUCCIÓN O AMPLIACIÓN O CONSERVACIÓN O ADECUACIÓN O MANTENIMIENTO O REFORZAMIENTO ESTRUCTURAL O REHABILITACIÓN ESTRUCTURAL DE: EDIFICACIONES NO RESIDENCIALES. | V15: 2023 | W15: 1160000
A16: % PO | B16: CTO´S | C16: No. CONSECUTIVO EN EL RUP | D16: CONTRATANTE | E16: INFO DEL CONTRATO | F16: PRESENTA DOCUMENTOS ENLISTADOS | G16: CUMPLE CODIGOS 72121100 72151500 72103300 72121400 | H16: CUMPLE EXPERIENCIA? | I16: QUIEN APORTA LA EXPERIENCIA? | J16: AÑO DE TERMINACION DEL CONTRATO | K16: VALOR TOTAL EN PESOS | L16: VALOR TOTAL SMMLV - RUP | M16: % PARTICIPACION | N16: VALOR TOTAL AFECTADO | O16: CUMPLE / NO CUMPLE | V16: 2022 | W16: 1000000
A17: =+M11*H9 -> 2868.9611 | B17: CTO 1 | C17: 13 | D17: POLICIA NACIONAL - DIRECCIÓN DE INTELIGENCIA POLICIAL | E17: 04-6-10037/2014 ADECUACIÓN SECCIONALES DE INTELIGENCIA BUCARAMANGA, ATLÁNTICO, CÓRDOBA Y CAQUETÁ | F17: SI | G17: SI | H17: SI | I17: H.A.H. CONSTRUCCIONES S.A.S | J17: 30/12/2014 | K17: 1435387967 | L17: 2330.18 | M17: 0.8 | N17: =L17*M17 -> 1864.144 | O17: =+IF(AND(H17="SI",G17="SI"),"CUMPLE","NO CUMPLE") -> CUMPLE | R17: =+(N17+N18+N19)/A17 -> 2.2841976 | V17: 2021 | W17: 908526
B18: CTO 2 | C18: 64 | D18: UNIDAD ADMINISTRATIVA ESPECIAL AERONAUTICA CIVIL | E18: 2000506 H3 DE 2020 REALIZAR EL MANTENIMIENTO PERMANENTE AL CGAC Y TORRE DE CONTROL DE EL DORADO | F18: SI | G18: SI | H18: SI | I18: H.A.H. CONSTRUCCIONES S.A.S | J18: 31/12/2020 | K18: 2.6484098e+08 | L18: 301.7 | M18: 1 | N18: =L18*M18 -> 301.7 | O18: =+IF(AND(H18="SI",G18="SI"),"CUMPLE","NO CUMPLE") -> CUMPLE
B19: CTO 3 | C19: 73 | D19: MINISTERIO DE DEFENSA NACIONAL – ARMADA NACIONAL BASE NAVAL ARC “SAN ANDRÉS | E19: 2201220000549 ORDEN DE RECONSTRUCCIÓN A CONSECUENCIA DE LA OCURRENCIA DEL HURACÁN IOTA QUE AFECTÓ LAS INSTALACIONES DEL COMANDO ESPECÍFICO DE SAN ANDRÉS Y PROVIDENCIA - CESYP. | F19: SI | G19: SI | H19: SI | I19: H.A.H. CONSTRUCCIONES S.A.S | J19: 21/08/2022 | K19: 4387436845 | L19: 4387.43 | M19: 1 | N19: =L19*M19 -> 4387.43 | O19: =+IF(AND(H19="SI",G19="SI"),"CUMPLE","NO CUMPLE") -> CUMPLE | V19: 2020 | W19: 877803
B20: CTO 4 | N20: =IF(AND(G20="SI",H20="SI"),(L20*M20),0) -> 0 | O20: =+IF(AND(H20="SI",G20="SI"),"CUMPLE","NO CUMPLE") -> NO CUMPLE | R20: =+N20/A17 -> 0 | V20: 2019 | W20: 828116
B21: CTO 5 | N21: =IF(AND(G21="SI",H21="SI"),(L21*M21),0) -> 0 | O21: =+IF(AND(H21="SI",G21="SI"),"CUMPLE","NO CUMPLE") -> NO CUMPLE | V21: 2018 | W21: 781242
B22: CTO 6 | N22: =IF(AND(G22="SI",H22="SI"),(L22*M22),0) -> 0 | O22: =+IF(AND(H22="SI",G22="SI"),"CUMPLE","NO CUMPLE") -> NO CUMPLE | V22: 2017 | W22: 737717
N23: =SUM(N17:N22) -> 6553.274 | O23: =+IF(OR(O18="CUMPLE",O22="CUMPLE",O21="CUMPLE",O20="CUMPLE",O19="CUMPLE",O17="CUMPLE")*AND(N23>=A17),"CUMPLE","NO CUMPLE") -> CUMPLE | V23: 2015 | W23: 644350
A24: EVALUACION EXPERIENCIA GENERAL PROPONENTE | V24: 2014 | W24: 616000
A25: EXPERIENCIA ESPECIFICA PROPONENTE | T25: =1949500000+6451200000 -> 8400700000 | V25: 2007 | W25: 433700
A26: El valor del contrato en SMMLV de uno (1) de los contratos válidos aportados para la acreditación de la experiencia general, deberá ser igual o mayor al 50% del valor del PRESUPUESTO OFICIAL (PO) del presente Proceso de Contratación. Por lo menos uno (1) de los contratos válidos aportados como experiencia general deberá acreditar la CONSTRUCCCION O RECONSTRUCCIÓN O AMPLIACIÓN O CONSERVACIÓN O ADECUACIÓN O MANTENIMIENTO O REFORZAMIENTO ESTRUCTURAL O REHABILITACIÓN ESTRUCTURAL DE UNA TORRE DE CONTROL AEROPORTUARIA | S26: =+T26*0.9 -> 17432.857 | T26: =+T25/W25 -> 19369.841 | V26: 2023 | W26: 1160000
A27: 50% PO | B27: CTO´S | C27: No. CONSECUTIVO EN EL RUP | D27: CONTRATANTE | F27: PRESENTA DOCUMENTOS ENLISTADOS | G27: CUMPLE CODIGOS721211 721214 | H27: CUMPLE EXPERIENCIA? | I27: QUIEN APORTA LA EXPERIENCIA? | J27: AÑO DE TERMINACION DEL CONTRATO | K27: VALOR TOTAL EN PESOS (2007) | L27: VALOR TOTAL SMMLV - RUP | M27: % PARTICIPACION | N27: VALOR TOTAL AFECTADO | O27: CUMPLE / NO CUMPLE | R27: =#REF!/2 -> #REF! | S27: 50% PO | V27: 2022 | W27: 1000000
A28: =A17*50% -> 1434.4805 | B28: CTO 1 | C28: 64 | D28: UNIDAD ADMINISTRATIVA ESPECIAL AERONAUTICA CIVIL | E28: 2000506 H3 DE 2020 REALIZAR EL MANTENIMIENTO PERMANENTE AL CGAC Y TORRE DE CONTROL DE EL DORADO | F28: SI | G28: SI | H28: SI | I28: H.A.H. CONSTRUCCIONES S.A.S | J28: 31/12/2020 | K28: 2.6484098e+08 | L28: 301.7 | M28: 1 | N28: =L28*M28 -> 301.7 | O28: =+IF(AND(H28="SI",G28="SI"),"CUMPLE","NO CUMPLE") -> CUMPLE
B29: CTO 2 | C29: 73 | D29: MINISTERIO DE DEFENSA NACIONAL – ARMADA NACIONAL BASE NAVAL ARC “SAN ANDRÉS | E29: 2201220000549 ORDEN DE RECONSTRUCCIÓN A CONSECUENCIA DE LA OCURRENCIA DEL HURACÁN IOTA QUE AFECTÓ LAS INSTALACIONES DEL COMANDO ESPECÍFICO DE SAN ANDRÉS Y PROVIDENCIA - CESYP. | F29: SI | G29: SI | H29: SI | I29: H.A.H. CONSTRUCCIONES S.A.S | J29: 21/08/2022 | K29: 4387436845 | L29: 4387.43 | M29: 1 | N29: =L29*M29 -> 4387.43 | O29: =+IF(AND(H29="SI",G29="SI"),"CUMPLE","NO CUMPLE") -> CUMPLE | R29: =+IF(OR(O29="CUMPLE")*AND(N29>=$R$16),"CUMPLE","NO CUMPLE") -> CUMPLE | V29: 2021 | W29: 908526
V30: 2015 | W30: 644350
A31: EVALUACION OFERTA ECONOMICA | N31: =SUM(N29) -> 4387.43 | O31: =+IF(AND(O29="CUMPLE",O28="CUMPLE")*AND(N31>=A28),"CUMPLE","NO CUMPLE") -> CUMPLE | V31: 2014 | W31: 616000
L33: PUNTAJE ASIGNADO | N33: 0 | O33: =O31 -> CUMPLE | V33: 2014 | W33: 616000
V34: 2012 | W34: 566700
V35: 2011 | W35: 535600
V36: 2010 | W36: 515000
V37: 2002 | W37: 309000
A38: EVALUACIÓN APOYO A LA INDUSTRIA NACIONAL( MAX 20 PUNTOS) NUMERAL 4.3. | V38: 2001 | W38: 286000
A39: SERVICIOS NACIONALES | C39: Para que el proponente obtenga puntaje por servicios nacionales debe presentar: A. Persona natural colombiana: La cédula de ciudadanía del proponente. B. Persona natural extranjera residente en Colombia: La visa de residencia que le permita la ejecución del objeto contractual de conformidad con la ley. C. Persona jurídica constituida en Colombia: el certificado de existencia y representación legal emitido por las Cámaras de Comercio. | M39: PUNTAJE ASIGNADO | V39: 2000 | W39: 260100
M40: CUMPLE | V40: 1999 | W40: 236438
V41: 1998 | W41: 203825
V42: 1997 | W42: 172005
A43: PROPONENTE EXTRANJERO PUNTAJE POR TRATO NACIONAL | C43: Para que el proponente extranjero obtenga puntaje por trato nacional debe acreditar que los servicios son originarios de los estados mencionados en la sección de acuerdos comerciales aplicables al presente proceso de contratación, información que se acreditará con los documentos que aporte el proponente extranjero para acreditar su domicilio. Para asignar el puntaje por servicios nacionales o por trato nacional el proponente nacional o extranjero con trato nacional no deben presentar el Formato 7 – Puntaje de Industria Nacional. Únicamente deberán presentar los documentos señalados en esta sección. | V43: 1996 | W43: 142125
M44: 20 | V44: 1996 | W44: 142125
C45: NOTA: La entidad asignará veinte (20) puntos a un proponente plural cuando todos sus integrantes cumplan con las anteriores condiciones. Cuando uno de sus integrantes no cumpla con las condiciones descritas no obtendrá puntaje por servicios nacionales o trato Nacional. El Formato 7 – Puntaje de Industria Nacional únicamente debe ser aportado por los proponentes extranjeros sin derecho a trato nacional que opten por incorporar personal calificado. En el evento que un proponente nacional o extranjero con trato nacional lo presente, no será una razón para no otorgar el puntaje de promoción de servicios nacionales o con trato nacional. | V45: 1996 | W45: 142125
V46: 2009 | W46: 496900
A47: EVALUACIÓN VINCULACIÓN DE PERSONAS CON DISCAPACIDAD. (MAX 1 PUNTO) NUMERAL 4.4. | V47: 2005 | W47: 381500
A48: La entidad asignará un (1) punto al proponente que acredite el número mínimo de personas con discapacidad de acuerdo con el número total de trabajadores de la planta de su personal en los términos señalados en el artículo 2.2.1.2.4.2.6. del Decreto 1082 de 2015 (adicionado por el Decreto 392 de 2018). | M48: PUNTAJE ASIGNADO | V48: 2004 | W48: 358000
A49: Para esto debe presentar: i) el Formato 6 – Vinculación de personas en condición de discapacidad suscrito por la persona natural, el representante legal o el revisor fiscal, según corresponda en el cual certifique el número total de trabajadores vinculados a la planta de personal del proponente o sus integrantes a la fecha de cierre del proceso de selección, ii) acreditar el número mínimo de personas con discapacidad en su planta de personal, de conformidad con lo señalado en el certificado expedido por el Ministerio de Trabajo, el cual deberá estar vigente a la fecha de cierre del proceso de selección. | M49: CUMPLE | V49: 2003 | W49: 332000
A50: Para los proponentes plurales, la entidad tendrá en cuenta la planta de personal del integrante del proponente plural que aporte como mínimo el cuarenta por ciento (40%) de la experiencia requerida para el proceso de contratación. Este porcentaje de experiencia se tomará sobre el “Valor mínimo a certificar (como % del presupuesto oficial expresado en SMMLV)” de conformidad con el numeral 3.8.1, sin importar si la experiencia es general o específica. | M50: 1 | V50: 2003 | W50: 332000
A51: FACTOR DE CALIDAD (19 PTS)
A52: (i) implementación del programa de gerencia de proyectos (19) La entidad asignará 19 puntos, al proponente que se comprometa a instaurar un programa de gerencia de proyectos mediante la suscripción del Formato 7A – Programa de gerencia de proyectos, en el cual bajo la gravedad de juramento conste el compromiso que en este sentido asume. | M52: CUMPLE | O52: 19
A53: EMPRENDIMIENTO MUJERES
A54: Para que el Proponente obtenga este puntaje debe diligenciar el Formato 12 – Acreditación de emprendimientos y empresas de mujeres y aportar la documentación requerida. Tratándose de Proponentes Plurales este puntaje solo se otorgará si por lo menos uno de los integrantes acredita la calidad de emprendimientos y empresas de mujeres y tiene una participación igual o superior al diez por ciento (10 %) en el Consorcio o en la Unión Temporal. | M54: CUMPLE | O54: 0.25
A55: MiPYME
A56: Así las cosas, para obtener el puntaje, el Proponente entregará copia del certificado del Registro Único de Proponentes, el cual deberá encontrarse vigente y en firme al momento de su presentación Tratándose de Proponentes Plurales este puntaje se otorgará si por lo menos uno de los integrantes acredita la calidad de Mipyme y tiene una participación igual o superior al diez por ciento (10 %) en el Consorcio o en la Unión Temporal | M56: CUMPLE | O56: 0.25
A57: OBRAS CIVILES INCONCLUSAS
A58: Las Entidades Estatales deben consultar y analizar las anotaciones vigentes que reposen en el Registro Nacional de Obras Civiles Inconclusas, de que trata la Ley 2020 de 2020. En el evento que las personas naturales o jurídicas, nacionales o extranjeras domiciliadas o con sucursal en Colombia, o integrantes de Proponentes Plurales, cuenten con alguna anotación vigente de obra civil inconclusa, en el mencionado registro, se descontará un (1) punto de la sumatoria obtenida en relación con el factor de calidad. En todo caso, no se descontará el puntaje en los términos previstos en el inciso anterior cuando el Proponente no oferte el factor de calidad, por lo que éste obtendrá cero (0) puntos en este criterio de evaluación. En esta circunstancia, la Entidad no podrá reducir el puntaje de la sumatoria obtenida en los demás factores de ponderación. | O58: 0
A59: CUMPLE / NO CUMPLE | I59: CUMPLE | V59: 1995 | W59: 118934
A60: EVALUACION FINAL | I60: CUMPLE | M60: =+O56+O54+O52+M50+M44+O58 -> 40.5 | V60: 1994 | W60: 98700
A61: Observaciones: | V61: 1993 | W61: 81510
V62: 1992 | W62: 65190
V63: 1991 | W63: 51720
V64: 1990 | W64: 41025
A75: 3108041163 | B75: OBJETO | C75: REALIZAR EL MANTENIMIENTO DE LA INFRAESTRUCTURA FISICA LADO TIERRA, INCLUYENDO SISTEMAS AEROPORTUARIOS DEL AEROPUERTO VASQUEZ COBO DE LA CIUDAD DE LETICIA (VF)

Sheet 13
A1: UNIDAD ADMINISTRATIVA ESPECIAL DE AERONAUTICA CIVIL | U1: 1 | V1: 20 | W1: 5
A2: 24001240 H4 2024 | Q2: SI | R2: CUMPLE | U2: 0 | V2: 5 | W2: 0
A3: REALIZAR EL MANTENIMIENTO DE LA INFRAESTRUCTURA FISICA LADO TIERRA, INCLUYENDO SISTEMAS AEROPORTUARIOS DEL AEROPUERTO VASQUEZ COBO DE LA CIUDAD DE LETICIA (VF) | Q3: NO | R3: NO CUMPLE | V3: 0
A4: 13 | B4: =_xlfn.XLOOKUP(A4,RESUMEN!$A$3:$A$19,RESUMEN!$C$3:$C$19) -> CONSORCIO ALFA | F4: % PO | I4: APORTANTE DE LA EXPERIENCIA - GENERAL | P4: =+I4 -> APORTANTE DE LA EXPERIENCIA - GENERAL | R4: 10
I5: VÍAS Y CANALES S.A.S. NIT. 830.070.241-9 | O5: 0.75 | P5: =+I7 -> 0 | R5: 0
I6: OCTAVIO AUGUSTO MORALES AYALA C.C. 79.455.505 | O6: 0.25 | P6: =+I6 -> OCTAVIO AUGUSTO MORALES AYALA C.C. 79.455.505
P7: =+#REF! -> #REF!
F8: De 1 hasta 2 | H8: 0.75 | P8: =+I8 -> 0
F9: De 3 hasta 4 | H9: 1.2 | P9: =+I9 -> 0
F10: Hasta 5 | H10: 1.5 | I10: TOTAL | O10: =O6+O7+O5 -> 1
A11: CODIGOS | B11: 72121100 72151500 72103300 72121400 | C11: PRESUPUESTO A EVALUAR (P.O) | I11: 3108041163 | J11: PO SMMLV | M11: =I11/W13 -> 2390.8009 | R11: Registro Nacional de Obras Civiles Inconclusas
A13: REQUISITOS HABILITANTES (CUMPLE /NO CUMPLE) | V13: 2024 | W13: 1300000
A14: EXPERIENCIA GENERAL PROPONENTE
A15: OBRAS DE CONSTRUCCCION O RECONSTRUCCIÓN O AMPLIACIÓN O CONSERVACIÓN O ADECUACIÓN O MANTENIMIENTO O REFORZAMIENTO ESTRUCTURAL O REHABILITACIÓN ESTRUCTURAL DE: EDIFICACIONES NO RESIDENCIALES. | V15: 2023 | W15: 1160000
A16: % PO | B16: CTO´S | C16: No. CONSECUTIVO EN EL RUP | D16: CONTRATANTE | E16: INFO DEL CONTRATO | F16: PRESENTA DOCUMENTOS ENLISTADOS | G16: CUMPLE CODIGOS 72121100 72151500 72103300 72121400 | H16: CUMPLE EXPERIENCIA? | I16: QUIEN APORTA LA EXPERIENCIA? | J16: AÑO DE TERMINACION DEL CONTRATO | K16: VALOR TOTAL EN PESOS | L16: VALOR TOTAL SMMLV - RUP | M16: % PARTICIPACION | N16: VALOR TOTAL AFECTADO | O16: CUMPLE / NO CUMPLE | V16: 2022 | W16: 1000000
A17: =+M11*H8 -> 1793.1007 | B17: CTO 1 | C17: 8 | D17: HOSPITAL REGIONAL DE LIBANO TOLIMA ESE | E17: 203 DEL 14 DE SEPTIEMBRE 2009-ADECUACIÓN Y REMODELACIÓN DEL ÁREA DE URGENCIAS DEL HOSPITAL REGIONAL DEL LIBANO E.S.E. | F17: SI | G17: SI | H17: SI | I17: OCTAVIO AUGUSTO MORALES AYALA | J17: 16/12/2009 | L17: 1036.7 | M17: 0.95 | N17: =L17*M17 -> 984.865 | O17: =+IF(AND(H17="SI",G17="SI"),"CUMPLE","NO CUMPLE") -> CUMPLE | R17: =+N17/A17 -> 0.54925249 | V17: 2021 | W17: 908526
B18: CTO 2 | C18: 87 | D18: AERONAUTICA CIVIL | E18: 18000988 H4 DE 2018-ESTUDIOS, DISEÑOS Y CONSTRUCCIÓN DE LAS OBRAS PARA LA PUESTA EN FUNCIONAMIENTO DEL TERMINAL, TORRE DE CONTROL, CERRAMIENTO Y PTAR DEL AEROPUERTO ANTONIO NARIÑO DE PASTO | F18: SI | G18: SI | H18: SI | I18: VIAS Y CANALES S.A.S. | J18: 30/09/2019 | L18: 12670.38 | M18: 0.25 | N18: =L18*M18 -> 3167.595 | O18: =+IF(AND(H18="SI",G18="SI"),"CUMPLE","NO CUMPLE") -> CUMPLE | R18: =+N18/A17 -> 1.7665461
B19: CTO 3 | N19: =L19*M19 -> 0 | O19: =+IF(AND(H19="SI",G19="SI"),"CUMPLE","NO CUMPLE") -> NO CUMPLE | R19: =+N19/A17 -> 0 | T19: Ok | V19: 2020 | W19: 877803
B20: CTO 4 | N20: =IF(AND(G20="SI",H20="SI"),(L20*M20),0) -> 0 | O20: =+IF(AND(H20="SI",G20="SI"),"CUMPLE","NO CUMPLE") -> NO CUMPLE | V20: 2019 | W20: 828116
B21: CTO 5 | N21: =IF(AND(G21="SI",H21="SI"),(L21*M21),0) -> 0 | O21: =+IF(AND(H21="SI",G21="SI"),"CUMPLE","NO CUMPLE") -> NO CUMPLE | V21: 2018 | W21: 781242
B22: CTO 6 | N22: =IF(AND(G22="SI",H22="SI"),(L22*M22),0) -> 0 | O22: =+IF(AND(H22="SI",G22="SI"),"CUMPLE","NO CUMPLE") -> NO CUMPLE | V22: 2017 | W22: 737717
N23: =SUM(N17:N22) -> 4152.46 | O23: =+IF(OR(O18="CUMPLE",O22="CUMPLE",O21="CUMPLE",O20="CUMPLE",O19="CUMPLE",O17="CUMPLE")*AND(N23>=A17),"CUMPLE","NO CUMPLE") -> CUMPLE | V23: 2015 | W23: 644350
A24: EVALUACION EXPERIENCIA GENERAL PROPONENTE | V24: 2014 | W24: 616000
A25: EXPERIENCIA ESPECIFICA PROPONENTE | V25: 2007 | W25: 433700
A26: El valor del contrato en SMMLV de uno (1) de los contratos válidos aportados para la acreditación de la experiencia general, deberá ser igual o mayor al 50% del valor del PRESUPUESTO OFICIAL (PO) del presente Proceso de Contratación. Por lo menos uno (1) de los contratos válidos aportados como experiencia general deberá acreditar la CONSTRUCCCION O RECONSTRUCCIÓN O AMPLIACIÓN O CONSERVACIÓN O ADECUACIÓN O MANTENIMIENTO O REFORZAMIENTO ESTRUCTURAL O REHABILITACIÓN ESTRUCTURAL DE UNA TORRE DE CONTROL AEROPORTUARIA | S26: =+T26*0.9 -> 0 | T26: =+T25/W25 -> 0 | V26: 2023 | W26: 1160000
A27: 50% PO | B27: CTO´S | C27: No. CONSECUTIVO EN EL RUP | D27: CONTRATANTE | F27: PRESENTA DOCUMENTOS ENLISTADOS | G27: CUMPLE CODIGOS 72121100 72151500 72103300 72121400 | H27: CUMPLE EXPERIENCIA? | I27: QUIEN APORTA LA EXPERIENCIA? | J27: AÑO DE TERMINACION DEL CONTRATO | K27: VALOR TOTAL EN PESOS (2007) | L27: VALOR TOTAL SMMLV - RUP | M27: % PARTICIPACION | N27: VALOR TOTAL AFECTADO | O27: CUMPLE / NO CUMPLE | R27: =#REF!/2 -> #REF! | S27: 50% PO | V27: 2022 | W27: 1000000
A28: =A17*50% -> 896.55034 | B28: CTO 1 | C28: 87 | D28: AERONAUTICA CIVIL | E28: 18000988 H4 DE 2018-ESTUDIOS, DISEÑOS Y CONSTRUCCIÓN DE LAS OBRAS PARA LA PUESTA EN FUNCIONAMIENTO DEL TERMINAL, TORRE DE CONTROL, CERRAMIENTO Y PTAR DEL AEROPUERTO ANTONIO NARIÑO DE PASTO | F28: SI | G28: SI | H28: SI | I28: VIAS Y CANALES S.A.S. | J28: 30/09/2019 | L28: 12670.38 | M28: 0.25 | N28: =L28*M28 -> 3167.595 | O28: =+IF(AND(H28="SI",G28="SI"),"CUMPLE","NO CUMPLE") -> CUMPLE
B29: CTO 2 | N29: =L29*M29 -> 0 | O29: =+IF(AND(H29="SI",G29="SI"),"CUMPLE","NO CUMPLE") -> NO CUMPLE | R29: =+IF(OR(O29="CUMPLE")*AND(N29>=$R$16),"CUMPLE","NO CUMPLE") -> NO CUMPLE | V29: 2021 | W29: 908526
V30: 2015 | W30: 644350
A31: EVALUACION OFERTA ECONOMICA | N31: =SUM(N28) -> 3167.595 | O31: =+IF(OR(O29="CUMPLE",O28="CUMPLE")*AND(N31>=A28),"CUMPLE","NO CUMPLE") -> CUMPLE | V31: 2014 | W31: 616000
L33: PUNTAJE ASIGNADO | N33: 0 | O33: =O31 -> CUMPLE | V33: 2014 | W33: 616000
V34: 2012 | W34: 566700
V35: 2011 | W35: 535600
V36: 2010 | W36: 515000
V37: 2002 | W37: 309000
A38: EVALUACIÓN APOYO A LA INDUSTRIA NACIONAL( MAX 20 PUNTOS) NUMERAL 4.3. | V38: 2001 | W38: 286000
A39: SERVICIOS NACIONALES | C39: Para que el proponente obtenga puntaje por servicios nacionales debe presentar: A. Persona natural colombiana: La cédula de ciudadanía del proponente. B. Persona natural extranjera residente en Colombia: La visa de residencia que le permita la ejecución del objeto contractual de conformidad con la ley. C. Persona jurídica constituida en Colombia: el certificado de existencia y representación legal emitido por las Cámaras de Comercio. | M39: PUNTAJE ASIGNADO | V39: 2000 | W39: 260100
M40: CUMPLE | V40: 1999 | W40: 236438
V41: 1998 | W41: 203825
V42: 1997 | W42: 172005
A43: PROPONENTE EXTRANJERO PUNTAJE POR TRATO NACIONAL | C43: Para que el proponente extranjero obtenga puntaje por trato nacional debe acreditar que los servicios son originarios de los estados mencionados en la sección de acuerdos comerciales aplicables al presente proceso de contratación, información que se acreditará con los documentos que aporte el proponente extranjero para acreditar su domicilio. Para asignar el puntaje por servicios nacionales o por trato nacional el proponente nacional o extranjero con trato nacional no deben presentar el Formato 7 – Puntaje de Industria Nacional. Únicamente deberán presentar los documentos señalados en esta sección. | V43: 1996 | W43: 142125
M44: 20 | V44: 1996 | W44: 142125
C45: NOTA: La entidad asignará veinte (20) puntos a un proponente plural cuando todos sus integrantes cumplan con las anteriores condiciones. Cuando uno de sus integrantes no cumpla con las condiciones descritas no obtendrá puntaje por servicios nacionales o trato Nacional. El Formato 7 – Puntaje de Industria Nacional únicamente debe ser aportado por los proponentes extranjeros sin derecho a trato nacional que opten por incorporar personal calificado. En el evento que un proponente nacional o extranjero con trato nacional lo presente, no será una razón para no otorgar el puntaje de promoción de servicios nacionales o con trato nacional. | V45: 1996 | W45: 142125
V46: 2009 | W46: 496900
A47: EVALUACIÓN VINCULACIÓN DE PERSONAS CON DISCAPACIDAD. (MAX 1 PUNTO) NUMERAL 4.4. | V47: 2005 | W47: 381500
A48: La entidad asignará un (1) punto al proponente que acredite el número mínimo de personas con discapacidad de acuerdo con el número total de trabajadores de la planta de su personal en los términos señalados en el artículo 2.2.1.2.4.2.6. del Decreto 1082 de 2015 (adicionado por el Decreto 392 de 2018). | M48: PUNTAJE ASIGNADO | V48: 2004 | W48: 358000
A49: Para esto debe presentar: i) el Formato 6 – Vinculación de personas en condición de discapacidad suscrito por la persona natural, el representante legal o el revisor fiscal, según corresponda en el cual certifique el número total de trabajadores vinculados a la planta de personal del proponente o sus integrantes a la fecha de cierre del proceso de selección, ii) acreditar el número mínimo de personas con discapacidad en su planta de personal, de conformidad con lo señalado en el certificado expedido por el Ministerio de Trabajo, el cual deberá estar vigente a la fecha de cierre del proceso de selección. | M49: CUMPLE | V49: 2003 | W49: 332000
A50: Para los proponentes plurales, la entidad tendrá en cuenta la planta de personal del integrante del proponente plural que aporte como mínimo el cuarenta por ciento (40%) de la experiencia requerida para el proceso de contratación. Este porcentaje de experiencia se tomará sobre el “Valor mínimo a certificar (como % del presupuesto oficial expresado en SMMLV)” de conformidad con el numeral 3.8.1, sin importar si la experiencia es general o específica. | M50: 1 | V50: 2003 | W50: 332000
A51: FACTOR DE CALIDAD (19 PTS)
A52: (i) implementación del programa de gerencia de proyectos (19) La entidad asignará 19 puntos, al proponente que se comprometa a instaurar un programa de gerencia de proyectos mediante la suscripción del Formato 7A – Programa de gerencia de proyectos, en el cual bajo la gravedad de juramento conste el compromiso que en este sentido asume. | M52: CUMPLE | O52: 19
A53: EMPRENDIMIENTO MUJERES
A54: Para que el Proponente obtenga este puntaje debe diligenciar el Formato 12 – Acreditación de emprendimientos y empresas de mujeres y aportar la documentación requerida. Tratándose de Proponentes Plurales este puntaje solo se otorgará si por lo menos uno de los integrantes acredita la calidad de emprendimientos y empresas de mujeres y tiene una participación igual o superior al diez por ciento (10 %) en el Consorcio o en la Unión Temporal. | M54: CUMPLE | O54: 0.25
A55: MiPYME
A56: Así las cosas, para obtener el puntaje, el Proponente entregará copia del certificado del Registro Único de Proponentes, el cual deberá encontrarse vigente y en firme al momento de su presentación Tratándose de Proponentes Plurales este puntaje se otorgará si por lo menos uno de los integrantes acredita la calidad de Mipyme y tiene una participación igual o superior al diez por ciento (10 %) en el Consorcio o en la Unión Temporal | M56: CUMPLE | O56: 0.25
A57: OBRAS CIVILES INCONCLUSAS
A58: Las Entidades Estatales deben consultar y analizar las anotaciones vigentes que reposen en el Registro Nacional de Obras Civiles Inconclusas, de que trata la Ley 2020 de 2020. En el evento que las personas naturales o jurídicas, nacionales o extranjeras domiciliadas o con sucursal en Colombia, o integrantes de Proponentes Plurales, cuenten con alguna anotación vigente de obra civil inconclusa, en el mencionado registro, se descontará un (1) punto de la sumatoria obtenida en relación con el factor de calidad. En todo caso, no se descontará el puntaje en los términos previstos en el inciso anterior cuando el Proponente no oferte el factor de calidad, por lo que éste obtendrá cero (0) puntos en este criterio de evaluación. En esta circunstancia, la Entidad no podrá reducir el puntaje de la sumatoria obtenida en los demás factores de ponderación. | O58: 0
A59: CUMPLE / NO CUMPLE | I59: CUMPLE | V59: 1995 | W59: 118934
A60: EVALUACION FINAL | I60: CUMPLE | M60: =+O56+O54+O52+M50+M44+O58 -> 40.5 | V60: 1994 | W60: 98700
A61: Observaciones: | V61: 1993 | W61: 81510
V62: 1992 | W62: 65190
V63: 1991 | W63: 51720
V64: 1990 | W64: 41025
A75: 3108041163 | B75: OBJETO | C75: REALIZAR EL MANTENIMIENTO DE LA INFRAESTRUCTURA FISICA LADO TIERRA, INCLUYENDO SISTEMAS AEROPORTUARIOS DEL AEROPUERTO VASQUEZ COBO DE LA CIUDAD DE LETICIA (VF)

Sheet 14
A1: UNIDAD ADMINISTRATIVA ESPECIAL DE AERONAUTICA CIVIL | U1: 1 | V1: 20 | W1: 5
A2: 24001240 H4 2024 | Q2: SI | R2: CUMPLE | U2: 0 | V2: 5 | W2: 0
A3: REALIZAR EL MANTENIMIENTO DE LA INFRAESTRUCTURA FISICA LADO TIERRA, INCLUYENDO SISTEMAS AEROPORTUARIOS DEL AEROPUERTO VASQUEZ COBO DE LA CIUDAD DE LETICIA (VF) | Q3: NO | R3: NO CUMPLE | V3: 0
A4: 14 | B4: =_xlfn.XLOOKUP(A4,RESUMEN!$A$3:$A$19,RESUMEN!$C$3:$C$19) -> GRU S.A.S | F4: % PO | I4: APORTANTE DE LA EXPERIENCIA - GENERAL | P4: =+I4 -> APORTANTE DE LA EXPERIENCIA - GENERAL | R4: 10
I5: GRU S.A.S - NIT: 830128894-1 | O5: 1 | P5: =+I7 -> 0 | R5: 0
P6: =+I6 -> 0
P7: =+#REF! -> #REF!
F8: De 1 hasta 2 | H8: 0.75 | P8: =+I8 -> 0
F9: De 3 hasta 4 | H9: 1.2 | P9: =+I9 -> 0
F10: Hasta 5 | H10: 1.5 | I10: TOTAL | O10: =+SUM(O5:O9) -> 1
A11: CODIGOS | B11: 72121100 72151500 72103300 72121400 | C11: PRESUPUESTO A EVALUAR (P.O) | I11: 3108041163 | J11: PO SMMLV | M11: =I11/W13 -> 2390.8009 | R11: Registro Nacional de Obras Civiles Inconclusas
A13: REQUISITOS HABILITANTES (CUMPLE /NO CUMPLE) | V13: 2024 | W13: 1300000
A14: EXPERIENCIA GENERAL PROPONENTE
A15: OBRAS DE CONSTRUCCCION O RECONSTRUCCIÓN O AMPLIACIÓN O CONSERVACIÓN O ADECUACIÓN O MANTENIMIENTO O REFORZAMIENTO ESTRUCTURAL O REHABILITACIÓN ESTRUCTURAL DE: EDIFICACIONES NO RESIDENCIALES. | V15: 2023 | W15: 1160000
A16: % PO | B16: CTO´S | C16: No. CONSECUTIVO EN EL RUP | D16: CONTRATANTE | E16: INFO DEL CONTRATO | F16: PRESENTA DOCUMENTOS ENLISTADOS | G16: CUMPLE CODIGOS 72121100 72151500 72103300 72121400 | H16: CUMPLE EXPERIENCIA? | I16: QUIEN APORTA LA EXPERIENCIA? | J16: AÑO DE TERMINACION DEL CONTRATO | K16: VALOR TOTAL EN PESOS | L16: VALOR TOTAL SMMLV - RUP | M16: % PARTICIPACION | N16: VALOR TOTAL AFECTADO | O16: CUMPLE / NO CUMPLE | V16: 2022 | W16: 1000000
A17: =+M11*H8 -> 1793.1007 | B17: CTO 1 | C17: 183 | D17: CONSEJO SUPERIOR DE LA JUDICATURA | E17: Realizar las obras de construcción de la Sede de los Despachos Judiciales de Los Patios Norte de Santander | F17: SI | G17: SI | H17: si | I17: GRU S.A.S | J17: 43857 | K17: =L17*W19 -> 7.1162611e+09 | L17: 8106.9 | M17: 1 | N17: =L17*M17 -> 8106.9 | O17: =+IF(AND(H17="SI",G17="SI"),"CUMPLE","NO CUMPLE") -> CUMPLE | V17: 2021 | W17: 908526
B18: CTO 2 | C18: 12 | D18: AEROCIVIL | E18: contratar la construcción de la torre de control y electrificación con red comercial del aeropuerto Germán Olano de Puerto Carreño | F18: SI | G18: SI | H18: SI | I18: GRU S.A.S | J18: 40938 | K18: =$L$18*$W$34 -> 1175902500 | L18: 2075 | M18: 0.8 | N18: =L18*M18 -> 1660 | O18: =+IF(AND(H18="SI",G18="SI"),"CUMPLE","NO CUMPLE") -> CUMPLE
B19: CTO 3 | N19: =L19*M19 -> 0 | O19: =+IF(AND(H19="SI",G19="SI"),"CUMPLE","NO CUMPLE") -> NO CUMPLE | V19: 2020 | W19: 877803
B20: CTO 4 | N20: =IF(AND(G20="SI",H20="SI"),(L20*M20),0) -> 0 | O20: =+IF(AND(H20="SI",G20="SI"),"CUMPLE","NO CUMPLE") -> NO CUMPLE | V20: 2019 | W20: 828116
B21: CTO 5 | N21: =IF(AND(G21="SI",H21="SI"),(L21*M21),0) -> 0 | O21: =+IF(AND(H21="SI",G21="SI"),"CUMPLE","NO CUMPLE") -> NO CUMPLE | V21: 2018 | W21: 781242
B22: CTO 6 | N22: =IF(AND(G22="SI",H22="SI"),(L22*M22),0) -> 0 | O22: =+IF(AND(H22="SI",G22="SI"),"CUMPLE","NO CUMPLE") -> NO CUMPLE | V22: 2017 | W22: 737717
N23: =SUM(N17:N22) -> 9766.9 | O23: =+IF(OR(O18="CUMPLE",O22="CUMPLE",O21="CUMPLE",O20="CUMPLE",O19="CUMPLE",O17="CUMPLE")*AND(N23>=A17),"CUMPLE","NO CUMPLE") -> CUMPLE | V23: 2015 | W23: 644350
A24: EVALUACION EXPERIENCIA GENERAL PROPONENTE | V24: 2014 | W24: 616000
A25: EXPERIENCIA ESPECIFICA PROPONENTE | V25: 2007 | W25: 433700
A26: El valor del contrato en SMMLV de uno (1) de los contratos válidos aportados para la acreditación de la experiencia general, deberá ser igual o mayor al 50% del valor del PRESUPUESTO OFICIAL (PO) del presente Proceso de Contratación. Por lo menos uno (1) de los contratos válidos aportados como experiencia general deberá acreditar la CONSTRUCCCION O RECONSTRUCCIÓN O AMPLIACIÓN O CONSERVACIÓN O ADECUACIÓN O MANTENIMIENTO O REFORZAMIENTO ESTRUCTURAL O REHABILITACIÓN ESTRUCTURAL DE UNA TORRE DE CONTROL AEROPORTUARIA | V26: 2023 | W26: 1160000
A27: 50% PO | B27: CTO´S | C27: No. CONSECUTIVO EN EL RUP | D27: CONTRATANTE | F27: PRESENTA DOCUMENTOS ENLISTADOS | G27: CUMPLE CODIGOS 72121100 72151500 72103300 72121400 | H27: CUMPLE EXPERIENCIA? | I27: QUIEN APORTA LA EXPERIENCIA? | J27: AÑO DE TERMINACION DEL CONTRATO | K27: VALOR TOTAL EN PESOS (2007) | L27: VALOR TOTAL SMMLV - RUP | M27: % PARTICIPACION | N27: VALOR TOTAL AFECTADO | O27: CUMPLE / NO CUMPLE | V27: 2022 | W27: 1000000
A28: =A17*50% -> 896.55034 | B28: CTO 1 | C28: 12 | D28: AEROCIVIL | E28: contratar la construcción de la torre de control y electrificación con red comercial del aeropuerto Germán Olano de Puerto Carreño | F28: SI | G28: SI | H28: SI | I28: GRU S.A.S | J28: 40938 | K28: =$L$18*$W$34 -> 1175902500 | L28: 2075 | M28: 0.8 | N28: =L28*M28 -> 1660 | O28: =+IF(AND(H28="SI",G28="SI"),"CUMPLE","NO CUMPLE") -> CUMPLE
B29: CTO 2 | C29: 183 | D29: CONSEJO SUPERIOR DE LA JUDICATURA | E29: Realizar las obras de construcción de la Sede de los Despachos Judiciales de Los Patios Norte de Santander | F29: SI | G29: SI | H29: si | I29: GRU S.A.S | J29: 43857 | K29: =L29*W31 -> 4993850400 | L29: 8106.9 | M29: 1 | N29: =L29*M29 -> 8106.9 | O29: =+IF(AND(H29="SI",G29="SI"),"CUMPLE","NO CUMPLE") -> CUMPLE | R29: =+IF(OR(O29="CUMPLE")*AND(N29>=$R$16),"CUMPLE","NO CUMPLE") -> CUMPLE | V29: 2021 | W29: 908526
V30: 2015 | W30: 644350
A31: EVALUACION OFERTA ECONOMICA | N31: =SUM(N29) -> 8106.9 | O31: =+IF(AND(O29="CUMPLE",O28="CUMPLE")*AND(N31>=A28),"CUMPLE","NO CUMPLE") -> CUMPLE | V31: 2014 | W31: 616000
L33: PUNTAJE ASIGNADO | N33: 0 | O33: =O31 -> CUMPLE | V33: 2014 | W33: 616000
V34: 2012 | W34: 566700
V35: 2011 | W35: 535600
V36: 2010 | W36: 515000
V37: 2002 | W37: 309000
A38: EVALUACIÓN APOYO A LA INDUSTRIA NACIONAL( MAX 20 PUNTOS) NUMERAL 4.3. | V38: 2001 | W38: 286000
A39: SERVICIOS NACIONALES | C39: Para que el proponente obtenga puntaje por servicios nacionales debe presentar: A. Persona natural colombiana: La cédula de ciudadanía del proponente. B. Persona natural extranjera residente en Colombia: La visa de residencia que le permita la ejecución del objeto contractual de conformidad con la ley. C. Persona jurídica constituida en Colombia: el certificado de existencia y representación legal emitido por las Cámaras de Comercio. | M39: PUNTAJE ASIGNADO | V39: 2000 | W39: 260100
M40: CUMPLE | V40: 1999 | W40: 236438
V41: 1998 | W41: 203825
V42: 1997 | W42: 172005
